Workbook
Name a1_Y1: [1]CONFIGURACIÓN!$D$17
Name a1_Y2: [1]CONFIGURACIÓN!$E$17
Name a10_Y10: [1]CONFIGURACIÓN!$M$26
Name a10_Y11: [1]CONFIGURACIÓN!$N$26
Name a2_Y2: [1]CONFIGURACIÓN!$E$18
Name a2_Y3: [1]CONFIGURACIÓN!$F$18
Name a3_Y3: [1]CONFIGURACIÓN!$F$19
Name a3_Y4: [1]CONFIGURACIÓN!$G$19
Name a4_Y4: [1]CONFIGURACIÓN!$G$20
Name a4_Y5: [1]CONFIGURACIÓN!$H$20
Name a5_Y5: [1]CONFIGURACIÓN!$H$21
Name a5_Y6: [1]CONFIGURACIÓN!$I$21
Name a6_Y6: [1]CONFIGURACIÓN!$I$22
Name a6_Y7: [1]CONFIGURACIÓN!$J$22
Name a7_Y7: [1]CONFIGURACIÓN!$J$23
Name a7_Y8: [1]CONFIGURACIÓN!$K$23
Name a8_Y8: [1]CONFIGURACIÓN!$K$24
Name a8_Y9: [1]CONFIGURACIÓN!$L$24
Name a9_Y10: [1]CONFIGURACIÓN!$M$25
Name a9_Y9: [1]CONFIGURACIÓN!$L$25
Name año1: [1]CONFIGURACIÓN!$F$9
Name CALENDARIO: [1]CALENDARIO!$B$6:$H$161
Name Decision: [2]lista!$A$6:$A$7
Name EUR: '[1]DATOS ENTRADA'!$E$2
Name fecha_fin_servicio: [1]CONFIGURACIÓN!$C$10
Name fecha_inicio_servicio: [1]CONFIGURACIÓN!$C$9
Name horas_jornada: [1]CONFIGURACIÓN!$C$12
Name horas_ubicacion1: [1]CONFIGURACIÓN!$C$47
Name horas_ubicacion2: [1]CONFIGURACIÓN!$C$48
Name horas_ubicacion3: [1]CONFIGURACIÓN!$C$49
Name horas_ubicacion4: [1]CONFIGURACIÓN!$C$50
Name horas_ubicacion5: [1]CONFIGURACIÓN!$C$51
Name horas_ubicacion6: [1]CONFIGURACIÓN!$C$52
Name horas_ubicacion7: [1]CONFIGURACIÓN!$C$53
Name Info_Prazo_do_contrato: [3]Seletor!$C$13
Name lista_hnp: '[1]COSTES NO SSPP'!$B$24:$B$33
Name lista_lineas_reparto: '[1]HW&SW'!$C$314:$C$324
Name lista_localizaciones: [1]CONFIGURACIÓN!$B$47:$B$53
Name lista_paises: '[1]DATOS MAESTROS'!$B$13:$B$39
Name lista_perfiles_esp: [1]TASAS!$D$7:$D$198
Name lista_perfiles_resto: [1]TASAS!$B$330:$B$450
Name margen: '[1]Cash Flow (COP)'!$O$68
Name markup_infra: [1]DASHBOARD!$D$20
Name mes_inicio_servicio: MONTH([1]CONFIGURACIÓN!$C$9)
Name meses_a1: [1]CONFIGURACIÓN!$D$29
Name meses_a10: [1]CONFIGURACIÓN!$M$29
Name meses_a11: [1]CONFIGURACIÓN!$N$29
Name meses_a2: [1]CONFIGURACIÓN!$E$29
Name meses_a3: [1]CONFIGURACIÓN!$F$29
Name meses_a4: [1]CONFIGURACIÓN!$G$29
Name meses_a5: [1]CONFIGURACIÓN!$H$29
Name meses_a6: [1]CONFIGURACIÓN!$I$29
Name meses_a7: [1]CONFIGURACIÓN!$J$29
Name meses_a8: [1]CONFIGURACIÓN!$K$29
Name meses_a9: [1]CONFIGURACIÓN!$L$29
Name meses_servicio: [1]CONFIGURACIÓN!$C$8
Name MTC: '[4]Cons Cotizac - Examenes médicos'!$M$12:$R$12
Name PARTICIPACION: [2]lista!$A$15:$A$17
Name penal_1: [1]PARÁMETROS!$C$70
Name penal_10: [1]PARÁMETROS!$C$79

Sheet LISTADO INSUMOS
B2: SALARIO MINIMO | C2: =1160000+140606 -> 1300606
B4: MANO DE OBRA TRABAJADOR
B5: CARGO | C5: JORNAL | D5: PRESTACIONES | E5: TOTAL DIARIO | F5: UNIDAD DE MEDIDA | G5: VALOR UNITARIO HORA
B6: AYUDANTE ARBAÑILERIA | C6: =+C2/30 -> 43353.533 | D6: 1.8 | E6: =+C6*D6 -> 78036.36 | F6: HORA | G6: =+E6/8 -> 9754.545
B7: OFICIAL ALBAÑILERIA | C7: =+(C2+(C2*80%))/30 -> 78036.36 | D7: 1.8 | E7: =+C7*D7 -> 140465.45 | F7: HORA | G7: =+E7/8 -> 17558.181
B8: AYUDANTE ELÉCTRICO | C8: =+(C2+(C2*15%))/30 -> 49856.563 | D8: 1.8 | E8: =+C8*D8 -> 89741.814 | F8: HORA | G8: =+E8/8 -> 11217.727
B9: OFICIAL ELECTRICO | C9: =+(C2+(C2*85%))/30 -> 80204.037 | D9: 1.8 | E9: =+C9*D9 -> 144367.27 | F9: HORA | G9: =+E9/8 -> 18045.908
B10: AYUDANTE METALISTERIA | C10: =+(C2+(C2*15%))/30 -> 49856.563 | D10: 1.8 | E10: =+C10*D10 -> 89741.814 | F10: HORA | G10: =+E10/8 -> 11217.727
B11: OFICIAL METALISTERIA | C11: =+(C2+(C2*85%))/30 -> 80204.037 | D11: 1.8 | E11: =+C11*D11 -> 144367.27 | F11: HORA | G11: =+E11/8 -> 18045.908
B12: AYUDANTE PINTURA | C12: =+(C2+(C2*15%))/30 -> 49856.563 | D12: 1.8 | E12: =+C12*D12 -> 89741.814 | F12: HORA | G12: =+E12/8 -> 11217.727
B13: OFICIAL PINTURA | C13: =+(C2+(C2*90%))/30 -> 82371.713 | D13: 1.8 | E13: =+C13*D13 -> 148269.08 | F13: HORA | G13: =+E13/8 -> 18533.636
B15: HERRAMIENTA MENOR
B16: HERRAMIENTA MENOR | C16: =180000/100 -> 1800
B18: LISTA DE EQUIPOS
B19: DESCRIPCIÓN EQUIPO | C19: UNIDAD DE MEDIDA | D19: TARIFA OPERATIVA
B20: VOLQUETA 5 M3 | C20: VJE | D20: 450000
B21: ANDAMIO METALICO TUBULAR | C21: U/D | D21: 3500
B22: CRUCETA ANDAMIO | C22: DIA | D22: 200
B23: HIDROLAVADORA CHORRO PRESION-AUTONOMA | C23: DIA | D23: 250000
B24: EQUIPO DE SOLDADURA | C24: DIA | D24: 60000
B25: EQUIPO OXICORTE | C25: DIA | D25: 70000
B26: ROTOMARTILLO 8-10 JLS | C26: DIA | D26: 70000
B27: CORTADORA CERAMICA | C27: DIA | D27: 32000
B28: VIBROCOMPACTADOR TIPO RANA | C28: DIA | D28: 45000

Sheet CUADRO DE RENDIMIENTOS
D2: PLAZO DE EJECUCIÓN CONTRATUAL | F2: 60 DIAS CALENDARIO | G2: TIPOS DE CUADRILLA
G3: ALBAÑILERIA | I3: A
G4: ELECTRICA | I4: E
G5: METALISTERIA | I5: M
G6: PINTURA | I6: P
G7: HIDROSANITARIO | I7: H
G8: INGENIERO | I8: ING
B9: Ítem | C9: Descripción | D9: Unidad | E9: Cantidad | F9: Rendimientos | G9: TIPO DE CUADRILLA | H9: Oficiales Disponibles | I9: Ayudantes disponibles | J9: Duración calculada | K9: Duración calculada (dias) | L9: Duracion ajustada (dias)
C10: CUBIERTAS
B11: 1 | C11: PRELIMINARES
B12: 1.1 | C12: DESMONTE DE IMPERMEABILIZACIÓN DE CUBIERTAS EN CUALQUIER MATERIAL INCLUYE EQUIPOS, HERRAMIENTAS Y TODO LOS ELEMENTOS NECESARIOS PARA SU CORRECTA EJECUCION. | D12: M2 | E12: 580 | F12: 0.2 | G12: A | I12: 2 | J12: =+(E12*F12)/(H12+I12) -> 58 | K12: =+J12/8 -> 7.25 | L12: 8
B13: 1.2 | C13: DEMOLICION CIELO RASO EN CUALQUIER MATERIAL, INCLUYE EQUIPOS, HERRAMIENTAS Y TODO LOS ELEMENTOS NECESARIOS PARA SU CORRECTA EJECUCION. | D13: M2 | E13: 30 | F13: 0.1 | G13: A | I13: 2 | J13: =+(E13*F13)/(H13+I13) -> 1.5 | K13: =+J13/8 -> 0.1875 | L13: 1
B14: 1.3 | C14: RETIRO DE ESCOMBROS, INCLUYE CARGUE Y RETIRO A SITIO AUTORIZADO | D14: M3 | E14: 18 | F14: 2 | G14: A | I14: 2 | J14: =+(E14*F14)/(H14+I14) -> 18 | K14: =+J14/8 -> 2.25 | L14: 3
B15: 2 | C15: ACABADOS
B16: 2.1 | C16: CIELO FALSO EN LAMINA DE DRYWALL 12 MM TERMINADO. INCLUYE HERRAMIENTAS Y EQUIPOS NECESARIOS PARA SU CORRECTA INSTALACION. | D16: M2 | E16: 100 | F16: 0.55 | G16: A | H16: 1 | I16: 1 | J16: =+(E16*F16)/(H16+I16) -> 27.5 | K16: =+J16/8 -> 3.4375 | L16: 4
B17: 3 | C17: CUBIERTAS
B18: 3.1 | C18: IMPERMEABILIZACION CUBIERTAS (BICAPA MANTO ASFÁLTICO 6,2MM) | D18: M2 | E18: 580 | F18: 0.5 | G18: A | H18: 1 | I18: 2 | J18: =+(E18*F18)/(H18+I18) -> 96.666667 | K18: =+J18/8 -> 12.083333 | L18: 13
B19: 3.2 | C19: CIELO RASO ACRILICO DE 60 X1.20 CM | D19: UN | E19: 6 | F19: 0.35 | G19: A | H19: 1 | J19: =+(E19*F19)/(H19+I19) -> 2.1 | K19: =+J19/8 -> 0.2625 | L19: 1
B20: 3.3 | C20: FLANCHE EN LAMINA GALVANIZADA | D20: ML | E20: 60 | F20: 0.25 | G20: A | H20: 1 | I20: 1 | J20: =+(E20*F20)/(H20+I20) -> 7.5 | K20: =+J20/8 -> 0.9375 | L20: 1
B21: 3.4 | C21: LIMPIEZA Y MANTENIMIENTO DE CANALES Y BAJANTES. | D21: ML | E21: 190 | F21: 0.25 | G21: A | I21: 2 | J21: =+(E21*F21)/(H21+I21) -> 23.75 | K21: =+J21/8 -> 2.96875 | L21: 3
B22: 3.5 | C22: DESMONTE DE REMATE EN TEJA DE ZINC. (Caras laterales fachada occidental) . | D22: ML | E22: 21.16 | F22: 0.1 | G22: A | I22: 1 | J22: =+(E22*F22)/(H22+I22) -> 2.116 | K22: =+J22/8 -> 0.2645 | L22: 1
B23: 3.6 | C23: SUMINISTRO E INSTALACIÓN FLANCHE EN LAMINA ALVANIZADA CALIBRE 20; DS=25- TIPO A (Fachada occidental). Incluye accesorios de anclaje y tapas laterales. | D23: ML | E23: 21.16 | F23: 0.25 | G23: A | H23: 1 | I23: 1 | J23: =+(E23*F23)/(H23+I23) -> 2.645 | K23: =+J23/8 -> 0.330625 | L23: 1
B24: 3.7 | C24: SUMINISTRO E INSTALACIÓN FLANCHE EN LAMINA GALVANIZADA CALIBRE 20; DS=25 - TIPO B (Fachada norte). Incluye accesorios de anclaje y tapas laterales | D24: ML | E24: 47.82 | F24: 0.25 | G24: A | H24: 1 | I24: 1 | J24: =+(E24*F24)/(H24+I24) -> 5.9775 | K24: =+J24/8 -> 0.7471875 | L24: 1
B25: 3.8 | C25: Suministro de andamios certificados altura aproximada 14 m (6 secciones de 2 m). Incluye transporte. | D25: SEMANA | E25: 14 | F25: 1 | G25: A | I25: 1 | J25: =+(E25*F25)/(H25+I25) -> 14 | K25: =+J25/8 -> 1.75 | L25: 2
C26: PINTURA EN ALTURA
B27: 1 | C27: PRELIMINARES
B28: 1.1 | C28: PINTURA INTERIOR EN VINILO TIPO 1 CON 3 MANOS DE PINTURA, INCLUYE FILOS, DILATACIONES Y RESANES, ANDAMIOS Y HERRAMIENTAS NECESARIAS PARA SU CORRECTA EJECUCION. | D28: M2 | E28: 800 | F28: 0.4 | G28: P | H28: 2 | I28: 1 | J28: =+(E28*F28)/(H28+I28) -> 106.66667 | K28: =+J28/8 -> 13.333333 | L28: 14
B29: 1.2 | C29: APLICACION DE IMPERMEABILIZANTE ACRILICO EN MUROS PARA TANQUE SUBTERRANEO, CON DOS MANOS DE IMPRIMACION DEL PRODUCTO. INCLUYE TODOS LOS ELEMENTOS NECESARIOS PARA SU CORRECTA APLICACIÓN. | D29: M2 | E29: 45 | F29: 0.2 | G29: P | H29: 1 | I29: 1 | J29: =+(E29*F29)/(H29+I29) -> 4.5 | K29: =+J29/8 -> 0.5625 | L29: 1
C30: PISOS Y COCINA
B31: 1 | C31: PRELIMINARES
B32: 1.1 | C32: DEMOLICIONES DE ENCHAPES DE PISO Y MURO INCLUYE HERRAMIENTAS Y EQUIPOS NECESARIOS PARA SU CORRECTA INSTALACION. | D32: M2 | E32: 60 | F32: 0.35 | G32: A | I32: 1 | J32: =+(E32*F32)/(H32+I32) -> 21 | K32: =+J32/8 -> 2.625 | L32: 3
B33: 1.2 | C33: DEMOLICION MESÓN CORRIDO (INC. RETIRO DE SOBR.) INCLUYE EQUIPOS, HERRAMIENTAS Y TODO LOS ELEMENTOS NECESARIOS PARA SU CORRECTA EJECUCION. | D33: M2 | E33: 1 | F33: 0.35 | G33: A | I33: 1 | J33: =+(E33*F33)/(H33+I33) -> 0.35 | K33: =+J33/8 -> 0.04375 | L33: 1
B34: 1.3 | C34: RETIRO DE ESCOMBROS, INCLUYE CARGUE Y RETIRO A SITIO AUTORIZADO | D34: M3 | E34: 2 | F34: 2 | G34: A | I34: 1 | J34: =+(E34*F34)/(H34+I34) -> 4 | K34: =+J34/8 -> 0.5 | L34: 1
B35: 2 | C35: MUROS Y MUEBLES
B36: 2.1 | C36: SUMINISTRO E INSTALACION DE ENCHAPE CERAMICO PARA MUROS 25X43 CM COLOR A ELECCION ACABADO BRILLANTE INCLUYE PREGANTE CERAMICO, EMBOQUILLADO, HERRAMIENTAS Y EQUIPOS NECESARIOS PARA SU CORRECTA INSTALACION. | D36: M2 | E36: 60 | F36: 1.2 | G36: A | H36: 1 | I36: 1 | J36: =+(E36*F36)/(H36+I36) -> 36 | K36: =+J36/8 -> 4.5 | L36: 5
B37: 2.2 | C37: SUMINISTRO E INSTALACION DE MESON PARA COCINA EN ACERO INOXIDABLE CALIBRE 16 DE L = 1,80 M CON SALPICADERO. INCLUYE HERRAMIENTAS Y EQUIPOS NECESARIOS PARA SU CORRECTA INSTALACION. | D37: UN | E37: 1 | F37: 150 | G37: M | H37: 1 | I37: 1 | J37: =+(E37*F37)/(H37+I37) -> 75 | K37: =+J37/8 -> 9.375 | L37: 10
C38: HIDROSANITARIO
B39: 1 | C39: PRELIMINARES
B40: 1.1 | C40: DEMOLICIONES DE ENCHAPES DE PISO Y MURO INCLUYE HERRAMIENTAS Y EQUIPOS NECESARIOS PARA SU CORRECTA INSTALACION. | D40: M2 | E40: 60 | F40: 0.35 | G40: A | I40: 1 | J40: =+(E40*F40)/(H40+I40) -> 21 | K40: =+J40/8 -> 2.625 | L40: 3
B41: 1.2 | C41: DESMONTE DE LAVAMANOS Y SANITARIOS (INC. RETIRO DE SOBR.) INCLUYE HERRAMIENTAS Y EQUIPOS NECESARIOS PARA SU CORRECTA INSTALACION. | D41: UN | E41: 12 | F41: 1 | G41: A | I41: 1 | J41: =+(E41*F41)/(H41+I41) -> 12 | K41: =+J41/8 -> 1.5 | L41: 2
B42: 1.3 | C42: DEMOLICION PAÑETES (INC. RETIRO DE SOBR.) INCLUYE EQUIPOS, HERRAMIENTAS Y TODO LOS ELEMENTOS NECESARIOS PARA SU CORRECTA EJECUCION. | D42: M2 | E42: 24 | F42: 0.25 | G42: A | I42: 1 | J42: =+(E42*F42)/(H42+I42) -> 6 | K42: =+J42/8 -> 0.75 | L42: 1
B43: 1.4 | C43: DEMOLICION CIELO RASO FALSO (INC. RETIRO DE SOBR.) INCLUYE EQUIPOS, HERRAMIENTAS Y TODO LOS ELEMENTOS NECESARIOS PARA SU CORRECTA EJECUCION. | D43: M2 | E43: 24 | F43: 0.1 | G43: A | I43: 1 | J43: =+(E43*F43)/(H43+I43) -> 2.4 | K43: =+J43/8 -> 0.3 | L43: 1
B44: 1.5 | C44: RETIRO DE ESCOMBROS, INCLUYE CARGUE Y RETIRO A SITIO AUTORIZADO | D44: M3 | E44: 6 | F44: 2 | G44: A | I44: 1 | J44: =+(E44*F44)/(H44+I44) -> 12 | K44: =+J44/8 -> 1.5 | L44: 2
B45: 2 | C45: MUROS Y ACABADOS
B46: 2.1 | C46: CIELO FALSO EN LAMINA DE DRYWALL 12 MM TERMINADO. INCLUYE HERRAMIENTAS Y EQUIPOS NECESARIOS PARA SU CORRECTA INSTALACION. | D46: M2 | E46: 24 | F46: 0.55 | G46: A | H46: 1 | I46: 1 | J46: =+(E46*F46)/(H46+I46) -> 6.6 | K46: =+J46/8 -> 0.825 | L46: 1
B47: 2.2 | C47: SUMINISTRO E INSTALACION DE ENCHAPE CERAMICO PARA MUROS 25X43 CM COLOR A ELECCION ACABADO BRILLANTE INCLUYE PREGANTE CERAMICO, EMBOQUILLADO, HERRAMIENTAS Y EQUIPOS NECESARIOS PARA SU CORRECTA INSTALACION. | D47: M2 | E47: 60 | F47: 1.2 | G47: A | H47: 1 | I47: 1 | J47: =+(E47*F47)/(H47+I47) -> 36 | K47: =+J47/8 -> 4.5 | L47: 5
B48: 2.3 | C48: SUMINISTRO E INSTALACIÓN DE COMBO SAN GIORGIO BLANCO (SANITARIO Y LAVAMANOS) O SIMILAR.INCLUYE TUBERIA Y TODOS LOS ACCESORIOS, EQUIPOS Y HERRAMIENTAS NECESARIAS PARA SU CORRECTA INSTALACION. | D48: UN | E48: 12 | F48: 1 | G48: H | H48: 1 | I48: 1 | J48: =+(E48*F48)/(H48+I48) -> 6 | K48: =+J48/8 -> 0.75 | L48: 1
B49: 2.4 | C49: SUMINISTRO E INSTALACION DE ORINAL BLANCO TIPO INSTITUCIONAL. INCLUYE TUBERIA, ACCESORIOS Y TODOS LOS ELEMENTOS NECESARIOS PARA SU CORRECTA INSTALACION. | D49: UN | E49: 4 | F49: 1 | G49: H | H49: 1 | I49: 1 | J49: =+(E49*F49)/(H49+I49) -> 2 | K49: =+J49/8 -> 0.25 | L49: 1
B50: 3 | C50: INSTALACIONES HIDROSANITARIAS
B51: 3.1 | C51: SUMINISTRO E INSTALACION DE ACOMETIDA PVC AGUA POTABLE Ø 1" (INC. ACCESORIOS) | D51: ML | E51: 100 | F51: 0.4 | G51: H | H51: 1 | I51: 1 | J51: =+(E51*F51)/(H51+I51) -> 20 | K51: =+J51/8 -> 2.5 | L51: 3
B52: 3.2 | C52: ACOMETIDA PVC DESAGUES DE 3" (INC. ACCESORIOS) | D52: ML | E52: 60 | F52: 0.4 | G52: H | H52: 1 | I52: 1 | J52: =+(E52*F52)/(H52+I52) -> 12 | K52: =+J52/8 -> 1.5 | L52: 2
B53: 3.3 | C53: DIAGNOSTICO (PERITAJE) HIDROSANITARIO, PARA HALLAR SOLUCIONES ESPECIFICAS DE FUGAS EN ALOJAMIENTOS USADOS PARA INTERNAMIENTO PREVENTIVO, CORRESPONDENCIA CESPA, DOS BAÑOS Y UN ARCHIVO UBICADOS EN FISCALIA. | D53: GL | E53: 1 | F53: 15 | G53: H | H53: 1 | J53: =+(E53*F53)/(H53+I53) -> 15 | K53: =+J53/8 -> 1.875 | L53: 2
C54: INSTALACIONES ELÉCTRICAS
B55: 1 | C55: PRELIMINARES
B56: 1.1 | C56: DEMOLICION PAÑETES (INC. RETIRO DE SOBR.) INCLUYE EQUIPOS, HERRAMIENTAS Y TODO LOS ELEMENTOS NECESARIOS PARA SU CORRECTA EJECUCION. | D56: M2 | E56: 12 | F56: 0.25 | G56: A | I56: 1 | J56: =+(E56*F56)/(H56+I56) -> 3 | K56: =+J56/8 -> 0.375 | L56: 1
B57: 1.2 | C57: DEMOLICION CIELO RASO FALSO (INC. RETIRO DE SOBR.) INCLUYE EQUIPOS, HERRAMIENTAS Y TODO LOS ELEMENTOS NECESARIOS PARA SU CORRECTA EJECUCION. | D57: M2 | E57: 12 | F57: 0.1 | G57: A | I57: 1 | J57: =+(E57*F57)/(H57+I57) -> 1.2 | K57: =+J57/8 -> 0.15 | L57: 1
B58: 1.3 | C58: RETIRO DE ESCOMBROS, INCLUYE CARGUE Y RETIRO A SITIO AUTORIZADO | D58: M3 | E58: 2 | F58: 2 | G58: A | I58: 1 | J58: =+(E58*F58)/(H58+I58) -> 4 | K58: =+J58/8 -> 0.5 | L58: 1
B59: 2 | C59: CUBIERTAS
B60: 2.1 | C60: SUMINISTRO, INSTALACIÓN DE SALIDA DE ILUMINACIÓN PROMEDIO 6 M DE LONGITUD, INCLUYE TUBERÍA TIPO E.M.T, INTERRUPTOR, RESANES. CONDUCTOR CALIBRE 12 AWG, THWN/THHW, HILO DE CONTINUIDAD, CAJAS GALVANIZADA Y ACCESORIOS. INCLUYE ACCESORIOS, HERRAMIENTOS, EQUIPOS Y TODOS LOS ELEMENTOS NECESARIOS PARA SU CORRECTA INSTALACION. | D60: UN | E60: 12 | F60: 4 | G60: E | H60: 1 | J60: =+(E60*F60)/(H60+I60) -> 48 | K60: =+J60/8 -> 6 | L60: 6
B61: 2.2 | C61: SUMINISTRO E INSTALACION DE TABLERO DE 12 CIRCUITOS BIFASICO CON PUERTA, INCLUYE BREAKERS, HERRAMIENTAS Y EQUIPOS NECESARIOS PARA SU CORRECTA INSTALACION. | D61: UN | E61: 1 | F61: 0.45 | G61: E | H61: 1 | J61: =+(E61*F61)/(H61+I61) -> 0.45 | K61: =+J61/8 -> 0.05625 | L61: 1
B62: 2.3 | C62: SUMINISTRO E INSTALACIÓN PANEL TIPO LED 60X60 CM DE 48W, 120 VOLTIOS INCLUYE ACCESORIOS, HERRAMIENTAS Y EQUIPOS NECESARIOS PARA SU CORRECTA INSTALACION. | D62: UN | E62: 12 | F62: 0.35 | G62: E | H62: 1 | J62: =+(E62*F62)/(H62+I62) -> 4.2 | K62: =+J62/8 -> 0.525 | L62: 1
B63: 2.4 | C63: SUMINISTRO E INSTALACIÓN DE ACOMETIDA ELÉCTRICA 1#12 + 1#12 + 1#12T EN CABLE AWG THHN DESDE TABLERO DE DISTRIBUCIÓN POR TUBERÍA EXISTENTE. INCLUYE BKEAKER 2X30 AMPERIOS, CONECTORES ROSCADOS Y ACCESORIOS. | D63: ML | E63: 60 | F63: 0.35 | G63: E | H63: 1 | J63: =+(E63*F63)/(H63+I63) -> 21 | K63: =+J63/8 -> 2.625 | L63: 3
B64: 2.5 | C64: REALIZAR EL LEVANTAMIENTO EN PLANOS DE LAS INSTALACIONES ELÉCTRICAS EN FORMATO AUTOCAD, QUE INCLUYA LOS EQUIPOS ELÉCTRICOS E ILUMINACIÓN, PLANOS UNIFILARES, PLANOS DE SALIDAS ELÉCTRICAS NORMALES, REGULADAS, ILUMINACIÓN, TABLEROS, TIPOS DE CONDUCTORES DE CIRCUITOS Y DUCTERÍA, ACOMETIDA PRINCIPAL, PLANTA ELÉCTRICA, UPS,CUADROS DE CARGA. INCLUYE LA IDENTIFICACIÓN Y MARQUILLADO DE SALIDAS Y TABLEROS ELÉCTRICOS, USO DE EQUIPO TRAZADOR E IDENTIFICADOR DE ACOMETIDAS. | D64: UN | E64: 1 | F64: 100 | G64: ING | H64: 1 | J64: =+(E64*F64)/(H64+I64) -> 100 | K64: =+J64/8 -> 12.5 | L64: 13
C65: CARPINTERÍA METÁLICA
B66: 1 | C66: PRELIMINARES
B67: 1.1 | C67: DESMONTE DE PUERTA DE DOS HOJAS INCLUYE HERRAMIENTAS Y EQUIPOS NECESARIOS PARA SU CORRECTA INSTALACION. | D67: UN | E67: 1 | F67: 1 | G67: A | I67: 1 | J67: =+(E67*F67)/(H67+I67) -> 1 | K67: =+J67/8 -> 0.125 | L67: 1
B68: 1.2 | C68: RETIRO DE ESCOMBROS, INCLUYE CARGUE Y RETIRO A SITIO AUTORIZADO | D68: M3 | E68: 1 | F68: 2 | G68: A | I68: 1 | J68: =+(E68*F68)/(H68+I68) -> 2 | K68: =+J68/8 -> 0.25 | L68: 1
B69: 2 | C69: CARPINTERÍA METÁLICA
B70: 2.1 | C70: PUERTA DE DOS HOJAS EN ALUMINIO Y VIDRIO TEMPLADO DE 6MM DE 2,00 X 2,10 CON CIERRAPUERTA HIDRAULICO AJUSTABLE HASTA 80 KILOS EN AMBAS HOJAS. INCLUYE MARCO EN EL MISMO MATERIAL, ACCESORIOS, HERRAMIENTAS Y EQUIPOS NECESARIOS PARA SU CORRECTA INSTALACION. | D70: UN | E70: 1 | F70: 150 | G70: M | H70: 1 | I70: 1 | J70: =+(E70*F70)/(H70+I70) -> 75 | K70: =+J70/8 -> 9.375 | L70: 10
B71: 2.2 | C71: SUMINISTRO E INSTALACION DE REJA METÁLICA DE SEGURIDAD EN VARILLA CUADRADA LISA DE 1/2 " EN RETICULA DE 10X25 CM, INCLUYE ANTICORROSIVO Y PINTURA, EQUIPOS Y HERRAMIENTAS NECESARIAS PARA SU CORRECTA INSTALACION. | D71: M2 | E71: 8 | F71: 9 | G71: M | H71: 1 | I71: 1 | J71: =+(E71*F71)/(H71+I71) -> 36 | K71: =+J71/8 -> 4.5 | L71: 5
B72: 3 | C72: PALOMAS
B73: 3.1 | C73: SUMINISTRO E INSTALACIÓN DE MALLA LIVIANA TIPO GALLINERO NO SUPERIOR A 1 CM PARA LA VENTANERIA DE FACHADAS EXTERIORES E INTERIORES Y EN ESPACIOS DE CUBIERTA POR DONDE LOS VECTORES PUEDAN ACCEDER A LA EDIFICACIÓN (INCLUYE PERSONAL CALIFICADO, EQUIPOS Y TODA HERRAMIENTA NECESARIA PARA LA CORRECTA INSTALACIÓN). | D73: M2 | E73: 200 | F73: 0.8 | G73: A | H73: 1 | I73: 1 | J73: =+(E73*F73)/(H73+I73) -> 80 | K73: =+J73/8 -> 10 | L73: 10
N75: DESCRIPCIÓN | O75: ALBAÑILES AYUDANTES | P75: ALBAÑILES OFICIAL | Q75: PINTURA OFICIAL | R75: PINTURA AYUDANTE | S75: METALISTERIA AYUDANTE | T75: METALISTERIA OFICIAL | U75: AYUDANTE HIDROSANITARIO | V75: OFICIAL HIDROSANITARIO | W75: INGENERO | X75: OFICIAL ELECTRICO | Y75: CANTIDAD | Z75: DURACION TRABAJOS
N76: FRENTE DE TRABAJO 1 CUBIERTAS | O76: 2 | P76: 1 | Q76: 0 | R76: 0 | S76: 0 | T76: 0 | U76: 0 | V76: 0 | W76: 0 | X76: 0 | Y76: =SUM(O76:X76) -> 3 | Z76: 38.75
N77: FRENTE DE TRABAJO 2 PINTURA EN ALTURAS | O77: 0 | P77: 0 | Q77: 2 | R77: 1 | S77: 0 | T77: 0 | U77: 0 | V77: 0 | W77: 0 | X77: 0 | Y77: =SUM(O77:X77) -> 3 | Z77: 15
N78: FRENTE DE TRABAJO 3 PISOS Y COCINA | O78: 1 | P78: 1 | Q78: 0 | R78: 0 | S78: 1 | T78: 1 | U78: 0 | V78: 0 | W78: 0 | X78: 0 | Y78: =SUM(O78:X78) -> 4 | Z78: 20
N79: FRENTE DE TRABAJO 4 HIDROSANITARIO | O79: 1 | P79: 1 | Q79: 0 | R79: 0 | S79: 0 | T79: 0 | U79: 1 | V79: 1 | W79: 0 | X79: 0 | Y79: =SUM(O79:X79) -> 4 | Z79: 20
N80: FRENTE DE TRABAJO 5 INSTALACIONES ELECTRICAS | O80: 1 | P80: 0 | Q80: 0 | R80: 0 | S80: 0 | T80: 0 | U80: 0 | V80: 0 | W80: 1 | X80: 1 | Y80: =SUM(O80:X80) -> 3 | Z80: 22
N81: FRENTE DE TRABAJO 6 CARPINTERIA METALICA | O81: 1 | P81: 1 | Q81: 0 | R81: 0 | S81: 1 | T81: 1 | U81: 0 | V81: 0 | W81: 0 | X81: 0 | Y81: =SUM(O81:X81) -> 4 | Z81: 19

Sheet CRONOGRAMA
B2: ITEMS | C2: DIA 1 | D2: DIA 2 | E2: DIA 3 | F2: DIA 4 | G2: DIA 5 | H2: DIA 6 | I2: DIA 7 | J2: DIA 8 | K2: DIA 9 | L2: DIA 10 | M2: DIA 11 | N2: DIA 12 | O2: DIA 13 | P2: DIA 14 | Q2: DIA 15 | R2: DIA 16 | S2: DIA 17 | T2: DIA 18 | U2: DIA 19 | V2: DIA 20 | W2: DIA 21 | X2: DIA 22 | Y2: DIA 23 | Z2: DIA 24 | AA2: DIA 25 | AB2: DIA 26 | AC2: DIA 27 | AD2: DIA 28 | AE2: DIA 29 | AF2: DIA 30 | AG2: DIA 31 | AH2: DIA 32 | AI2: DIA 33 | AJ2: DIA 34 | AK2: DIA 35 | AL2: DIA 36 | AM2: DIA 37 | AN2: DIA 38 | AO2: DIA 39 | AP2: DIA 40 | AQ2: DIA 41 | AR2: DIA 42 | AS2: DIA 43 | AT2: DIA 44 | AU2: DIA 45 | AV2: DIA 46 | AW2: DIA 47 | AX2: DIA 48 | AY2: DIA 49 | AZ2: DIA 50 | BA2: DIA 51 | BB2: DIA 52 | BC2: DIA 53 | BD2: DIA 54 | BE2: DIA 55 | BF2: DIA 56 | BG2: DIA 57 | BH2: DIA 58 | BI2: DIA 59 | BJ2: DIA 60
B3: CUBIERTAS - FRENTE 1
B4: PINTURA EN ALTURA - FRENTE 2
B5: PISOS Y COCINA - FRENTE 3
B6: HIDROSANITARIO - FRENTE 4
B7: INSTALACIONES ELECTRICAS - FRENTE 5
B8: CARPINTERIA METALICA - FRENTE 6
B9: TOTAL DIAS OFERTADOS | C9: 47
B10: TOTAL CUADRILLAS OFERTADAS | C10: 6

Sheet CORTE No. 2
C2: República de Colombia Instituto Colombiano de Bienestar Familiar Cecilia de la Fuente de Lleras Regional Bogotá Grupo Administrativo
C3: CORTE No. 2
C4: OBJETO: “REALIZAR ADECUACIONES, REPARACIONES Y MEJORAS A LA PLANTA FISICA DEL INMUEBLE UBICADO EN LA DIRECCIÓN KRA. 30 NO. 12 – 35”
C6: EMPRESA: | D6: CONSORCIO JHS - CONSTRUCCIONES AL DIA | E6: NIT: | F6: NO APLICA | G6: FECHA: | H6: 45253
C7: CONTACTO: | D7: JORGE DAVID GONZALEZ MARTINEZ | E7: CARGO: | F7: REPRESENTANTE LEGAL | G7: TEL. CELULAR : | H7: 317 666 70 43
C8: E-MAIL: | D8: jhscolombianadeingenieria@gmail.com | E8: DIRECCIÓN: | F8: CALLE 22 # 1 - 64 TORR 2 AP. 302 | G8: TELEFONO FIJO: | H8: 601 729 36 39
C10: Instrucciones para el diligenciamiento del formato de cotización
C11: • Por favor diligenciar solo las celdas en AMARILLO. Se debem de llenar todas las casillas. • Revisar todos los requerimientos que se exponen en el documento "Ficha de Condiciones Técnicas Escenciales para la Prestación del Servicio y/o Entrega del Bien" (FCT) y Anexos; y formular su oferta en concordancia con este, garantizando que los bienes y/o servicios ofrecidos cumplan en su totalidad con las especificaciones técnicas descritas en la FCT. • Asignar el precio en las celdas de la columnas: "Precio unitario", asignar el porcentaje de ADMINISTRACIÓN, IMPREVISTOS Y UTULIDAD en la columna "Porcentaje %" • Los precios de la oferta deben ser expresados en PESOS COLOMBIANOS. • Los precios unitarios deberán aproximarse por exceso o por defecto al entero más cercano. Si la cifra no está aproximada y aparece con centavos, el ICBF aproximará al entero inferior. • No modificar o quitar ningún ítem o sub-ítem.
C12: Nota (1) Administración, imprevistos y Utilidad: Establecer los porcentajes que correspondan a estos tres factores. Con respecto a la Administración incluir los costos correspondientes a demás costos indirectos relacionados en el contrato entre ellos se deben tener en cuenta ICA, pólizas para la legalización del contrato, gastos de oficina, gravamen al impuesto financiero (4 x mil), estampillas y demas costos asociados.
C15: CUBIERTAS | K15: PRESENTE ACTA | N15: ACUMULADO ANTERIOR | Q15: ACUMULADO ACTUAL | AF15: MENOR | AG15: MEDIO | AH15: MAYOR
C16: DESCRIPCION ACTIVIDADES | F16: UNIDAD | G16: CANTIDAD | H16: Precio unitario | I16: valor total | K16: CANTIDAD | L16: VALOR | N16: CANTIDAD | O16: VALOR | Q16: CANTIDAD | R16: VR. EJECUTADO | AF16: 0.934 | AG16: 0.946 | AH16: 0.958
B17: 1 | C17: PRELIMINARES | H17: * | I17: *
B18: 1.1 | C18: DESMONTE DE IMPERMEABILIZACIÓN DE CUBIERTAS EN CUALQUIER MATERIAL INCLUYE EQUIPOS, HERRAMIENTAS Y TODO LOS ELEMENTOS NECESARIOS PARA SU CORRECTA EJECUCION. | F18: M2 | G18: 580 | H18: =+AF18*$AF$16 -> 26443.875 | I18: =G18*H18 -> 15337448 | K18: 0 | L18: =+K18*H18 -> 0 | N18: 471.861 | O18: =+N18*H18 -> 12477833 | Q18: =+N18+K18 -> 471.861 | R18: =+Q18*H18 -> 12477833 | S18: 1 | AF18: 28312.5 | AG18: =+AF18*G18 -> 16421250
B19: 1.2 | C19: DEMOLICION CIELO RASO EN CUALQUIER MATERIAL, INCLUYE EQUIPOS, HERRAMIENTAS Y TODO LOS ELEMENTOS NECESARIOS PARA SU CORRECTA EJECUCION. | F19: M2 | G19: 30 | H19: =+AF19*$AF$16 -> 102495.4 | I19: =G19*H19 -> 3074862.1 | K19: 0 | L19: =+K19*H19 -> 0 | N19: 15.276 | O19: =+N19*H19 -> 1565719.8 | Q19: =+N19+K19 -> 15.276 | R19: =+Q19*H19 -> 1565719.8 | S19: 1 | AF19: 109738.12 | AG19: =+AF19*G19 -> 3292143.6
B20: 1.3 | C20: RETIRO DE ESCOMBROS, INCLUYE CARGUE Y RETIRO A SITIO AUTORIZADO | F20: M3 | G20: 18 | H20: =+AF20*$AF$16 -> 98629.784 | I20: =G20*H20 -> 1775336.1 | K20: =+'CUBIERTA 1.3'!$G$43 -> 7 | L20: =+K20*H20 -> 690408.48 | N20: 0 | O20: =+N20*H20 -> 0 | Q20: =+N20+K20 -> 7 | R20: =+Q20*H20 -> 690408.48 | S20: 1 | AF20: 105599.34 | AG20: =+AF20*G20 -> 1900788.1
C21: SUBTOTAL | F21: * | G21: * | H21: * | I21: =SUM(I18:I20) -> 20187646 | K21: * | L21: =SUM(L18:L20) -> 690408.48 | O21: =SUM(O18:O20) -> 14043553 | R21: =SUM(R18:R20) -> 14733962 | AG21: =SUM(AG18:AG20) -> 21614182
B22: 2 | C22: ACABADOS | H22: * | I22: *
B23: 2.1 | C23: CIELO FALSO EN LAMINA DE DRYWALL 12 MM TERMINADO. INCLUYE HERRAMIENTAS Y EQUIPOS NECESARIOS PARA SU CORRECTA INSTALACION. | F23: M2 | G23: 100 | H23: =+AF23*$AG$16 -> 97445.256 | I23: =G23*H23 -> 9744525.6 | K23: =+'CUBIERTA 2.1'!G61 -> 27.912 | L23: =+K23*H23 -> 2719892 | N23: 0 | O23: =+N23*H23 -> 0 | Q23: =+N23+K23 -> 27.912 | R23: =+Q23*H23 -> 2719892 | S23: 1 | AF23: 103007.67 | AG23: =+AF23*G23 -> 10300767
C24: SUBTOTAL | F24: * | G24: * | H24: * | I24: =SUM(I23) -> 9744525.6 | K24: * | L24: =SUM(L23) -> 2719892 | O24: =SUM(O23) -> 0 | R24: =SUM(R23) -> 2719892 | AG24: =SUM(AG23) -> 10300767
B25: 3 | C25: CUBIERTAS | H25: * | I25: *
B26: 3.1 | C26: IMPERMEABILIZACION CUBIERTAS (BICAPA MANTO ASFÁLTICO 6,2MM) | F26: M2 | G26: =410+170 -> 580 | H26: =+AF26*$AG$16 -> 186155.88 | I26: =G26*H26 -> 1.0797041e+08 | K26: 0 | L26: =+K26*H26 -> 0 | N26: 621.661 | O26: =+N26*H26 -> 1.1572585e+08 | Q26: =+N26+K26 -> 621.661 | R26: =+Q26*H26 -> 1.1572585e+08 | S26: 1 | AF26: 196782.11 | AG26: =+AF26*G26 -> 1.1413362e+08
B27: 3.2 | C27: CIELO RASO ACRILICO DE 60 X1.20 CM | F27: UN | G27: 6 | H27: =+AF27*$AG$16 -> 152843.33 | I27: =G27*H27 -> 917059.97 | K27: =+'CUBIERTA 3.2'!G59 -> 9 | L27: =+K27*H27 -> 1375590 | N27: 0 | O27: =+N27*H27 -> 0 | Q27: =+N27+K27 -> 9 | R27: =+Q27*H27 -> 1375590 | S27: 1 | AF27: 161568 | AG27: =+AF27*G27 -> 969408
B28: 3.3 | C28: FLANCHE EN LAMINA GALVANIZADA | F28: ML | G28: 60 | H28: =+AF28*$AG$16 -> 79815.202 | I28: =G28*H28 -> 4788912.2 | K28: =+'CUBIERTA 3.3'!G65 -> 5.2 | L28: =+K28*H28 -> 415039.05 | N28: 0 | O28: =+N28*H28 -> 0 | Q28: =+N28+K28 -> 5.2 | R28: =+Q28*H28 -> 415039.05 | S28: 1 | AF28: 84371.25 | AG28: =+AF28*G28 -> 5062275
B29: 3.4 | C29: LIMPIEZA Y MANTENIMIENTO DE CANALES Y BAJANTES. | F29: ML | G29: =50+20+50+20+50 -> 190 | H29: =+AF29*$AG$16 -> 23141.052 | I29: =G29*H29 -> 4396799.9 | K29: =+'CUBIERTA 3.4'!G67 -> 88.1 | L29: =+K29*H29 -> 2038726.7 | N29: 105.6 | O29: =+N29*H29 -> 2443695.1 | Q29: =+N29+K29 -> 193.7 | R29: =+Q29*H29 -> 4482421.8 | S29: 1 | AF29: 24462 | AG29: =+AF29*G29 -> 4647780
B30: 3.5 | C30: DESMONTE DE REMATE EN TEJA DE ZINC. (Caras laterales fachada occidental) . | F30: ML | G30: 21.16 | H30: =+AF30*$AG$16 -> 22176.841 | I30: =G30*H30 -> 469261.97 | K30: 0 | L30: =+K30*H30 -> 0 | N30: 0 | O30: =+N30*H30 -> 0 | Q30: =+N30+K30 -> 0 | R30: =+Q30*H30 -> 0 | T30: 1 | AF30: 23442.75 | AG30: =+AF30*G30 -> 496048.59
B31: 3.6 | C31: SUMINISTRO E INSTALACIÓN FLANCHE EN LAMINA ALVANIZADA CALIBRE 20; DS=25- TIPO A (Fachada occidental). Incluye accesorios de anclaje y tapas laterales. | F31: ML | G31: 21.16 | H31: =+AF31*$AG$16 -> 79815.202 | I31: =G31*H31 -> 1688889.7 | K31: 0 | L31: =+K31*H31 -> 0 | N31: 0 | O31: =+N31*H31 -> 0 | Q31: =+N31+K31 -> 0 | R31: =+Q31*H31 -> 0 | T31: 1 | AF31: 84371.25 | AG31: =+AF31*G31 -> 1785295.6
B32: 3.7 | C32: SUMINISTRO E INSTALACIÓN FLANCHE EN LAMINA GALVANIZADA CALIBRE 20; DS=25 - TIPO B (Fachada norte). Incluye accesorios de anclaje y tapas laterales | F32: ML | G32: 47.82 | H32: =+AF32*$AG$16 -> 84100.582 | I32: =G32*H32 -> 4021689.9 | K32: 0 | L32: =+K32*H32 -> 0 | N32: 0 | O32: =+N32*H32 -> 0 | Q32: =+N32+K32 -> 0 | R32: =+Q32*H32 -> 0 | T32: 1 | AF32: 88901.25 | AG32: =+AF32*G32 -> 4251257.8
B33: 3.8 | C33: Suministro de andamios certificados altura aproximada 14 m (6 secciones de 2 m). Incluye transporte. | F33: SEMANA | G33: 14 | H33: =+AF33*$AG$16 -> 498239.28 | I33: =G33*H33 -> 6975349.9 | K33: =+'CUBIERTA 3.8'!G49 -> 8 | L33: =+K33*H33 -> 3985914.2 | N33: 5 | O33: =+N33*H33 -> 2491196.4 | Q33: =+N33+K33 -> 13 | R33: =+Q33*H33 -> 6477110.6 | S33: 1 | AF33: 526680 | AG33: =+AF33*G33 -> 7373520
C34: SUBTOTAL | F34: * | G34: * | H34: * | I34: =SUM(I26:I33) -> 1.3122837e+08 | K34: * | L34: =SUM(L26:L33) -> 7815269.9 | O34: =SUM(O26:O33) -> 1.2066074e+08 | R34: =SUM(R26:R33) -> 1.2847601e+08 | AG34: =SUM(AG26:AG33) -> 1.3871921e+08
C35: ADMINISTRACIÓN, IMPREVISTOS Y UTULIDAD Nota (1) | H35: Porcentaje % | I35: Porcentaje %
C36: ADMINISTRACIÓN. | H36: 0.15 | I36: =(I21+I24+I34)*H36 -> 24174081 | K36: 0.15 | L36: =(L21+L24+L34)*H36 -> 1683835.6 | N36: 0.15 | O36: =(O21+O24+O34)*K36 -> 20205644 | Q36: 0.15 | R36: =(R21+R24+R34)*H36 -> 21889479 | AF36: 0.15 | AG36: =+(AG34+AG24+AG21)*AF36 -> 25595124
C37: IMPREVISTOS | H37: 0.05 | I37: =(I21+I24+I34)*H37 -> 8058027.1 | K37: 0.05 | L37: =(L21+L24+L34)*H37 -> 561278.52 | N37: 0.05 | O37: =(O21+O24+O34)*K37 -> 6735214.6 | Q37: 0.05 | R37: =(R21+R24+R34)*H37 -> 7296493.2 | AF37: 0.05 | AG37: =+(AG34+AG24+AG21)*AF37 -> 8531707.9
C38: UTILIDAD | H38: 0.05 | I38: =(I21+I24+I34)*H38 -> 8058027.1 | K38: 0.05 | L38: =(L21+L24+L34)*H38 -> 561278.52 | N38: 0.05 | O38: =(O21+O24+O34)*K38 -> 6735214.6 | Q38: 0.05 | R38: =(R21+R24+R34)*H38 -> 7296493.2 | AF38: 0.05 | AG38: =+(AG34+AG24+AG21)*AF38 -> 8531707.9
C39: IVA SOBRE UTILIDAD | H39: 0.19 | I39: =I38*H39 -> 1531025.2 | K39: 0.19 | L39: =L38*H39 -> 106642.92 | N39: 0.19 | O39: =O38*K39 -> 1279690.8 | Q39: 0.19 | R39: =R38*H39 -> 1386333.7 | AF39: 0.19 | AG39: =+AG38*AF39 -> 1621024.5
C40: TOTAL COSTOS | I40: =I21+I24+I34+I36+I37+I38+I39 -> 2.029817e+08 | L40: =L21+L24+L34+L36+L37+L38+L39 -> 14138606 | O40: =O21+O24+O34+O36+O37+O38+O39 -> 1.6966006e+08 | R40: =R21+R24+R34+R36+R37+R38+R39 -> 1.8379866e+08 | AG40: =SUM(AG36:AG39)+AG34+AG24+AG21 -> 2.1491372e+08
C42: PINTURA EN ALTURA
C43: DESCRIPCION ACTIVIDADES | F43: UNIDAD | G43: CANTIDAD | H43: Precio unitario | I43: valor total | K43: CANTIDAD | L43: VALOR | N43: CANTIDAD | O43: VALOR | Q43: CANTIDAD | R43: VR. EJECUTADO
B44: 1 | C44: PRELIMINARES | H44: * | I44: *
B45: 1.1 | C45: PINTURA INTERIOR EN VINILO TIPO 1 CON 3 MANOS DE PINTURA, INCLUYE FILOS, DILATACIONES Y RESANES, ANDAMIOS Y HERRAMIENTAS NECESARIAS PARA SU CORRECTA EJECUCION. | F45: M2 | G45: 800 | H45: =+AF45*$AG$16 -> 27699.627 | I45: =G45*H45 -> 22159702 | K45: =+'PINTURA 1.1'!G124 -> 913.1561 | L45: =+K45*H45 -> 25294084 | N45: 401.5419 | O45: =+N45*H45 -> 11122561 | Q45: =+N45+K45 -> 1314.698 | R45: =+Q45*H45 -> 36416645 | S45: 1 | AF45: 29280.79 | AG45: =+AF45*G45 -> 23424632
B46: 1.2 | C46: APLICACION DE IMPERMEABILIZANTE ACRILICO EN MUROS PARA TANQUE SUBTERRANEO, CON DOS MANOS DE IMPRIMACION DEL PRODUCTO. INCLUYE TODOS LOS ELEMENTOS NECESARIOS PARA SU CORRECTA APLICACIÓN. | F46: M2 | G46: 45 | H46: =+AF46*$AG$16 -> 69637.425 | I46: =G46*H46 -> 3133684.1 | K46: =+'PINTURA 1.2'!G86 -> 86.8 | L46: =+K46*H46 -> 6044528.5 | N46: 0 | O46: =+N46*H46 -> 0 | Q46: =+N46+K46 -> 86.8 | R46: =+Q46*H46 -> 6044528.5 | S46: 1 | AF46: 73612.5 | AG46: =+AF46*G46 -> 3312562.5
C47: SUBTOTAL | F47: * | G47: * | H47: * | I47: =SUM(I45:I46) -> 25293386 | K47: * | L47: =SUM(L45:L46) -> 31338612 | O47: =SUM(O45:O46) -> 11122561 | R47: =SUM(R45:R46) -> 42461173 | AG47: =SUM(AG45:AG46) -> 26737194
C48: ADMINISTRACIÓN, IMPREVISTOS Y UTULIDAD Nota (1) | H48: Porcentaje % | I48: Porcentaje % | K48: * | L48: * | N48: * | O48: * | Q48: * | R48: *
C49: ADMINISTRACIÓN. | H49: 0.15 | I49: =I47*H49 -> 3794007.9 | K49: 0.15 | L49: =L47*K49 -> 4700791.8 | N49: 0.15 | O49: =O47*N49 -> 1668384.1 | Q49: 0.15 | R49: =R47*H49 -> 6369176 | AF49: 0.15 | AG49: =+AG47*AF49 -> 4010579.2
C50: IMPREVISTOS | H50: 0.05 | I50: =I47*H50 -> 1264669.3 | K50: 0.05 | L50: =L47*K50 -> 1566930.6 | N50: 0.05 | O50: =O47*N50 -> 556128.05 | Q50: 0.05 | R50: =R47*H50 -> 2123058.7 | AF50: 0.05 | AG50: =+AF50*AG47 -> 1336859.7
C51: UTILIDAD | H51: 0.05 | I51: =I47*H51 -> 1264669.3 | K51: 0.05 | L51: =L47*K51 -> 1566930.6 | N51: 0.05 | O51: =O47*N51 -> 556128.05 | R51: =R47*H51 -> 2123058.7 | AF51: 0.05 | AG51: =+AF51*AG47 -> 1336859.7
C52: IVA SOBRE UTILIDAD | H52: 0.19 | I52: =I51*H52 -> 240287.17 | K52: 0.19 | L52: =L51*K52 -> 297716.82 | N52: 0.19 | O52: =O51*K52 -> 105664.33 | R52: =R51*H52 -> 403381.14 | AF52: 0.19 | AG52: =+AG51*AF52 -> 254003.35
C53: TOTAL COSTOS | I53: =I47+I49+I50+I51+I52 -> 31857020 | L53: =L47+L49+L50+L51+L52 -> 39470982 | O53: =O47+O49+O50+O51+O52 -> 14008866 | R53: =R47+R49+R50+R51+R52 -> 53479848 | AG53: =SUM(AG47:AG52) -> 33675496
C55: PISOS Y COCINA
C56: DESCRIPCION ACTIVIDADES | F56: UNIDAD | G56: CANTIDAD | H56: Precio unitario | I56: valor total | K56: CANTIDAD | L56: VALOR | N56: CANTIDAD | O56: VALOR | Q56: CANTIDAD | R56: VR. EJECUTADO
B57: 1 | C57: PRELIMINARES | H57: * | I57: * | K57: * | L57: * | N57: * | O57: * | Q57: * | R57: *
B58: 1.1 | C58: DEMOLICIONES DE ENCHAPES DE PISO Y MURO INCLUYE HERRAMIENTAS Y EQUIPOS NECESARIOS PARA SU CORRECTA INSTALACION. | F58: M2 | G58: 60 | H58: =+AF58*$AF$16 -> 23890.879 | I58: =G58*H58 -> 1433452.8 | K58: 0 | L58: =+K58*H58 -> 0 | N58: 42.6763 | O58: =N58*H58 -> 1019574.3 | Q58: =+N58+K58 -> 42.6763 | R58: =+Q58*H58 -> 1019574.3 | S58: 1 | AF58: 25579.1 | AG58: =+AF58*G58 -> 1534746
B59: 1.2 | C59: DEMOLICION MESÓN CORRIDO (INC. RETIRO DE SOBR.) INCLUYE EQUIPOS, HERRAMIENTAS Y TODO LOS ELEMENTOS NECESARIOS PARA SU CORRECTA EJECUCION. | F59: M2 | G59: 1 | H59: =+AF59*$AF$16 -> 1142375.4 | I59: =G59*H59 -> 1142375.4 | K59: 0 | L59: =+K59*H59 -> 0 | N59: 1.166 | O59: =N59*H59 -> 1332009.7 | Q59: =+N59+K59 -> 1.166 | R59: =+Q59*H59 -> 1332009.7 | S59: 1 | AF59: 1223100 | AG59: =+AF59*G59 -> 1223100
B60: 1.3 | C60: RETIRO DE ESCOMBROS, INCLUYE CARGUE Y RETIRO A SITIO AUTORIZADO | F60: M3 | G60: 2 | H60: =+AF60*$AF$16 -> 98629.784 | I60: =G60*H60 -> 197259.57 | K60: =+'PISOS Y COCINA 1.3'!G44 -> 7 | L60: =+K60*H60 -> 690408.48 | N60: 0 | O60: =N60*H60 -> 0 | Q60: =+N60+K60 -> 7 | R60: =+Q60*H60 -> 690408.48 | S60: 1 | AF60: 105599.34 | AG60: =+AF60*G60 -> 211198.68
C61: SUBTOTAL | F61: * | G61: * | H61: * | I61: =SUM(I58:I60) -> 2773087.7 | K61: * | L61: =SUM(L58:L60) -> 690408.48 | O61: =SUM(O58:O60) -> 2351584.1 | R61: =SUM(R58:R60) -> 3041992.5 | AG61: =SUM(AG58:AG60) -> 2969044.7
B62: 2 | C62: MUROS Y MUEBLES | H62: * | I62: * | K62: * | L62: * | N62: * | O62: * | Q62: * | R62: *
B63: 2.1 | C63: SUMINISTRO E INSTALACION DE ENCHAPE CERAMICO PARA MUROS 25X43 CM COLOR A ELECCION ACABADO BRILLANTE INCLUYE PREGANTE CERAMICO, EMBOQUILLADO, HERRAMIENTAS Y EQUIPOS NECESARIOS PARA SU CORRECTA INSTALACION. | F63: M2 | G63: 60 | H63: =+AF63*$AH$16 -> 75357.42 | I63: =G63*H63 -> 4521445.2 | K63: =+'PISOS Y COCINA 2.1'!G83 -> 10.7826 | L63: =+K63*H63 -> 812548.92 | N63: 0 | O63: =N63*H63 -> 0 | Q63: =+N63+K63 -> 10.7826 | R63: =+Q63*H63 -> 812548.92 | S63: 1 | AF63: 78661.19 | AG63: =+AF63*G63 -> 4719671.4
B64: 2.2 | C64: SUMINISTRO E INSTALACION DE MESON PARA COCINA EN ACERO INOXIDABLE CALIBRE 16 DE L = 1,80 M CON SALPICADERO. INCLUYE HERRAMIENTAS Y EQUIPOS NECESARIOS PARA SU CORRECTA INSTALACION. | F64: UN | G64: 1 | H64: =+AF64*$AH$16 -> 3414312 | I64: =G64*H64 -> 3414312 | K64: 0 | L64: =+K64*H64 -> 0 | N64: 1 | O64: =N64*H64 -> 3414312 | Q64: =+N64+K64 -> 1 | R64: =+Q64*H64 -> 3414312 | S64: 1 | AF64: 3564000 | AG64: =+AF64*G64 -> 3564000
C65: SUBTOTAL | F65: * | G65: * | H65: * | I65: =SUM(I63:I64) -> 7935757.2 | K65: * | L65: =SUM(L63:L64) -> 812548.92 | O65: =SUM(O63:O64) -> 3414312 | R65: =SUM(R63:R64) -> 4226860.9 | AG65: =SUM(AG63:AG64) -> 8283671.4
C66: ADMINISTRACIÓN, IMPREVISTOS Y UTULIDAD Nota (1) | H66: Porcentaje % | I66: Porcentaje % | K66: * | L66: * | N66: * | O66: * | Q66: * | R66: *
C67: ADMINISTRACIÓN. | H67: 0.15 | I67: =(I61+I65)*H67 -> 1606326.7 | K67: 0.15 | L67: =(L61+L65)*H67 -> 225443.61 | N67: 0.15 | O67: =(O61+O65)*K67 -> 864884.41 | R67: =(R61+R65)*H67 -> 1090328 | AF67: 0.15 | AG67: =+(AG65+AG61)*AF67 -> 1687907.4
C68: IMPREVISTOS | H68: 0.05 | I68: =(I61+I65)*H68 -> 535442.25 | K68: 0.05 | L68: =(L61+L65)*H68 -> 75147.87 | N68: 0.05 | O68: =(O61+O65)*K68 -> 288294.8 | R68: =(R61+R65)*H68 -> 363442.67 | AF68: 0.05 | AG68: =+(AG65+AG61)*AF68 -> 562635.8
C69: UTILIDAD | H69: 0.05 | I69: =(I61+I65)*H69 -> 535442.25 | K69: 0.05 | L69: =(L61+L65)*H69 -> 75147.87 | N69: 0.05 | O69: =(O61+O65)*K69 -> 288294.8 | R69: =(R61+R65)*H69 -> 363442.67 | AF69: 0.05 | AG69: =+(AG65+AG61)*AF69 -> 562635.8
C70: IVA SOBRE UTILIDAD | H70: 0.19 | I70: =I69*H70 -> 101734.03 | K70: 0.19 | L70: =L69*H70 -> 14278.095 | N70: 0.19 | O70: =O69*K70 -> 54776.013 | R70: =R69*H70 -> 69054.108 | AF70: 0.19 | AG70: =+AG69*AF70 -> 106900.8
C71: TOTAL COSTOS | I71: =I61+I65+I67+I68+I69+I70 -> 13487790 | L71: =L61+L65+L67+L68+L69+L70 -> 1892974.8 | O71: =O61+O65+O67+O68+O69+O70 -> 7262146.1 | R71: =R61+R65+R67+R68+R69+R70 -> 9155120.9 | AG71: =SUM(AG67:AG70)+AG65+AG61 -> 14172796
C73: HIDROSANITARIO
C74: DESCRIPCION ACTIVIDADES | F74: UNIDAD | G74: CANTIDAD | H74: Precio unitario | I74: valor total | K74: CANTIDAD | L74: VALOR | N74: CANTIDAD | O74: VALOR | Q74: CANTIDAD | R74: VR. EJECUTADO
B75: 1 | C75: PRELIMINARES | H75: * | I75: * | K75: * | L75: * | N75: * | O75: * | Q75: * | R75: *
B76: 1.1 | C76: DEMOLICIONES DE ENCHAPES DE PISO Y MURO INCLUYE HERRAMIENTAS Y EQUIPOS NECESARIOS PARA SU CORRECTA INSTALACION. | F76: M2 | G76: 60 | H76: =+AF76*$AF$16 -> 23890.879 | I76: =G76*H76 -> 1433452.8 | K76: =+'HIDROSANITARIO 1.1'!G49 -> 43.518 | L76: =+K76*H76 -> 1039683.3 | N76: 22.771 | O76: =+N76*H76 -> 544019.22 | Q76: =+N76+K76 -> 66.289 | R76: =+Q76*H76 -> 1583702.5 | S76: 1 | AF76: 25579.1 | AG76: =+AF76*G76 -> 1534746
B77: 1.2 | C77: DESMONTE DE LAVAMANOS Y SANITARIOS (INC. RETIRO DE SOBR.) INCLUYE HERRAMIENTAS Y EQUIPOS NECESARIOS PARA SU CORRECTA INSTALACION. | F77: UN | G77: 12 | H77: =+AF77*$AF$16 -> 41475.634 | I77: =G77*H77 -> 497707.6 | K77: =+'HIDROSANITARIO 1.2'!G79 -> 16 | L77: =+K77*H77 -> 663610.14 | N77: 8 | O77: =+N77*H77 -> 331805.07 | Q77: =+N77+K77 -> 24 | R77: =+Q77*H77 -> 995415.21 | S77: 1 | AF77: 44406.46 | AG77: =+AF77*G77 -> 532877.52
B78: 1.3 | C78: DEMOLICION PAÑETES (INC. RETIRO DE SOBR.) INCLUYE EQUIPOS, HERRAMIENTAS Y TODO LOS ELEMENTOS NECESARIOS PARA SU CORRECTA EJECUCION. | F78: M2 | G78: 24 | H78: =+AF78*$AF$16 -> 18433.499 | I78: =G78*H78 -> 442403.97 | K78: =+'HIDROSANITARIO 1.3'!G55 -> 67.19 | L78: =+K78*H78 -> 1238546.8 | N78: 0 | O78: =+N78*H78 -> 0 | Q78: =+N78+K78 -> 67.19 | R78: =+Q78*H78 -> 1238546.8 | S78: 1 | AF78: 19736.08 | AG78: =+AF78*G78 -> 473665.92
B79: 1.4 | C79: DEMOLICION CIELO RASO FALSO (INC. RETIRO DE SOBR.) INCLUYE EQUIPOS, HERRAMIENTAS Y TODO LOS ELEMENTOS NECESARIOS PARA SU CORRECTA EJECUCION. | F79: M2 | G79: 24 | H79: =+AF79*$AF$16 -> 102495.4 | I79: =G79*H79 -> 2459889.7 | K79: =+'HIDROSANITARIO 1.4'!G67 -> 1.737 | L79: =+K79*H79 -> 178034.52 | N79: 0 | O79: =+N79*H79 -> 0 | Q79: =+N79+K79 -> 1.737 | R79: =+Q79*H79 -> 178034.52 | T79: 1 | AF79: 109738.12 | AG79: =+AF79*G79 -> 2633714.9
B80: 1.5 | C80: RETIRO DE ESCOMBROS, INCLUYE CARGUE Y RETIRO A SITIO AUTORIZADO | F80: M3 | G80: 6 | H80: =+AF80*$AF$16 -> 98629.784 | I80: =G80*H80 -> 591778.7 | K80: =+'HIDROSANITARIO 1.5'!G44 -> 3.5 | L80: =+K80*H80 -> 345204.24 | N80: 0 | O80: =+N80*H80 -> 0 | Q80: =+N80+K80 -> 3.5 | R80: =+Q80*H80 -> 345204.24 | S80: 1 | AF80: 105599.34 | AG80: =+AF80*G80 -> 633596.04
C81: SUBTOTAL | F81: * | G81: * | H81: * | I81: =SUM(I76:I80) -> 5425232.7 | K81: * | L81: =SUM(L76:L80) -> 3465079 | O81: =SUM(O76:O80) -> 875824.29 | R81: =SUM(R76:R80) -> 4340903.3 | AG81: =SUM(AG76:AG80) -> 5808600.4
B82: 2 | C82: MUROS Y ACABADOS | H82: * | I82: * | N82: * | O82: * | Q82: * | R82: *
B83: 2.1 | C83: CIELO FALSO EN LAMINA DE DRYWALL 12 MM TERMINADO. INCLUYE HERRAMIENTAS Y EQUIPOS NECESARIOS PARA SU CORRECTA INSTALACION. | F83: M2 | G83: 24 | H83: =+AF83*$AG$16 -> 97445.256 | I83: =G83*H83 -> 2338686.1 | K83: =+'HIDROSANITARIO 2.1'!G44 -> 1.504 | L83: =+K83*H83 -> 146557.66 | N83: 0 | O83: =+N83*H83 -> 0 | Q83: =+N83+K83 -> 1.504 | R83: =+Q83*H83 -> 146557.66 | T83: 1 | AF83: 103007.67 | AG83: =+AF83*G83 -> 2472184.1
B84: 2.2 | C84: SUMINISTRO E INSTALACION DE ENCHAPE CERAMICO PARA MUROS 25X43 CM COLOR A ELECCION ACABADO BRILLANTE INCLUYE PREGANTE CERAMICO, EMBOQUILLADO, HERRAMIENTAS Y EQUIPOS NECESARIOS PARA SU CORRECTA INSTALACION. | F84: M2 | G84: 60 | H84: =+AF84*$AH$16 -> 75357.42 | I84: =G84*H84 -> 4521445.2 | K84: =+'HIDROSANITARIO 2.2'!G49 -> 10.81 | L84: =+K84*H84 -> 814613.71 | N84: 0 | O84: =+N84*H84 -> 0 | Q84: =+N84+K84 -> 10.81 | R84: =+Q84*H84 -> 814613.71 | S84: 1 | AF84: 78661.19 | AG84: =+AF84*G84 -> 4719671.4
B85: 2.3 | C85: SUMINISTRO E INSTALACIÓN DE COMBO SAN GIORGIO BLANCO (SANITARIO Y LAVAMANOS) O SIMILAR.INCLUYE TUBERIA Y TODOS LOS ACCESORIOS, EQUIPOS Y HERRAMIENTAS NECESARIAS PARA SU CORRECTA INSTALACION. | F85: UN | G85: 12 | H85: =+AF85*$AH$16 -> 1062050.5 | I85: =G85*H85 -> 12744606 | K85: =+'HIDROSANITARIO 2.3'!G71 -> 9 | L85: =+K85*H85 -> 9558454.2 | N85: 0 | O85: =+N85*H85 -> 0 | Q85: =+N85+K85 -> 9 | R85: =+Q85*H85 -> 9558454.2 | S85: 1 | AF85: 1108612.2 | AG85: =+AF85*G85 -> 13303346
B86: 2.4 | C86: SUMINISTRO E INSTALACION DE ORINAL BLANCO TIPO INSTITUCIONAL. INCLUYE TUBERIA, ACCESORIOS Y TODOS LOS ELEMENTOS NECESARIOS PARA SU CORRECTA INSTALACION. | F86: UN | G86: 4 | H86: =+AF86*$AH$16 -> 256044.66 | I86: =G86*H86 -> 1024178.6 | K86: =+'HIDROSANITARIO 2.4'!G41 -> 1 | L86: =+K86*H86 -> 256044.66 | N86: 0 | O86: =+N86*H86 -> 0 | Q86: =+N86+K86 -> 1 | R86: =+Q86*H86 -> 256044.66 | S86: 1 | AF86: 267270 | AG86: =+AF86*G86 -> 1069080
C87: SUBTOTAL | F87: * | G87: * | H87: * | I87: =SUM(I83:I86) -> 20628916 | K87: * | L87: =SUM(L83:L86) -> 10775670 | O87: =SUM(O83:O86) -> 0 | Q87: =+K87 -> * | R87: =SUM(R83:R86) -> 10775670 | AG87: =SUM(AG83:AG86) -> 21564282
B88: 3 | C88: INSTALACIONES HIDROSANITARIAS | H88: * | I88: * | K88: * | L88: * | N88: * | O88: * | Q88: * | R88: *
B89: 3.1 | C89: SUMINISTRO E INSTALACION DE ACOMETIDA PVC AGUA POTABLE Ø 1" (INC. ACCESORIOS) | F89: ML | G89: 100 | H89: =+AF89*$AG$16 -> 59938.56 | I89: =G89*H89 -> 5993856 | K89: =+'HIDROSANITARIO 3.1'!G62 -> 16.64 | L89: =+K89*H89 -> 997377.64 | N89: 0 | O89: =+N89*H89 -> 0 | Q89: =+N89+K89 -> 16.64 | R89: =+Q89*H89 -> 997377.64 | S89: 1 | AF89: 63360 | AG89: =+AF89*G89 -> 6336000
B90: 3.2 | C90: ACOMETIDA PVC DESAGUES DE 3" (INC. ACCESORIOS) | F90: ML | G90: 60 | H90: =+AF90*$AG$16 -> 121750.2 | I90: =G90*H90 -> 7305012 | K90: =+'HIDROSANITARIO 3.2'!G108 -> 14.18 | L90: =+K90*H90 -> 1726417.8 | N90: 0 | O90: =+N90*H90 -> 0 | Q90: =+N90+K90 -> 14.18 | R90: =+Q90*H90 -> 1726417.8 | S90: 1 | AF90: 128700 | AG90: =+AF90*G90 -> 7722000
B91: 3.3 | C91: DIAGNOSTICO (PERITAJE) HIDROSANITARIO, PARA HALLAR SOLUCIONES ESPECIFICAS DE FUGAS EN ALOJAMIENTOS USADOS PARA INTERNAMIENTO PREVENTIVO, CORRESPONDENCIA CESPA, DOS BAÑOS Y UN ARCHIVO UBICADOS EN FISCALIA. | F91: GL | G91: 1 | H91: =+AF91*$AH$16 -> 132778.8 | I91: =G91*H91 -> 132778.8 | K91: =+'HIDROSANITARIO 3.3'!G49 -> 1 | L91: =+K91*H91 -> 132778.8 | N91: 0 | O91: =+N91*H91 -> 0 | Q91: =+N91+K91 -> 1 | R91: =+Q91*H91 -> 132778.8 | S91: 1 | AF91: 138600 | AG91: =+AF91*G91 -> 138600
C92: SUBTOTAL | F92: * | G92: * | H92: * | I92: =SUM(I89:I91) -> 13431647 | K92: * | L92: =SUM(L89:L91) -> 2856574.3 | O92: =SUM(O89:O91) -> 0 | R92: =SUM(R89:R91) -> 2856574.3 | AG92: =SUM(AG89:AG91) -> 14196600
C93: ADMINISTRACIÓN, IMPREVISTOS Y UTULIDAD Nota (1) | H93: Porcentaje % | I93: Porcentaje % | K93: * | L93: * | N93: * | O93: * | Q93: * | R93: *
C94: ADMINISTRACIÓN. | H94: 0.15 | I94: =(I81+I87+I92)*H94 -> 5922869.3 | K94: 0.15 | L94: =(L81+L87+L92)*K94 -> 2564598.5 | N94: 0.15 | O94: =(O81+O87+O92)*N94 -> 131373.64 | R94: =(R81+R87+R92)*H94 -> 2695972.2 | AF94: 0.15 | AG94: =+(AG92+AG87+AG81)*AF94 -> 6235422.3
C95: IMPREVISTOS | H95: 0.05 | I95: =(I81+I87+I92)*H95 -> 1974289.8 | K95: 0.05 | L95: =(L81+L87+L92)*K95 -> 854866.17 | N95: 0.05 | O95: =(O81+O87+O92)*N95 -> 43791.215 | R95: =(R81+R87+R92)*H95 -> 898657.39 | AF95: 0.05 | AG95: =+(AG92+AG87+AG81)*AF95 -> 2078474.1
C96: UTILIDAD | H96: 0.05 | I96: =(I81+I87+I92)*H96 -> 1974289.8 | K96: 0.05 | L96: =(L81+L87+L92)*K96 -> 854866.17 | N96: 0.05 | O96: =(O81+O87+O92)*N96 -> 43791.215 | R96: =(R81+R87+R92)*H96 -> 898657.39 | AF96: 0.05 | AG96: =+(AG92+AG87+AG81)*AF96 -> 2078474.1
C97: IVA SOBRE UTILIDAD | H97: 0.19 | I97: =I96*H97 -> 375115.05 | K97: 0.19 | L97: =L96*K97 -> 162424.57 | N97: 0.19 | O97: =O96*N97 -> 8320.3308 | R97: =R96*H97 -> 170744.9 | AF97: 0.19 | AG97: =+AG96*AF97 -> 394910.08
C98: TOTAL COSTOS | I98: =I81+I87+I92+I94+I95+I96+I97 -> 49732359 | L98: =L81+L87+L92+L94+L95+L96+L97 -> 21534079 | O98: =O81+O87+O92+O94+O95+O96+O97 -> 1103100.7 | R98: =R81+R87+R92+R94+R95+R96+R97 -> 22637180 | AG98: =SUM(AG94:AG97)+AG92+AG87+AG81 -> 52356763
C100: INSTALACIONES ELÉCTRICAS
C101: DESCRIPCION ACTIVIDADES | F101: UNIDAD | G101: CANTIDAD | H101: Precio unitario | I101: valor total | K101: CANTIDAD | L101: VALOR | N101: CANTIDAD | O101: VALOR | Q101: CANTIDAD | R101: VR. EJECUTADO
B102: 1 | C102: PRELIMINARES | H102: * | I102: * | K102: * | L102: * | N102: * | O102: * | Q102: * | R102: *
B103: 1.1 | C103: DEMOLICION PAÑETES (INC. RETIRO DE SOBR.) INCLUYE EQUIPOS, HERRAMIENTAS Y TODO LOS ELEMENTOS NECESARIOS PARA SU CORRECTA EJECUCION. | F103: M2 | G103: 12 | H103: =+AF103*$AF$16 -> 18433.499 | I103: =G103*H103 -> 221201.98 | K103: 0 | L103: =+K103*H103 -> 0 | N103: 0 | O103: =+N103*H103 -> 0 | Q103: =+N103+K103 -> 0 | R103: =+Q103*H103 -> 0 | T103: 1 | AF103: 19736.08 | AG103: =+AF103*G103 -> 236832.96
B104: 1.2 | C104: DEMOLICION CIELO RASO FALSO (INC. RETIRO DE SOBR.) INCLUYE EQUIPOS, HERRAMIENTAS Y TODO LOS ELEMENTOS NECESARIOS PARA SU CORRECTA EJECUCION. | F104: M2 | G104: 12 | H104: =+AF104*$AF$16 -> 102495.4 | I104: =G104*H104 -> 1229944.8 | K104: 0 | L104: =+K104*H104 -> 0 | N104: 0 | O104: =+N104*H104 -> 0 | Q104: =+N104+K104 -> 0 | R104: =+Q104*H104 -> 0 | T104: 1 | AF104: 109738.12 | AG104: =+AF104*G104 -> 1316857.4
B105: 1.3 | C105: RETIRO DE ESCOMBROS, INCLUYE CARGUE Y RETIRO A SITIO AUTORIZADO | F105: M3 | G105: 2 | H105: =+AF105*$AF$16 -> 98629.784 | I105: =G105*H105 -> 197259.57 | K105: 0 | L105: =+K105*H105 -> 0 | N105: 0 | O105: =+N105*H105 -> 0 | Q105: =+N105+K105 -> 0 | R105: =+Q105*H105 -> 0 | T105: 1 | AF105: 105599.34 | AG105: =+AF105*G105 -> 211198.68
C106: SUBTOTAL | F106: * | G106: * | H106: * | I106: =SUM(I103:I105) -> 1648406.4 | K106: * | L106: =SUM(L103:L105) -> 0 | O106: =SUM(O103:O105) -> 0 | R106: =SUM(R103:R105) -> 0 | AG106: =SUM(AG103:AG105) -> 1764889.1
B107: 2 | C107: CUBIERTAS | H107: * | I107: * | K107: * | L107: * | N107: * | O107: * | Q107: * | R107: *
B108: 2.1 | C108: SUMINISTRO, INSTALACIÓN DE SALIDA DE ILUMINACIÓN PROMEDIO 6 M DE LONGITUD, INCLUYE TUBERÍA TIPO E.M.T, INTERRUPTOR, RESANES. CONDUCTOR CALIBRE 12 AWG, THWN/THHW, HILO DE CONTINUIDAD, CAJAS GALVANIZADA Y ACCESORIOS. INCLUYE ACCESORIOS, HERRAMIENTOS, EQUIPOS Y TODOS LOS ELEMENTOS NECESARIOS PARA SU CORRECTA INSTALACION. | F108: UN | G108: 12 | H108: =+AF108*$AH$16 -> 152921.59 | I108: =G108*H108 -> 1835059.1 | K108: =+'INSTALACIONES ELÉCTRICAS 2.1'!G56 -> 8 | L108: =+K108*H108 -> 1223372.7 | N108: 0 | O108: =+N108*H108 -> 0 | Q108: =+N108+K108 -> 8 | R108: =+Q108*H108 -> 1223372.7 | S108: 1 | AF108: 159625.88 | AG108: =+AF108*G108 -> 1915510.6
B109: 2.2 | C109: SUMINISTRO E INSTALACION DE TABLERO DE 12 CIRCUITOS BIFASICO CON PUERTA, INCLUYE BREAKERS, HERRAMIENTAS Y EQUIPOS NECESARIOS PARA SU CORRECTA INSTALACION. | F109: UN | G109: 1 | H109: =+AF109*$AH$16 -> 853578 | I109: =G109*H109 -> 853578 | K109: 0 | L109: =+K109*H109 -> 0 | N109: 0 | O109: =+N109*H109 -> 0 | Q109: =+N109+K109 -> 0 | R109: =+Q109*H109 -> 0 | T109: 1 | AF109: 891000 | AG109: =+AF109*G109 -> 891000
...

Sheet CUBIERTA 1.3
A1: CONSORCIO JHS - CONSTRUCCIONES AL DIA | C1: MEMORIAS DE CANTIDADES DE OBRA
A3: INFORMACIÓN GENERAL DEL CONTRATO
A4: CONTRATISTA DE OBRA: | B4: CONSORCIO JHS - CONSTRUCCIONES AL DIA | H4: N° CONTRATO DE OBRA | P4: CO1_PCCNTR_5116115 | X4: DE | AA4: 2023 | AF4: pag. | AM4: de
A5: OBJETO: | B5: REALIZAR ADECUACIONES, REPARACIONES Y MEJORAS A LA PLANTA FISICA DEL INMUEBLE UBICADO EN LA DIRECCIÓN KR 30 NO. 12 - 35
A7: NOMBRE . | B7: INSTITUTO COLOMBIANO DE BIENESTAR FAMILIAR
A9: CAPÍTULO | B9: =+'CORTE No. 2'!C15 -> CUBIERTAS
A10: ITEM No. | B10: UNIDAD | C10: DESCRIPCIÓN | M10: ZONA O ÁREA DE UBICACIÓN | AB10: CORTE No. | AJ10: FECHA
A11: =+'CORTE No. 2'!B20 -> 1.3 | B11: =+'CORTE No. 2'!F20 -> M3 | C11: =+'CORTE No. 2'!C20:E20 -> RETIRO DE ESCOMBROS, INCLUYE CARGUE Y RETIRO A SITIO AUTORIZADO | M11: GENERAL | AB11: 2
A13: ÁREA O LUGAR ESPECIFICO | C13: DIMENSIONES | G13: MEDIDA TOTAL | H13: PLANO O REGISTRO GRÁFICO O ESQUEMA
C14: LARGO | D14: ANCHO | E14: ALTO | F14: CANT.
A15: RETIRO ESCOMBRO MANTO | F15: 7 | G15: =+F15 -> 7
A43: CANTIDAD TOTAL | G43: =SUM(G15:G42) -> 7
A45: OBSERVACIONES
A46: N.A
C49: QUIEN ENTREGA | M49: QUIEN RECIBE:
C53: ING.HECTOR PARDO | H53: ARQ. JOHNY ALEXANDER HERNANDEZ
C54: RESIDENTE DE OBRA

Sheet CUBIERTA 2.1
A1: CONSORCIO JHS - CONSTRUCCIONES AL DIA | C1: MEMORIAS DE CANTIDADES DE OBRA
A3: INFORMACIÓN GENERAL DEL CONTRATO
A4: CONTRATISTA DE OBRA: | B4: CONSORCIO JHS - CONSTRUCCIONES AL DIA | H4: N° CONTRATO DE OBRA | P4: CO1_PCCNTR_5116115 | X4: DE | AA4: 2023 | AF4: pag. | AM4: de
A5: OBJETO: | B5: REALIZAR ADECUACIONES, REPARACIONES Y MEJORAS A LA PLANTA FISICA DEL INMUEBLE UBICADO EN LA DIRECCIÓN KR 30 NO. 12 - 35
A7: NOMBRE . | B7: INSTITUTO COLOMBIANO DE BIENESTAR FAMILIAR
A9: CAPÍTULO | B9: =+'CORTE No. 2'!C15 -> CUBIERTAS
A10: ITEM No. | B10: UNIDAD | C10: DESCRIPCIÓN | M10: ZONA O ÁREA DE UBICACIÓN | AB10: CORTE No. | AJ10: FECHA
A11: =+'CORTE No. 2'!B23 -> 2.1 | B11: =+'CORTE No. 2'!F23 -> M2 | C11: =+'CORTE No. 2'!C23:E23 -> CIELO FALSO EN LAMINA DE DRYWALL 12 MM TERMINADO. INCLUYE HERRAMIENTAS Y EQUIPOS NECESARIOS PARA SU CORRECTA INSTALACION. | M11: GENERAL | AB11: 2
A13: ÁREA O LUGAR ESPECIFICO | C13: DIMENSIONES | G13: MEDIDA TOTAL | H13: PLANO O REGISTRO GRÁFICO O ESQUEMA
C14: LARGO | D14: ANCHO | E14: ALTO | F14: CANT.
A15: CIELO RASO ARCHIVO FISCALIA | C15: 3.22 | D15: 2.1 | G15: =+C15*D15 -> 6.762
A16: CIELO RASO CUARTO FISCALIA | C16: 2.13 | D16: 1.45 | G16: =+C16*D16 -> 3.0885
A17: CIELO RASO HALL FISCALIA | C17: 2.53 | D17: 1.55 | G17: =+C17*D17 -> 3.9215
A18: CIELO RASO BAÑO SEGUNDO PISO | C18: 1 | D18: 1.5 | G18: =+C18*D18 -> 1.5
A19: CIELO RASO DUCTO SEGUNDO PISO | C19: 1.6 | D19: 0.4 | G19: =+C19*D19 -> 0.64
A20: REPARACIONES TECHO CUARTO PISO | C20: 1 | D20: 1 | G20: =+C20*D20 -> 1
A21: REPARACIONES TECHO CUARTO PISO | C21: 1 | D21: 1 | G21: =+C21*D21 -> 1
A22: REPARACIÓN TECHO MEDICINA LEGAL | C22: 1 | D22: 1 | G22: =+C22*D22 -> 1
A23: CIELO RASO BAÑO CENTRO DE RECLUSIÓN | C23: 3 | D23: 3 | G23: =+C23*D23 -> 9
G61: =SUM(G15:G60) -> 27.912
A63: OBSERVACIONES
A64: N.A
C67: QUIEN ENTREGA | M67: QUIEN RECIBE:
C71: ING.HECTOR PARDO | H71: ARQ. JOHNY ALEXANDER HERNANDEZ
C72: RESIDENTE DE OBRA

Sheet CUBIERTA 3.2
A1: CONSORCIO JHS - CONSTRUCCIONES AL DIA | C1: MEMORIAS DE CANTIDADES DE OBRA
A3: INFORMACIÓN GENERAL DEL CONTRATO
A4: CONTRATISTA DE OBRA: | B4: CONSORCIO JHS - CONSTRUCCIONES AL DIA | H4: N° CONTRATO DE OBRA | P4: CO1_PCCNTR_5116115 | X4: DE | AA4: 2023 | AF4: pag. | AM4: de
A5: OBJETO: | B5: REALIZAR ADECUACIONES, REPARACIONES Y MEJORAS A LA PLANTA FISICA DEL INMUEBLE UBICADO EN LA DIRECCIÓN KR 30 NO. 12 - 35
A7: NOMBRE . | B7: INSTITUTO COLOMBIANO DE BIENESTAR FAMILIAR
A9: CAPÍTULO | B9: =+'CORTE No. 2'!C15 -> CUBIERTAS
A10: ITEM No. | B10: UNIDAD | C10: DESCRIPCIÓN | M10: ZONA O ÁREA DE UBICACIÓN | AB10: CORTE No. | AJ10: FECHA
A11: =+'CORTE No. 2'!B27 -> 3.2 | B11: =+'CORTE No. 2'!F27 -> UN | C11: =+'CORTE No. 2'!C27:E27 -> CIELO RASO ACRILICO DE 60 X1.20 CM | M11: GENERAL | AB11: 2
A13: ÁREA O LUGAR ESPECIFICO | C13: DIMENSIONES | G13: MEDIDA TOTAL | H13: PLANO O REGISTRO GRÁFICO O ESQUEMA
C14: LARGO | D14: ANCHO | E14: ALTO | F14: CANT.
A15: CIELO RASO ACRILICO | C15: 1.2 | D15: 0.6 | F15: 9 | G15: =+F15 -> 9
G59: =SUM(G15:G58) -> 9
A61: OBSERVACIONES
A62: N.A
C65: QUIEN ENTREGA | M65: QUIEN RECIBE:
C69: ING.HECTOR PARDO | H69: ARQ. JOHNY ALEXANDER HERNANDEZ
C70: RESIDENTE DE OBRA

Sheet CUBIERTA 3.3
A1: CONSORCIO JHS - CONSTRUCCIONES AL DIA | C1: MEMORIAS DE CANTIDADES DE OBRA
A3: INFORMACIÓN GENERAL DEL CONTRATO
A4: CONTRATISTA DE OBRA: | B4: CONSORCIO JHS - CONSTRUCCIONES AL DIA | H4: N° CONTRATO DE OBRA | P4: CO1_PCCNTR_5116115 | X4: DE | AA4: 2023 | AF4: pag. | AM4: de
A5: OBJETO: | B5: REALIZAR ADECUACIONES, REPARACIONES Y MEJORAS A LA PLANTA FISICA DEL INMUEBLE UBICADO EN LA DIRECCIÓN KR 30 NO. 12 - 35
A7: NOMBRE . | B7: INSTITUTO COLOMBIANO DE BIENESTAR FAMILIAR
A9: CAPÍTULO | B9: =+'CORTE No. 2'!C15 -> CUBIERTAS
A10: ITEM No. | B10: UNIDAD | C10: DESCRIPCIÓN | M10: ZONA O ÁREA DE UBICACIÓN | AB10: CORTE No. | AJ10: FECHA
A11: =+'CORTE No. 2'!B28 -> 3.3 | B11: =+'CORTE No. 2'!F28 -> ML | C11: =+'CORTE No. 2'!C28:E28 -> FLANCHE EN LAMINA GALVANIZADA | M11: GENERAL | AB11: 2
A13: ÁREA O LUGAR ESPECIFICO | C13: DIMENSIONES | G13: MEDIDA TOTAL | H13: PLANO O REGISTRO GRÁFICO O ESQUEMA
C14: LARGO | D14: ANCHO | E14: ALTO | F14: CANT.
A15: FLANCE COBERTURA FACHADA | C15: 1.3 | F15: 4 | G15: =+C15*F15 -> 5.2
G65: =SUM(G15:G64) -> 5.2
A67: OBSERVACIONES
A68: N.A
C71: QUIEN ENTREGA | M71: QUIEN RECIBE:
C75: ING.HECTOR PARDO | H75: ARQ. JOHNY ALEXANDER HERNANDEZ
C76: RESIDENTE DE OBRA

Sheet CUBIERTA 3.4
A1: CONSORCIO JHS - CONSTRUCCIONES AL DIA | C1: MEMORIAS DE CANTIDADES DE OBRA
A3: INFORMACIÓN GENERAL DEL CONTRATO
A4: CONTRATISTA DE OBRA: | B4: CONSORCIO JHS - CONSTRUCCIONES AL DIA | H4: N° CONTRATO DE OBRA | P4: CO1_PCCNTR_5116115 | X4: DE | AA4: 2023 | AF4: pag. | AM4: de
A5: OBJETO: | B5: REALIZAR ADECUACIONES, REPARACIONES Y MEJORAS A LA PLANTA FISICA DEL INMUEBLE UBICADO EN LA DIRECCIÓN KR 30 NO. 12 - 35
A7: NOMBRE . | B7: INSTITUTO COLOMBIANO DE BIENESTAR FAMILIAR
A9: CAPÍTULO | B9: =+'CORTE No. 2'!C15 -> CUBIERTAS
A10: ITEM No. | B10: UNIDAD | C10: DESCRIPCIÓN | M10: ZONA O ÁREA DE UBICACIÓN | AB10: CORTE No. | AJ10: FECHA
A11: =+'CORTE No. 2'!B29 -> 3.4 | B11: =+'CORTE No. 2'!F29 -> ML | C11: =+'CORTE No. 2'!C29:E29 -> LIMPIEZA Y MANTENIMIENTO DE CANALES Y BAJANTES. | M11: GENERAL | AB11: 2
A13: ÁREA O LUGAR ESPECIFICO | C13: DIMENSIONES | G13: MEDIDA TOTAL | H13: PLANO O REGISTRO GRÁFICO O ESQUEMA
C14: LARGO | D14: ANCHO | E14: ALTO | F14: CANT.
A15: CANAL COSTADO SUR | C15: 45.3 | G15: =+C15 -> 45.3
A16: CANAL COSTADO ORIENTAL | C16: 18.3 | G16: =+C16 -> 18.3
A17: CANAL COSTADO OCCIDENTAL | C17: 18.3 | G17: =+C17 -> 18.3
A18: CANAL SALON DE COLORES | C18: 6.2 | G18: =+C18 -> 6.2
G67: =SUM(G15:G66) -> 88.1
A69: OBSERVACIONES
A70: N.A
C73: QUIEN ENTREGA | M73: QUIEN RECIBE:
C77: ING.HECTOR PARDO | H77: ARQ. JOHNY ALEXANDER HERNANDEZ
C78: RESIDENTE DE OBRA

Sheet CUBIERTA 3.8
A1: CONSORCIO JHS - CONSTRUCCIONES AL DIA | C1: MEMORIAS DE CANTIDADES DE OBRA
A3: INFORMACIÓN GENERAL DEL CONTRATO
A4: CONTRATISTA DE OBRA: | B4: CONSORCIO JHS - CONSTRUCCIONES AL DIA | H4: N° CONTRATO DE OBRA | P4: CO1_PCCNTR_5116115 | X4: DE | AA4: 2023 | AF4: pag. | AM4: de
A5: OBJETO: | B5: REALIZAR ADECUACIONES, REPARACIONES Y MEJORAS A LA PLANTA FISICA DEL INMUEBLE UBICADO EN LA DIRECCIÓN KR 30 NO. 12 - 35
A7: NOMBRE . | B7: INSTITUTO COLOMBIANO DE BIENESTAR FAMILIAR
A9: CAPÍTULO | B9: =+'CORTE No. 2'!C15 -> CUBIERTAS
A10: ITEM No. | B10: UNIDAD | C10: DESCRIPCIÓN | M10: ZONA O ÁREA DE UBICACIÓN | AB10: CORTE No. | AJ10: FECHA
A11: =+'CORTE No. 2'!B33 -> 3.8 | B11: =+'CORTE No. 2'!F33 -> SEMANA | C11: =+'CORTE No. 2'!C33:E33 -> Suministro de andamios certificados altura aproximada 14 m (6 secciones de 2 m). Incluye transporte. | M11: GENERAL | AB11: 2
A13: ÁREA O LUGAR ESPECIFICO | C13: DIMENSIONES | G13: MEDIDA TOTAL | H13: PLANO O REGISTRO GRÁFICO O ESQUEMA
C14: LARGO | D14: ANCHO | E14: ALTO | F14: CANT.
A15: ANDAMIO CERTIFICADO
A16: SEMANA 6 LUNES 14 DE AGOSTO A DOMINGO 20 DE AGOSTO | F16: 1 | G16: =+F16 -> 1
A18: SEMANA 7 LUNES 21 DE AGOSTO A DOMINGO 27 DE AGOSTO | F18: 1 | G18: =+F18 -> 1
A20: SEMANA 8 LUNES 28 DE AGOSTO A DOMINGO 3 DE SEPTIEMBRE | F20: 1 | G20: =+F20 -> 1
A22: SEMANA 9 LUNES 4 DE SEPTIEMBRE A DOMINGO 10 DE SEPTIEMBRE | F22: 1 | G22: =+F22 -> 1
A24: SEMANA 10 LUNES 11 DE SEPTIEMBRE A DOMINGO 17 DE SEPTIEMBRE | F24: 1 | G24: =+F24 -> 1
A26: SEMANA 11 LUNES 18 DE SEPTIEMBRE A DOMINGO 24 DE SEPTIEMBRE | F26: 1 | G26: =+F26 -> 1
A28: SEMANA 12 LUNES 25 DE SEPTIEMBRE A DOMINGO 1 DE OCTUBRE | F28: 1 | G28: =+F28 -> 1
A30: SEMANA 13 LUNES 2 DE OCTUBRE A DOMINGO 8 DE OCTUBRE | F30: 1 | G30: =+F30 -> 1
G49: =SUM(G15:G48) -> 8
A51: OBSERVACIONES
A52: N.A
C55: QUIEN ENTREGA | M55: QUIEN RECIBE:
C59: ING.HECTOR PARDO | H59: ARQ. JOHNY ALEXANDER HERNANDEZ
C60: RESIDENTE DE OBRA

Sheet PINTURA 1.1
A1: CONSORCIO JHS - CONSTRUCCIONES AL DIA | C1: MEMORIAS DE CANTIDADES DE OBRA
A3: INFORMACIÓN GENERAL DEL CONTRATO
A4: CONTRATISTA DE OBRA: | B4: CONSORCIO JHS - CONSTRUCCIONES AL DIA | H4: N° CONTRATO DE OBRA | P4: CO1_PCCNTR_5116115 | X4: DE | AA4: 2023 | AF4: pag. | AM4: de
A5: OBJETO: | B5: REALIZAR ADECUACIONES, REPARACIONES Y MEJORAS A LA PLANTA FISICA DEL INMUEBLE UBICADO EN LA DIRECCIÓN KR 30 NO. 12 - 35
A7: NOMBRE . | B7: INSTITUTO COLOMBIANO DE BIENESTAR FAMILIAR
A9: CAPÍTULO | B9: =+'CORTE No. 2'!C42 -> PINTURA EN ALTURA
A10: ITEM No. | B10: UNIDAD | C10: DESCRIPCIÓN | M10: ZONA O ÁREA DE UBICACIÓN | AB10: CORTE No. | AJ10: FECHA
A11: =+'CORTE No. 2'!B45 -> 1.1 | B11: =+'CORTE No. 2'!F45 -> M2 | C11: =+'CORTE No. 2'!C45:E45 -> PINTURA INTERIOR EN VINILO TIPO 1 CON 3 MANOS DE PINTURA, INCLUYE FILOS, DILATACIONES Y RESANES, ANDAMIOS Y HERRAMIENTAS NECESARIAS PARA SU CORRECTA EJECUCION. | M11: GENERAL | AB11: 2
A13: ÁREA O LUGAR ESPECIFICO | C13: DIMENSIONES | G13: MEDIDA TOTAL | H13: PLANO O REGISTRO GRÁFICO O ESQUEMA
C14: LARGO | D14: ANCHO | E14: ALTO | F14: CANT.
A15: TERCER PISO TECHO OFICINAS | C15: 9.9 | D15: 7.1 | G15: =+D15*C15 -> 70.29
A16: TERCER PISO TECHO OFICINAS | C16: 30 | D16: 0.04 | G16: =+D16*C16 -> 1.2
A17: MUROS BAÑO FISCALIA HOMBRES | C17: 3.92 | E17: 0.75 | G17: =+E17*C17 -> 2.94
C18: 1.5 | E18: 0.75 | G18: =+E18*C18 -> 1.125
C19: 2.41 | E19: 0.75 | G19: =+E19*C19 -> 1.8075
C20: 2.6 | E20: 0.75 | G20: =+E20*C20 -> 1.95
C21: 2.65 | E21: 0.75 | G21: =+E21*C21 -> 1.9875
C22: 2.84 | E22: 0.75 | G22: =+E22*C22 -> 2.13
C23: 1.6 | E23: 0.75 | G23: =+E23*C23 -> 1.2
A24: TECHO BAÑO FISCALIA HOMBRES | F24: 14.48 | G24: =+F24 -> 14.48
A25: TECHO BAÑO FISCLIA MUJERES | F25: 18.15 | G25: =+F25 -> 18.15
A26: MUROS BAÑO FISCALIA MUJERES | C26: 2.4 | E26: 0.79 | G26: =+E26*C26 -> 1.896
C27: 3.4 | E27: 0.79 | G27: =+E27*C27 -> 2.686
C28: 3.8 | E28: 0.79 | G28: =+E28*C28 -> 3.002
C29: 1.14 | E29: 0.79 | G29: =+E29*C29 -> 0.9006
C30: 0.93 | E30: 0.79 | G30: =+E30*C30 -> 0.7347
C31: 2.95 | E31: 0.79 | G31: =+E31*C31 -> 2.3305
C32: 3.94 | E32: 0.79 | G32: =+E32*C32 -> 3.1126
C33: 1.45 | E33: 0.79 | G33: =+E33*C33 -> 1.1455
A34: MUROS CUARTO DE ARCHIVO FISCALIA | C34: 3.3 | E34: 2.4 | G34: =+E34*C34 -> 7.92
C35: =3.3-0.8 -> 2.5 | E35: 2.4 | G35: =+E35*C35 -> 6
C36: 2.1 | E36: 2.4 | F36: 2 | G36: =+(E36*C36)*F36 -> 10.08
A37: MUROS CUARTO FISCALIA | C37: 2.15 | E37: 2.4 | F37: 2 | G37: =+(E37*C37)*F37 -> 10.32
C38: 1.5 | E38: 2.4 | G38: =+E38*C38 -> 3.6
C39: =1.5-0.8 -> 0.7 | E39: 2.4 | G39: =+E39*C39 -> 1.68
A40: MUROS CUARTO CONSEJE CUARTO PISO | C40: 1.2 | E40: 2.3 | F40: 2 | G40: =+(E40*C40)*F40 -> 5.52
C41: 2.15 | E41: 2.3 | G41: =+E41*C41 -> 4.945
C42: =2.15-0.8 -> 1.35 | E42: 2.3 | G42: =+E42*C42 -> 3.105
A43: TECHO CUARTO CONSERJE CUARTO PISO | C43: 2.15 | D43: 1.2 | G43: =+D43*C43 -> 2.58
A44: MUROS COCINETA CUARTO PISO | C44: 2.65 | E44: 2.4 | F44: 2 | G44: =+(E44*C44)*F44 -> 12.72
C45: 1.2 | E45: 2.4 | G45: =+E45*C45 -> 2.88
C46: =1.2-0.8 -> 0.4 | E46: 2.4 | G46: =+E46*C46 -> 0.96
A47: TECHO COCINETA CUARTO PISO | C47: 2.65 | D47: 1.2 | G47: =+D47*C47 -> 3.18
A48: TECHO ZONA NORTE CUARTO PISO | F48: 119.58 | G48: =+F48 -> 119.58
F49: 42.6 | G49: =+F49 -> 42.6
F50: 122.26 | G50: =+F50 -> 122.26
A51: MURO COCINETA TERCER PISO | C51: 15.75 | E51: 0.88 | G51: =+E51*C51 -> 13.86
A52: TECHO COCINETA TERCER PISO | F52: 9.61 | G52: =+F52 -> 9.61
A53: MURO BAÑO HOMBRE SEGUNDO PISO | C53: 6.52 | E53: 1.7 | G53: =+E53*C53 -> 11.084
A54: TECHO BAÑO HOMBRE SEGUNDO PISO | F54: 2.34 | G54: =+F54 -> 2.34
A55: MURO BAÑO MUJERES SEGUNDO PISO | C55: 5.8 | E55: 1.7 | G55: =+E55*C55 -> 9.86
A56: TECHO BAÑO MUJERES SEGUNDO PISO | F56: 2.1 | G56: =+F56 -> 2.1
A57: MURO HALL BAÑOS | C57: 3.36 | E57: 2.7 | G57: =+E57*C57 -> 9.072
A58: TECHO HALL BAÑOS | F58: 2.68 | G58: =+F58 -> 2.68
A59: MURO BATERIA DE BAÑOS HOMBRES SEGUNDO PISO | C59: 9.54 | E59: 0.72 | G59: =+E59*C59 -> 6.8688
A60: TECHO BATERIA DE BAÑOS HOMBRES SEGUNDO PISO | C60: 2.25 | D60: 2.52 | G60: =+D60*C60 -> 5.67
A61: MURO BATERIA DE BAÑOS MUJERES SEGUNDO PISO | C61: 16.8 | E61: 0.71 | G61: =+E61*C61 -> 11.928
C62: 2.7 | E62: 0.57 | G62: =+E62*C62 -> 1.539
A63: TECHO BATERIA DE BAÑOS MUJERES SEGUNDO PISO | F63: 11.66 | G63: =+F63 -> 11.66
A64: MUROS CAFETERIA SEGUNDO PISO | C64: 2.88 | E64: 2.72 | F64: 2 | G64: =+(E64*C64)*F64 -> 15.6672
C65: 2.5 | E65: 2.72 | G65: =+E65*C65 -> 6.8
C66: 1.7 | E66: 2.72 | G66: =+E66*C66 -> 4.624
C67: =0.6+2.2 -> 2.8 | E67: -0.6 | G67: =+E67*C67 -> -1.68
A68: TECHO CAFETERIA SEGUNDO PISO | C68: 2.88 | D68: 2.5 | G68: =+D68*C68 -> 7.2
A69: PISO CUARTO DE BOMBAS | F69: 14.32 | G69: =+F69 -> 14.32
A70: TECHO CUARTO DE BOMBAS | F70: 14.32 | G70: =+F70 -> 14.32
A71: MUROS CUARTO DE BOMBAS | C71: 6.8 | E71: 2.45 | G71: =+E71*C71 -> 16.66
C72: 2.97 | E72: 2.45 | G72: =+E72*C72 -> 7.2765
C73: 0.25 | E73: 2.45 | G73: =+E73*C73 -> 0.6125
C74: 0.92 | E74: 2.45 | G74: =+E74*C74 -> 2.254
C75: 2.63 | E75: 2.45 | G75: =+E75*C75 -> 6.4435
C76: 1.12 | E76: 2.45 | G76: =+E76*C76 -> 2.744
C77: 1.71 | E77: 2.45 | G77: =+E77*C77 -> 4.1895
C78: 4.1 | E78: 2.45 | G78: =+E78*C78 -> 10.045
A79: TECHO CUARTO DORMITORIO | F79: 46.56 | G79: =+F79 -> 46.56
F80: 26.96 | G80: =+F80 -> 26.96
F81: =4.85*3 -> 14.55 | G81: =+F81 -> 14.55
A82: MUROS HALL DE ACCESO COCINETA SEGUNDO PISO | C82: 2.45 | E82: 2.82 | F82: 2 | G82: =+(E82*C82)*F82 -> 13.818
C83: 0.4 | E83: 2.82 | F83: 2 | G83: =+(E83*C83)*F83 -> 2.256
C84: 1.6 | E84: 2.82 | F84: 2 | G84: =+(E84*C84)*F84 -> 9.024
C85: 1.13 | E85: 2.82 | F85: 2 | G85: =+(E85*C85)*F85 -> 6.3732
C86: -0.83 | E86: 2.1 | F86: 2 | G86: =+(E86*C86)*F86 -> -3.486
A87: TECHO HALL DE ACCESO COCINETA SEGUNDO PISO | C87: 5.8 | D87: 1 | G87: =+D87*C87 -> 5.8
A88: CUARTO DE ASEO CUARTO PISO | C88: 3.7 | E88: 2.4 | G88: =+E88*C88 -> 8.88
A89: TECHO BAÑO PMR SEGUNDO PISO | C89: 2.3 | D89: 2.3 | G89: =+D89*C89 -> 5.29
A90: MUROS BAÑO PMR SEGUNDO PISO | F90: 9.24 | G90: =+F90 -> 9.24
A91: COLUMNAS PRIMER PISO | C91: 0.25 | E91: 3.02 | F91: 4 | G91: =+(C91*E91)*F91 -> 3.02
C92: 0.25 | E92: 3.02 | F92: 4 | G92: =+(C92*E92)*F92 -> 3.02
C93: 0.25 | E93: 3.02 | F93: 4 | G93: =+(C93*E93)*F93 -> 3.02
C94: 0.25 | E94: 3.02 | F94: 4 | G94: =+(C94*E94)*F94 -> 3.02
C95: 0.25 | E95: 3.02 | F95: 4 | G95: =+(C95*E95)*F95 -> 3.02
C96: 0.25 | E96: 3.02 | F96: 4 | G96: =+(C96*E96)*F96 -> 3.02
A97: PUERTA BAÑO HOMBRES SEGUNDO PISO | C97: 0.75 | E97: 2.1 | F97: 2 | G97: =+(C97*E97)*F97 -> 3.15
A98: PUERTA BAÑO MUJERES SEGUNDO PISO | C98: 0.75 | E98: 2.1 | F98: 2 | G98: =+(C98*E98)*F98 -> 3.15
A99: PUERTA COCINETA SEGUNDO PISO | C99: 0.75 | E99: 2.1 | F99: 2 | G99: =+(C99*E99)*F99 -> 3.15
A100: PUERTA HALL DE ACCESO CUARTO VIGILANCIA | C100: 0.75 | E100: 2.1 | F100: 2 | G100: =+(C100*E100)*F100 -> 3.15
A101: PUERTA BATERIA DE BAÑO MUJERES SEGUNDO PISO | C101: 0.75 | E101: 2.1 | F101: 2 | G101: =+(C101*E101)*F101 -> 3.15
A102: PUERTA BAÑO PMR SEGUNDO PISO | C102: 0.75 | E102: 2.1 | F102: 2 | G102: =+(C102*E102)*F102 -> 3.15
A103: PUERTA COCINETA TERCER PISO | C103: 0.75 | E103: 2.1 | F103: 2 | G103: =+(C103*E103)*F103 -> 3.15
A104: PUERTA CUARTO FISCALIA TERCER PISO | C104: 0.75 | E104: 2.1 | F104: 2 | G104: =+(C104*E104)*F104 -> 3.15
...

Sheet PINTURA 1.2
A1: CONSORCIO JHS - CONSTRUCCIONES AL DIA | C1: MEMORIAS DE CANTIDADES DE OBRA
A3: INFORMACIÓN GENERAL DEL CONTRATO
A4: CONTRATISTA DE OBRA: | B4: CONSORCIO JHS - CONSTRUCCIONES AL DIA | H4: N° CONTRATO DE OBRA | P4: CO1_PCCNTR_5116115 | X4: DE | AA4: 2023 | AF4: pag. | AM4: de
A5: OBJETO: | B5: REALIZAR ADECUACIONES, REPARACIONES Y MEJORAS A LA PLANTA FISICA DEL INMUEBLE UBICADO EN LA DIRECCIÓN KR 30 NO. 12 - 35
A7: NOMBRE . | B7: INSTITUTO COLOMBIANO DE BIENESTAR FAMILIAR
A9: CAPÍTULO | B9: =+'CORTE No. 2'!C42 -> PINTURA EN ALTURA
A10: ITEM No. | B10: UNIDAD | C10: DESCRIPCIÓN | M10: ZONA O ÁREA DE UBICACIÓN | AB10: CORTE No. | AJ10: FECHA
A11: =+'CORTE No. 2'!B46 -> 1.2 | B11: =+'CORTE No. 2'!F46 -> M2 | C11: =+'CORTE No. 2'!C46:E46 -> APLICACION DE IMPERMEABILIZANTE ACRILICO EN MUROS PARA TANQUE SUBTERRANEO, CON DOS MANOS DE IMPRIMACION DEL PRODUCTO. INCLUYE TODOS LOS ELEMENTOS NECESARIOS PARA SU CORRECTA APLICACIÓN. | M11: GENERAL | AB11: 2
A13: ÁREA O LUGAR ESPECIFICO | C13: DIMENSIONES | G13: MEDIDA TOTAL | H13: PLANO O REGISTRO GRÁFICO O ESQUEMA
C14: LARGO | D14: ANCHO | E14: ALTO | F14: CANT.
A15: IMPERMEABLIZACIÓN PISO TANQUE | C15: 8 | D15: 5 | G15: =+D15*C15 -> 40
A16: IMPERMEABLIZACIÓN MUROS TANQUE | C16: 8 | E16: 1.8 | F16: 2 | G16: =+(C16*E16)*F16 -> 28.8
C17: 5 | E17: 1.8 | F17: 2 | G17: =+(C17*E17)*F17 -> 18
G86: =SUM(G15:G85) -> 86.8
A88: OBSERVACIONES
A89: N.A
C92: QUIEN ENTREGA | M92: QUIEN RECIBE:
C96: ING.HECTOR PARDO | H96: ARQ. JOHNY ALEXANDER HERNANDEZ
C97: RESIDENTE DE OBRA

Sheet PISOS Y COCINA 1.3
A1: CONSORCIO JHS - CONSTRUCCIONES AL DIA | C1: MEMORIAS DE CANTIDADES DE OBRA
A3: INFORMACIÓN GENERAL DEL CONTRATO
A4: CONTRATISTA DE OBRA: | B4: CONSORCIO JHS - CONSTRUCCIONES AL DIA | H4: N° CONTRATO DE OBRA | P4: CO1_PCCNTR_5116115 | X4: DE | AA4: 2023 | AF4: pag. | AM4: de
A5: OBJETO: | B5: REALIZAR ADECUACIONES, REPARACIONES Y MEJORAS A LA PLANTA FISICA DEL INMUEBLE UBICADO EN LA DIRECCIÓN KR 30 NO. 12 - 35
A7: NOMBRE . | B7: INSTITUTO COLOMBIANO DE BIENESTAR FAMILIAR
A9: CAPÍTULO | B9: =+'CORTE No. 2'!C55 -> PISOS Y COCINA
A10: ITEM No. | B10: UNIDAD | C10: DESCRIPCIÓN | M10: ZONA O ÁREA DE UBICACIÓN | AB10: CORTE No. | AJ10: FECHA
A11: =+'CORTE No. 2'!B60 -> 1.3 | B11: =+'CORTE No. 2'!F60 -> M3 | C11: =+'CORTE No. 2'!C60:E60 -> RETIRO DE ESCOMBROS, INCLUYE CARGUE Y RETIRO A SITIO AUTORIZADO | M11: GENERAL | AB11: 2
A13: ÁREA O LUGAR ESPECIFICO | C13: DIMENSIONES | G13: MEDIDA TOTAL | H13: PLANO O REGISTRO GRÁFICO O ESQUEMA
C14: LARGO | D14: ANCHO | E14: ALTO | F14: CANT.
A15: RETIRO DE ESCOMBROS DE DEMOLICIÓN | F15: 7 | G15: =+F15 -> 7
G44: =SUM(G15:G24) -> 7
A46: OBSERVACIONES
A47: N.A
C50: QUIEN ENTREGA | M50: QUIEN RECIBE:
C54: ING.HECTOR PARDO | H54: ARQ. JOHNY ALEXANDER HERNANDEZ
C55: RESIDENTE DE OBRA

Sheet PISOS Y COCINA 2.1
A1: CONSORCIO JHS - CONSTRUCCIONES AL DIA | C1: MEMORIAS DE CANTIDADES DE OBRA
A3: INFORMACIÓN GENERAL DEL CONTRATO
A4: CONTRATISTA DE OBRA: | B4: CONSORCIO JHS - CONSTRUCCIONES AL DIA | H4: N° CONTRATO DE OBRA | P4: CO1_PCCNTR_5116115 | X4: DE | AA4: 2023 | AF4: pag. | AM4: de
A5: OBJETO: | B5: REALIZAR ADECUACIONES, REPARACIONES Y MEJORAS A LA PLANTA FISICA DEL INMUEBLE UBICADO EN LA DIRECCIÓN KR 30 NO. 12 - 35
A7: NOMBRE . | B7: INSTITUTO COLOMBIANO DE BIENESTAR FAMILIAR
A9: CAPÍTULO | B9: =+'CORTE No. 2'!C55 -> PISOS Y COCINA
A10: ITEM No. | B10: UNIDAD | C10: DESCRIPCIÓN | M10: ZONA O ÁREA DE UBICACIÓN | AB10: CORTE No. | AJ10: FECHA
A11: =+'CORTE No. 2'!B63 -> 2.1 | B11: =+'CORTE No. 2'!F63 -> M2 | C11: =+'CORTE No. 2'!C63:E63 -> SUMINISTRO E INSTALACION DE ENCHAPE CERAMICO PARA MUROS 25X43 CM COLOR A ELECCION ACABADO BRILLANTE INCLUYE PREGANTE CERAMICO, EMBOQUILLADO, HERRAMIENTAS Y EQUIPOS NECESARIOS PARA SU CORRECTA INSTALACION. | M11: GENERAL | AB11: 2
A13: ÁREA O LUGAR ESPECIFICO | C13: DIMENSIONES | G13: MEDIDA TOTAL | H13: PLANO O REGISTRO GRÁFICO O ESQUEMA
C14: LARGO | D14: ANCHO | E14: ALTO | F14: CANT.
A15: MURO CUARTO DE INSUMOS COCINETA TERCER PISO | C15: 3.2 | E15: 2.2 | G15: =+E15*C15 -> 7.04
A16: MUROS COCINETA SEGUNDO PISO | C16: 1.54 | E16: 0.6 | G16: =+E16*C16 -> 0.924
C17: 0.6 | E17: 0.6 | G17: =+E17*C17 -> 0.36
C18: 0.72 | E18: 1.6 | G18: =+E18*C18 -> 1.152
A19: POCETA COCINETA SEGUNDO PISO | C19: 0.77 | E19: 0.47 | G19: =+E19*C19 -> 0.3619
C20: 0.77 | E20: 0.47 | G20: =+E20*C20 -> 0.3619
C21: 0.6 | E21: 0.47 | G21: =+E21*C21 -> 0.282
C22: 0.64 | E22: 0.47 | G22: =+E22*C22 -> 0.3008
AS25: 15.52
AS26: 1.94
AS27: =+AS25/AS26 -> 8
AS28: 7.76
AS29: =+AS28/AS26 -> 4
AS30: 1
AS32: =+AS27+AS29+AS30 -> 13
AS33: =+AS32*1.94 -> 25.22
G83: =SUM(G15:G24) -> 10.7826
A85: OBSERVACIONES
A86: N.A
C89: QUIEN ENTREGA | M89: QUIEN RECIBE:
C93: ING.HECTOR PARDO | H93: ARQ. JOHNY ALEXANDER HERNANDEZ
C94: RESIDENTE DE OBRA

Sheet HIDROSANITARIO 1.1
A1: CONSORCIO JHS - CONSTRUCCIONES AL DIA | C1: MEMORIAS DE CANTIDADES DE OBRA
A3: INFORMACIÓN GENERAL DEL CONTRATO
A4: CONTRATISTA DE OBRA: | B4: CONSORCIO JHS - CONSTRUCCIONES AL DIA | H4: N° CONTRATO DE OBRA | P4: CO1_PCCNTR_5116115 | X4: DE | AA4: 2023 | AF4: pag. | AM4: de
A5: OBJETO: | B5: REALIZAR ADECUACIONES, REPARACIONES Y MEJORAS A LA PLANTA FISICA DEL INMUEBLE UBICADO EN LA DIRECCIÓN KR 30 NO. 12 - 35
A7: NOMBRE . | B7: INSTITUTO COLOMBIANO DE BIENESTAR FAMILIAR
A9: CAPÍTULO | B9: =+'CORTE No. 2'!C73 -> HIDROSANITARIO
A10: ITEM No. | B10: UNIDAD | C10: DESCRIPCIÓN | M10: ZONA O ÁREA DE UBICACIÓN | AB10: CORTE No. | AJ10: FECHA
A11: =+'CORTE No. 2'!B76 -> 1.1 | B11: =+'CORTE No. 2'!F76 -> M2 | C11: =+'CORTE No. 2'!C76:E76 -> DEMOLICIONES DE ENCHAPES DE PISO Y MURO INCLUYE HERRAMIENTAS Y EQUIPOS NECESARIOS PARA SU CORRECTA INSTALACION. | M11: GENERAL | AB11: 2
A13: ÁREA O LUGAR ESPECIFICO | C13: DIMENSIONES | G13: MEDIDA TOTAL | H13: PLANO O REGISTRO GRÁFICO O ESQUEMA
C14: LARGO | D14: ANCHO | E14: ALTO | F14: CANT.
A15: BAÑO HOMBRES SEGUNDO PISO | F15: 2.34 | G15: =+F15 -> 2.34
A16: BAÑO MUJERES SEGUNDO PISO | F16: 2.1 | G16: =+F16 -> 2.1
A17: BATERIA DE BAÑOS MUJRES SEGUNDO PISO | F17: 11.66 | G17: =+F17 -> 11.66
A18: MURO BAÑO HOMBRES SEGUNDO PISO | C18: =6.52-0.71 -> 5.81 | E18: 1 | G18: =+E18*C18 -> 5.81
A19: MURO BAÑO MUJERES SEGUNDO PISO | C19: =5.8-0.8 -> 5 | E19: 1 | G19: =+E19*C19 -> 5
A20: MURO BATERIA DE BAÑOS MUJERES SEGUNDO PISO | C20: 2.66 | E20: 0.8 | G20: =+E20*C20 -> 2.128
A21: BAÑO HOMBRES FISCALIA | F21: 14.48 | G21: =+F21 -> 14.48
G49: =SUM(G15:G48) -> 43.518
A51: OBSERVACIONES
A52: N.A
C55: QUIEN ENTREGA | M55: QUIEN RECIBE:
C59: ING.HECTOR PARDO | H59: ARQ. JOHNY ALEXANDER HERNANDEZ
C60: RESIDENTE DE OBRA

Sheet HIDROSANITARIO 1.2
A1: CONSORCIO JHS - CONSTRUCCIONES AL DIA | C1: MEMORIAS DE CANTIDADES DE OBRA
A3: INFORMACIÓN GENERAL DEL CONTRATO
A4: CONTRATISTA DE OBRA: | B4: CONSORCIO JHS - CONSTRUCCIONES AL DIA | H4: N° CONTRATO DE OBRA | P4: CO1_PCCNTR_5116115 | X4: DE | AA4: 2023 | AF4: pag. | AM4: de
A5: OBJETO: | B5: REALIZAR ADECUACIONES, REPARACIONES Y MEJORAS A LA PLANTA FISICA DEL INMUEBLE UBICADO EN LA DIRECCIÓN KR 30 NO. 12 - 35
A7: NOMBRE . | B7: INSTITUTO COLOMBIANO DE BIENESTAR FAMILIAR
A9: CAPÍTULO | B9: =+'CORTE No. 2'!C73 -> HIDROSANITARIO
A10: ITEM No. | B10: UNIDAD | C10: DESCRIPCIÓN | M10: ZONA O ÁREA DE UBICACIÓN | AB10: CORTE No. | AJ10: FECHA
A11: =+'CORTE No. 2'!B77 -> 1.2 | B11: =+'CORTE No. 2'!F77 -> UN | C11: =+'CORTE No. 2'!C77:E77 -> DESMONTE DE LAVAMANOS Y SANITARIOS (INC. RETIRO DE SOBR.) INCLUYE HERRAMIENTAS Y EQUIPOS NECESARIOS PARA SU CORRECTA INSTALACION. | M11: GENERAL | AB11: 2
A13: ÁREA O LUGAR ESPECIFICO | C13: DIMENSIONES | G13: MEDIDA TOTAL | H13: PLANO O REGISTRO GRÁFICO O ESQUEMA
C14: LARGO | D14: ANCHO | E14: ALTO | F14: CANT.
A15: DESMONTE LAVAMANOS BAÑO HOMBRES FISCALIA | F15: 2 | G15: =+F15 -> 2
A16: DESMONTE SANITARIOS BAÑO HOMBRES FISCALIA | F16: 3 | G16: =+F16 -> 3
A17: DESMONTE ORINAL BAÑO HOMBRES FISCALIA | F17: 1 | G17: =+F17 -> 1
A18: DESMONTE LAVAMANOS BATERIA DE BAÑOS MUJERES SEGUNDO PISO | F18: 3 | G18: =+F18 -> 3
A19: DESMONTE SANITARIOS BATERIA DE BAÑOS MUJERES SEGUNDO PISO | F19: 3 | G19: =+F19 -> 3
A20: DESMONTE LAVAMANOS BAÑO HOMBRES SEGUNDO PISO | F20: 1 | G20: =+F20 -> 1
A21: DESMONTE SANITARIO BAÑO HOMBRES SEGUNDO PISO | F21: 1 | G21: =+F21 -> 1
A22: DESMONTE LAVAMANOS BAÑO MUJRES SEGUNDO PISO | F22: 1 | G22: =+F22 -> 1
A23: DESMONTE SANITARIO BAÑO MUJERES SEGUNDO PISO | F23: 1 | G23: =+F23 -> 1
G79: =SUM(G15:G78) -> 16
A81: OBSERVACIONES
A82: N.A
C85: QUIEN ENTREGA | M85: QUIEN RECIBE:
C89: ING.HECTOR PARDO | H89: ARQ. JOHNY ALEXANDER HERNANDEZ
C90: RESIDENTE DE OBRA

Sheet HIDROSANITARIO 1.3
A1: CONSORCIO JHS - CONSTRUCCIONES AL DIA | C1: MEMORIAS DE CANTIDADES DE OBRA
A3: INFORMACIÓN GENERAL DEL CONTRATO
A4: CONTRATISTA DE OBRA: | B4: CONSORCIO JHS - CONSTRUCCIONES AL DIA | H4: N° CONTRATO DE OBRA | P4: CO1_PCCNTR_5116115 | X4: DE | AA4: 2023 | AF4: pag. | AM4: de
A5: OBJETO: | B5: REALIZAR ADECUACIONES, REPARACIONES Y MEJORAS A LA PLANTA FISICA DEL INMUEBLE UBICADO EN LA DIRECCIÓN KR 30 NO. 12 - 35
A7: NOMBRE . | B7: INSTITUTO COLOMBIANO DE BIENESTAR FAMILIAR
A9: CAPÍTULO | B9: =+'CORTE No. 2'!C73 -> HIDROSANITARIO
A10: ITEM No. | B10: UNIDAD | C10: DESCRIPCIÓN | M10: ZONA O ÁREA DE UBICACIÓN | AB10: CORTE No. | AJ10: FECHA
A11: =+'CORTE No. 2'!B78 -> 1.3 | B11: =+'CORTE No. 2'!F78 -> M2 | C11: =+'CORTE No. 2'!C78:E78 -> DEMOLICION PAÑETES (INC. RETIRO DE SOBR.) INCLUYE EQUIPOS, HERRAMIENTAS Y TODO LOS ELEMENTOS NECESARIOS PARA SU CORRECTA EJECUCION. | M11: GENERAL | AB11: 2
A13: ÁREA O LUGAR ESPECIFICO | C13: DIMENSIONES | G13: MEDIDA TOTAL | H13: PLANO O REGISTRO GRÁFICO O ESQUEMA
C14: LARGO | D14: ANCHO | E14: ALTO | F14: CANT.
A15: DEMOLICIÓN PAÑETE CUARTO COCINETA TERCER PISO | C15: 3.2 | E15: 2.2 | G15: =+E15*C15 -> 7.04
A16: DEMOLICIÓN PAÑETE INSTALACIÓN MUEBLE COCINETA TERCER PISO | C16: 1.5 | E16: 0.9 | G16: =+E16*C16 -> 1.35
A17: DEMOLICIÓN PAÑETE CUARTO CONSERJE CUARTO PISO | C17: 1 | E17: 1.8 | G17: =+E17*C17 -> 1.8
A18: DEMOLICIÓN PAÑETE TECHOS DORMITORIO | F18: 26 | G18: =+F18 -> 26
F19: 20 | G19: 30
A20: DEMOLICIÓN PAÑETE CUARTOS FISCALIA | C20: 1 | E20: 1 | G20: =+E20*C20 -> 1
G55: =SUM(G15:G54) -> 67.19
A57: OBSERVACIONES
A58: N.A
C61: QUIEN ENTREGA | M61: QUIEN RECIBE:
C65: ING.HECTOR PARDO | H65: ARQ. JOHNY ALEXANDER HERNANDEZ
C66: RESIDENTE DE OBRA

Sheet HIDROSANITARIO 1.4
A1: CONSORCIO JHS - CONSTRUCCIONES AL DIA | C1: MEMORIAS DE CANTIDADES DE OBRA
A3: INFORMACIÓN GENERAL DEL CONTRATO
A4: CONTRATISTA DE OBRA: | B4: CONSORCIO JHS - CONSTRUCCIONES AL DIA | H4: N° CONTRATO DE OBRA | P4: CO1_PCCNTR_5116115 | X4: DE | AA4: 2023 | AF4: pag. | AM4: de
A5: OBJETO: | B5: REALIZAR ADECUACIONES, REPARACIONES Y MEJORAS A LA PLANTA FISICA DEL INMUEBLE UBICADO EN LA DIRECCIÓN KR 30 NO. 12 - 35
A7: NOMBRE . | B7: INSTITUTO COLOMBIANO DE BIENESTAR FAMILIAR
A9: CAPÍTULO | B9: =+'CORTE No. 2'!C73 -> HIDROSANITARIO
A10: ITEM No. | B10: UNIDAD | C10: DESCRIPCIÓN | M10: ZONA O ÁREA DE UBICACIÓN | AB10: CORTE No. | AJ10: FECHA
A11: =+'CORTE No. 2'!B79 -> 1.4 | B11: =+'CORTE No. 2'!F79 -> M2 | C11: =+'CORTE No. 2'!C79:E79 -> DEMOLICION CIELO RASO FALSO (INC. RETIRO DE SOBR.) INCLUYE EQUIPOS, HERRAMIENTAS Y TODO LOS ELEMENTOS NECESARIOS PARA SU CORRECTA EJECUCION. | M11: GENERAL | AB11: 2
A13: ÁREA O LUGAR ESPECIFICO | C13: DIMENSIONES | G13: MEDIDA TOTAL | H13: PLANO O REGISTRO GRÁFICO O ESQUEMA
C14: LARGO | D14: ANCHO | E14: ALTO | F14: CANT.
A15: DEMOLICIÓN TERCER PISO ARREGLO SIFON | C15: 1.1 | D15: 0.57 | G15: =+C15*D15 -> 0.627
A16: DEMOLICI´´ON SEGUNDO PISO DUCTO BAJANTE | C16: 1 | D16: 0.5 | G16: =+C16*D16 -> 0.5
A17: DEMOLICIÓN CUARTO PISO ARREGLO | C17: 0.5 | D17: 0.5 | G17: =+C17*D17 -> 0.25
A18: DEMOLICIÓN ÁREA DE INSPECCIÓN BAÑOS | C18: 0.6 | D18: 0.6 | G18: =+C18*D18 -> 0.36
M55: QUIEN RECIBE:
H59: ARQ. JOHNY ALEXANDER HERNANDEZ
A67: CANTIDAD TOTAL | G67: =SUM(G15:G66) -> 1.737
A69: OBSERVACIONES
A70: N.A
C73: QUIEN ENTREGA | M73: QUIEN RECIBE:
C77: ING.HECTOR PARDO | H77: ARQ. JOHNY ALEXANDER HERNANDEZ
C78: RESIDENTE DE OBRA

Sheet HIDROSANITARIO 1.5
A1: CONSORCIO JHS - CONSTRUCCIONES AL DIA | C1: MEMORIAS DE CANTIDADES DE OBRA
A3: INFORMACIÓN GENERAL DEL CONTRATO
A4: CONTRATISTA DE OBRA: | B4: CONSORCIO JHS - CONSTRUCCIONES AL DIA | H4: N° CONTRATO DE OBRA | P4: CO1_PCCNTR_5116115 | X4: DE | AA4: 2023 | AF4: pag. | AM4: de
A5: OBJETO: | B5: REALIZAR ADECUACIONES, REPARACIONES Y MEJORAS A LA PLANTA FISICA DEL INMUEBLE UBICADO EN LA DIRECCIÓN KR 30 NO. 12 - 35
A7: NOMBRE . | B7: INSTITUTO COLOMBIANO DE BIENESTAR FAMILIAR
A9: CAPÍTULO | B9: =+'CORTE No. 2'!C73 -> HIDROSANITARIO
A10: ITEM No. | B10: UNIDAD | C10: DESCRIPCIÓN | M10: ZONA O ÁREA DE UBICACIÓN | AB10: CORTE No. | AJ10: FECHA
A11: =+'CORTE No. 2'!B80 -> 1.5 | B11: =+'CORTE No. 2'!F80 -> M3 | C11: =+'CORTE No. 2'!C80:E80 -> RETIRO DE ESCOMBROS, INCLUYE CARGUE Y RETIRO A SITIO AUTORIZADO | M11: GENERAL | AB11: 2
A13: ÁREA O LUGAR ESPECIFICO | C13: DIMENSIONES | G13: MEDIDA TOTAL | H13: PLANO O REGISTRO GRÁFICO O ESQUEMA
C14: LARGO | D14: ANCHO | E14: ALTO | F14: CANT.
A15: RETIRO DE ESCOMBROS DE DEMOLICIÓN | F15: 3.5 | G15: =+F15 -> 3.5
G44: =SUM(G15:G43) -> 3.5
A46: OBSERVACIONES
A47: N.A
C50: QUIEN ENTREGA | M50: QUIEN RECIBE:
C54: ING.HECTOR PARDO | H54: ARQ. JOHNY ALEXANDER HERNANDEZ
C55: RESIDENTE DE OBRA

Sheet HIDROSANITARIO 2.1
A1: CONSORCIO JHS - CONSTRUCCIONES AL DIA | C1: MEMORIAS DE CANTIDADES DE OBRA
A3: INFORMACIÓN GENERAL DEL CONTRATO
A4: CONTRATISTA DE OBRA: | B4: CONSORCIO JHS - CONSTRUCCIONES AL DIA | H4: N° CONTRATO DE OBRA | P4: CO1_PCCNTR_5116115 | X4: DE | AA4: 2023 | AF4: pag. | AM4: de
A5: OBJETO: | B5: REALIZAR ADECUACIONES, REPARACIONES Y MEJORAS A LA PLANTA FISICA DEL INMUEBLE UBICADO EN LA DIRECCIÓN KR 30 NO. 12 - 35
A7: NOMBRE . | B7: INSTITUTO COLOMBIANO DE BIENESTAR FAMILIAR
A9: CAPÍTULO | B9: =+'CORTE No. 2'!C73 -> HIDROSANITARIO
A10: ITEM No. | B10: UNIDAD | C10: DESCRIPCIÓN | M10: ZONA O ÁREA DE UBICACIÓN | AB10: CORTE No. | AJ10: FECHA
A11: =+'CORTE No. 2'!B83 -> 2.1 | B11: =+'CORTE No. 2'!F83 -> M2 | C11: =+'CORTE No. 2'!C83:E83 -> CIELO FALSO EN LAMINA DE DRYWALL 12 MM TERMINADO. INCLUYE HERRAMIENTAS Y EQUIPOS NECESARIOS PARA SU CORRECTA INSTALACION. | M11: GENERAL | AB11: 2
A13: ÁREA O LUGAR ESPECIFICO | C13: DIMENSIONES | G13: MEDIDA TOTAL | H13: PLANO O REGISTRO GRÁFICO O ESQUEMA
C14: LARGO | D14: ANCHO | E14: ALTO | F14: CANT.
A15: CIELO FALSO BAÑO ACCESO FISCALIA | C15: 1.6 | D15: 0.94 | G15: =+C15*D15 -> 1.504
G44: =SUM(G15:G43) -> 1.504
A46: OBSERVACIONES
A47: N.A
C50: QUIEN ENTREGA | M50: QUIEN RECIBE:
C54: ING.HECTOR PARDO | H54: ARQ. JOHNY ALEXANDER HERNANDEZ
C55: RESIDENTE DE OBRA

Sheet HIDROSANITARIO 2.2
A1: CONSORCIO JHS - CONSTRUCCIONES AL DIA | C1: MEMORIAS DE CANTIDADES DE OBRA
A3: INFORMACIÓN GENERAL DEL CONTRATO
A4: CONTRATISTA DE OBRA: | B4: CONSORCIO JHS - CONSTRUCCIONES AL DIA | H4: N° CONTRATO DE OBRA | P4: CO1_PCCNTR_5116115 | X4: DE | AA4: 2023 | AF4: pag. | AM4: de
A5: OBJETO: | B5: REALIZAR ADECUACIONES, REPARACIONES Y MEJORAS A LA PLANTA FISICA DEL INMUEBLE UBICADO EN LA DIRECCIÓN KR 30 NO. 12 - 35
A7: NOMBRE . | B7: INSTITUTO COLOMBIANO DE BIENESTAR FAMILIAR
A9: CAPÍTULO | B9: =+'CORTE No. 2'!C73 -> HIDROSANITARIO
A10: ITEM No. | B10: UNIDAD | C10: DESCRIPCIÓN | M10: ZONA O ÁREA DE UBICACIÓN | AB10: CORTE No. | AJ10: FECHA
A11: =+'CORTE No. 2'!B84 -> 2.2 | B11: =+'CORTE No. 2'!F84 -> M2 | C11: =+'CORTE No. 2'!C84:E84 -> SUMINISTRO E INSTALACION DE ENCHAPE CERAMICO PARA MUROS 25X43 CM COLOR A ELECCION ACABADO BRILLANTE INCLUYE PREGANTE CERAMICO, EMBOQUILLADO, HERRAMIENTAS Y EQUIPOS NECESARIOS PARA SU CORRECTA INSTALACION. | M11: GENERAL | AB11: 2
A13: ÁREA O LUGAR ESPECIFICO | C13: DIMENSIONES | G13: MEDIDA TOTAL | H13: PLANO O REGISTRO GRÁFICO O ESQUEMA
C14: LARGO | D14: ANCHO | E14: ALTO | F14: CANT.
A15: ENCHAPE BAÑO MUJERES SEGUNDO PISO | C15: =6.52-0.71 -> 5.81 | E15: 1 | G15: =+E15*C15 -> 5.81
A16: ENCHAPE BAÑO HOMBRES SEGUNDO PISO | C16: =5.8-0.8 -> 5 | E16: 1 | G16: =+E16*C16 -> 5
AR28: =+((6.52-0.71)*1)+((5.8-0.8)*1) -> 10.81
G49: =SUM(G15:G48) -> 10.81
A51: OBSERVACIONES
A52: N.A
C55: QUIEN ENTREGA | M55: QUIEN RECIBE:
C59: ING.HECTOR PARDO | H59: ARQ. JOHNY ALEXANDER HERNANDEZ
C60: RESIDENTE DE OBRA

Sheet HIDROSANITARIO 2.3
A1: CONSORCIO JHS - CONSTRUCCIONES AL DIA | C1: MEMORIAS DE CANTIDADES DE OBRA
A3: INFORMACIÓN GENERAL DEL CONTRATO
A4: CONTRATISTA DE OBRA: | B4: CONSORCIO JHS - CONSTRUCCIONES AL DIA | H4: N° CONTRATO DE OBRA | P4: CO1_PCCNTR_5116115 | X4: DE | AA4: 2023 | AF4: pag. | AM4: de
A5: OBJETO: | B5: REALIZAR ADECUACIONES, REPARACIONES Y MEJORAS A LA PLANTA FISICA DEL INMUEBLE UBICADO EN LA DIRECCIÓN KR 30 NO. 12 - 35
A7: NOMBRE . | B7: INSTITUTO COLOMBIANO DE BIENESTAR FAMILIAR
A9: CAPÍTULO | B9: =+'CORTE No. 2'!C73 -> HIDROSANITARIO
A10: ITEM No. | B10: UNIDAD | C10: DESCRIPCIÓN | M10: ZONA O ÁREA DE UBICACIÓN | AB10: CORTE No. | AJ10: FECHA
A11: =+'CORTE No. 2'!B85 -> 2.3 | B11: =+'CORTE No. 2'!F85 -> UN | C11: =+'CORTE No. 2'!C85:E85 -> SUMINISTRO E INSTALACIÓN DE COMBO SAN GIORGIO BLANCO (SANITARIO Y LAVAMANOS) O SIMILAR.INCLUYE TUBERIA Y TODOS LOS ACCESORIOS, EQUIPOS Y HERRAMIENTAS NECESARIAS PARA SU CORRECTA INSTALACION. | M11: GENERAL | AB11: 2
A13: ÁREA O LUGAR ESPECIFICO | C13: DIMENSIONES | G13: MEDIDA TOTAL | H13: PLANO O REGISTRO GRÁFICO O ESQUEMA
C14: LARGO | D14: ANCHO | E14: ALTO | F14: CANT.
A15: COMBO BAÑO MUJERES FISCALIA | F15: 4 | G15: =+F15 -> 4
A16: COMBOS BAÑO HOMBRES FISCALIA | F16: 3 | G16: =+F16 -> 3
A17: COMBO BAÑO HOMBRES SEGUNDO PISO | F17: 1 | G17: =+F17 -> 1
A18: COMBO BAÑO MUJERES SEGUNDO PISO | F18: 1 | G18: =+F18 -> 1
G71: =SUM(G15:G70) -> 9
A73: OBSERVACIONES
A74: N.A
C77: QUIEN ENTREGA | M77: QUIEN RECIBE:
C81: ING.HECTOR PARDO | H81: ARQ. JOHNY ALEXANDER HERNANDEZ
C82: RESIDENTE DE OBRA

Sheet HIDROSANITARIO 2.4
A1: CONSORCIO JHS - CONSTRUCCIONES AL DIA | C1: MEMORIAS DE CANTIDADES DE OBRA
A3: INFORMACIÓN GENERAL DEL CONTRATO
A4: CONTRATISTA DE OBRA: | B4: CONSORCIO JHS - CONSTRUCCIONES AL DIA | H4: N° CONTRATO DE OBRA | P4: CO1_PCCNTR_5116115 | X4: DE | AA4: 2023 | AF4: pag. | AM4: de
A5: OBJETO: | B5: REALIZAR ADECUACIONES, REPARACIONES Y MEJORAS A LA PLANTA FISICA DEL INMUEBLE UBICADO EN LA DIRECCIÓN KR 30 NO. 12 - 35
A7: NOMBRE . | B7: INSTITUTO COLOMBIANO DE BIENESTAR FAMILIAR
A9: CAPÍTULO | B9: =+'CORTE No. 2'!C73 -> HIDROSANITARIO
A10: ITEM No. | B10: UNIDAD | C10: DESCRIPCIÓN | M10: ZONA O ÁREA DE UBICACIÓN | AB10: CORTE No. | AJ10: FECHA
A11: =+'CORTE No. 2'!B86 -> 2.4 | B11: =+'CORTE No. 2'!F86 -> UN | C11: =+'CORTE No. 2'!C86:E86 -> SUMINISTRO E INSTALACION DE ORINAL BLANCO TIPO INSTITUCIONAL. INCLUYE TUBERIA, ACCESORIOS Y TODOS LOS ELEMENTOS NECESARIOS PARA SU CORRECTA INSTALACION. | M11: GENERAL | AB11: 2
A13: ÁREA O LUGAR ESPECIFICO | C13: DIMENSIONES | G13: MEDIDA TOTAL | H13: PLANO O REGISTRO GRÁFICO O ESQUEMA
C14: LARGO | D14: ANCHO | E14: ALTO | F14: CANT.
A15: ORINAL BAÑO HOMBRES SEGUNDO PISO | F15: 1 | G15: =+F15 -> 1
G41: =SUM(G15:G40) -> 1
A43: OBSERVACIONES
A44: N.A
C47: QUIEN ENTREGA | M47: QUIEN RECIBE:
C51: ING.HECTOR PARDO | H51: ARQ. JOHNY ALEXANDER HERNANDEZ
C52: RESIDENTE DE OBRA

Sheet HIDROSANITARIO 3.1
A1: CONSORCIO JHS - CONSTRUCCIONES AL DIA | C1: MEMORIAS DE CANTIDADES DE OBRA
A3: INFORMACIÓN GENERAL DEL CONTRATO
A4: CONTRATISTA DE OBRA: | B4: CONSORCIO JHS - CONSTRUCCIONES AL DIA | H4: N° CONTRATO DE OBRA | P4: CO1_PCCNTR_5116115 | X4: DE | AA4: 2023 | AF4: pag. | AM4: de
A5: OBJETO: | B5: REALIZAR ADECUACIONES, REPARACIONES Y MEJORAS A LA PLANTA FISICA DEL INMUEBLE UBICADO EN LA DIRECCIÓN KR 30 NO. 12 - 35
A7: NOMBRE . | B7: INSTITUTO COLOMBIANO DE BIENESTAR FAMILIAR
A9: CAPÍTULO | B9: =+'CORTE No. 2'!C73 -> HIDROSANITARIO
A10: ITEM No. | B10: UNIDAD | C10: DESCRIPCIÓN | M10: ZONA O ÁREA DE UBICACIÓN | AB10: CORTE No. | AJ10: FECHA
A11: =+'CORTE No. 2'!B89 -> 3.1 | B11: =+'CORTE No. 2'!F89 -> ML | C11: =+'CORTE No. 2'!C89:E89 -> SUMINISTRO E INSTALACION DE ACOMETIDA PVC AGUA POTABLE Ø 1" (INC. ACCESORIOS) | M11: GENERAL | AB11: 2
A13: ÁREA O LUGAR ESPECIFICO | C13: DIMENSIONES | G13: MEDIDA TOTAL | H13: PLANO O REGISTRO GRÁFICO O ESQUEMA
C14: LARGO | D14: ANCHO | E14: ALTO | F14: CANT.
A15: BAÑO FISCALIA MUJERES | C15: 7.78 | G15: =+C15 -> 7.78
A16: BAÑO FISCALIA HOMBRES | C16: 6.76 | G16: =+C16 -> 6.76
A17: CUARTO CONSERJE 4 PISO | C17: 2.1 | G17: =+C17 -> 2.1
G62: =SUM(G15:G61) -> 16.64
A64: OBSERVACIONES
A65: N.A
C68: QUIEN ENTREGA | M68: QUIEN RECIBE:
C72: ING.HECTOR PARDO | H72: ARQ. JOHNY ALEXANDER HERNANDEZ
C73: RESIDENTE DE OBRA

Sheet HIDROSANITARIO 3.2
A1: CONSORCIO JHS - CONSTRUCCIONES AL DIA | C1: MEMORIAS DE CANTIDADES DE OBRA
A3: INFORMACIÓN GENERAL DEL CONTRATO
A4: CONTRATISTA DE OBRA: | B4: CONSORCIO JHS - CONSTRUCCIONES AL DIA | H4: N° CONTRATO DE OBRA | P4: CO1_PCCNTR_5116115 | X4: DE | AA4: 2023 | AF4: pag. | AM4: de
A5: OBJETO: | B5: REALIZAR ADECUACIONES, REPARACIONES Y MEJORAS A LA PLANTA FISICA DEL INMUEBLE UBICADO EN LA DIRECCIÓN KR 30 NO. 12 - 35
A7: NOMBRE . | B7: INSTITUTO COLOMBIANO DE BIENESTAR FAMILIAR
A9: CAPÍTULO | B9: =+'CORTE No. 2'!C73 -> HIDROSANITARIO
A10: ITEM No. | B10: UNIDAD | C10: DESCRIPCIÓN | M10: ZONA O ÁREA DE UBICACIÓN | AB10: CORTE No. | AJ10: FECHA
A11: =+'CORTE No. 2'!B90 -> 3.2 | B11: =+'CORTE No. 2'!F90 -> ML | C11: =+'CORTE No. 2'!C90:E90 -> ACOMETIDA PVC DESAGUES DE 3" (INC. ACCESORIOS) | M11: GENERAL | AB11: 2
A13: ÁREA O LUGAR ESPECIFICO | C13: DIMENSIONES | G13: MEDIDA TOTAL | H13: PLANO O REGISTRO GRÁFICO O ESQUEMA
C14: LARGO | D14: ANCHO | E14: ALTO | F14: CANT.
A15: COCINETA CUARTO PISO | C15: 0.8 | G15: =+C15 -> 0.8
C16: 0.33 | G16: =+C16 -> 0.33
C17: 1.78 | G17: =+C17 -> 1.78
A18: BAÑO MUJRES FISCALIA | C18: 0.89 | G18: =+C18 -> 0.89
C19: 1.37 | G19: =+C19 -> 1.37
A20: BAÑO HOMBRES FISCALIA | C20: 0.93 | G20: =+C20 -> 0.93
C21: 1.14 | G21: =+C21 -> 1.14
A22: BAÑO HOMBRES SEGUNDO PISO | C22: 0.9 | G22: =+C22 -> 0.9
A23: BAÑO MUJRES SEGUNDO PISO | C23: 0.94 | G23: =+C23 -> 0.94
A24: BATERIA DE BAÑOS MUJRES SEGUNDO PISO | C24: 0.83 | G24: =+C24 -> 0.83
A25: COCINETA SEGUNDO PISO | C25: =0.99+0.38+0.31+1.69+0.9 -> 4.27 | G25: =+C25 -> 4.27
G108: =SUM(G15:G107) -> 14.18
A110: OBSERVACIONES
A111: N.A
C114: QUIEN ENTREGA | M114: QUIEN RECIBE:
C118: ING.HECTOR PARDO | H118: ARQ. JOHNY ALEXANDER HERNANDEZ
C119: RESIDENTE DE OBRA

Sheet HIDROSANITARIO 3.3
A1: CONSORCIO JHS - CONSTRUCCIONES AL DIA | C1: MEMORIAS DE CANTIDADES DE OBRA
A3: INFORMACIÓN GENERAL DEL CONTRATO
A4: CONTRATISTA DE OBRA: | B4: CONSORCIO JHS - CONSTRUCCIONES AL DIA | H4: N° CONTRATO DE OBRA | P4: CO1_PCCNTR_5116115 | X4: DE | AA4: 2023 | AF4: pag. | AM4: de
A5: OBJETO: | B5: REALIZAR ADECUACIONES, REPARACIONES Y MEJORAS A LA PLANTA FISICA DEL INMUEBLE UBICADO EN LA DIRECCIÓN KR 30 NO. 12 - 35
A7: NOMBRE . | B7: INSTITUTO COLOMBIANO DE BIENESTAR FAMILIAR
A9: CAPÍTULO | B9: =+'CORTE No. 2'!C73 -> HIDROSANITARIO
A10: ITEM No. | B10: UNIDAD | C10: DESCRIPCIÓN | M10: ZONA O ÁREA DE UBICACIÓN | AB10: CORTE No. | AJ10: FECHA
A11: =+'CORTE No. 2'!B91 -> 3.3 | B11: =+'CORTE No. 2'!F91 -> GL | C11: =+'CORTE No. 2'!C91:E91 -> DIAGNOSTICO (PERITAJE) HIDROSANITARIO, PARA HALLAR SOLUCIONES ESPECIFICAS DE FUGAS EN ALOJAMIENTOS USADOS PARA INTERNAMIENTO PREVENTIVO, CORRESPONDENCIA CESPA, DOS BAÑOS Y UN ARCHIVO UBICADOS EN FISCALIA. | M11: GENERAL | AB11: 2
A13: ÁREA O LUGAR ESPECIFICO | C13: DIMENSIONES | G13: MEDIDA TOTAL | H13: PLANO O REGISTRO GRÁFICO O ESQUEMA
C14: LARGO | D14: ANCHO | E14: ALTO | F14: CANT.
A15: DIAGNOSTICO PERIJATE | F15: 1 | G15: =+F15 -> 1
G49: =SUM(G15:G48) -> 1
A51: OBSERVACIONES
A52: N.A
C55: QUIEN ENTREGA | M55: QUIEN RECIBE:
C59: ING.HECTOR PARDO | H59: ARQ. JOHNY ALEXANDER HERNANDEZ
C60: RESIDENTE DE OBRA

Sheet INSTALACIONES ELÉCTRICAS 2.1
A1: CONSORCIO JHS - CONSTRUCCIONES AL DIA | C1: MEMORIAS DE CANTIDADES DE OBRA
A3: INFORMACIÓN GENERAL DEL CONTRATO
A4: CONTRATISTA DE OBRA: | B4: CONSORCIO JHS - CONSTRUCCIONES AL DIA | H4: N° CONTRATO DE OBRA | P4: CO1_PCCNTR_5116115 | X4: DE | AA4: 2023 | AF4: pag. | AM4: de
A5: OBJETO: | B5: REALIZAR ADECUACIONES, REPARACIONES Y MEJORAS A LA PLANTA FISICA DEL INMUEBLE UBICADO EN LA DIRECCIÓN KR 30 NO. 12 - 35
A7: NOMBRE . | B7: INSTITUTO COLOMBIANO DE BIENESTAR FAMILIAR
A9: CAPÍTULO | B9: =+'CORTE No. 2'!C100 -> INSTALACIONES ELÉCTRICAS
A10: ITEM No. | B10: UNIDAD | C10: DESCRIPCIÓN | M10: ZONA O ÁREA DE UBICACIÓN | AB10: CORTE No. | AJ10: FECHA
A11: =+'CORTE No. 2'!B108 -> 2.1 | B11: =+'CORTE No. 2'!F108 -> UN | C11: =+'CORTE No. 2'!C108:E108 -> SUMINISTRO, INSTALACIÓN DE SALIDA DE ILUMINACIÓN PROMEDIO 6 M DE LONGITUD, INCLUYE TUBERÍA TIPO E.M.T, INTERRUPTOR, RESANES. CONDUCTOR CALIBRE 12 AWG, THWN/THHW, HILO DE CONTINUIDAD, CAJAS GALVANIZADA Y ACCESORIOS. INCLUYE ACCESORIOS, HERRAMIENTOS, EQUIPOS Y TODOS LOS ELEMENTOS NECESARIOS PARA SU CORRECTA INSTALACION. | M11: GENERAL | AB11: 2
A13: ÁREA O LUGAR ESPECIFICO | C13: DIMENSIONES | G13: MEDIDA TOTAL | H13: PLANO O REGISTRO GRÁFICO O ESQUEMA
C14: LARGO | D14: ANCHO | E14: ALTO | F14: CANT.
A15: SALIDA ILUMINACIÓN ARCHIVO SEGUNDO PISO | F15: 6 | G15: =+F15 -> 6
A16: SALIDA DE ILUMINACIÓN ARCHIVO FISCALIA | F16: 1 | G16: =+F16 -> 1
A17: SALIDA DE ILUMINACIÓN CUARTO FISCALIA | F17: 1 | G17: =+F17 -> 1
G56: =SUM(G15:G55) -> 8
A58: OBSERVACIONES
A59: N.A
C62: QUIEN ENTREGA | M62: QUIEN RECIBE:
C66: ING.HECTOR PARDO | H66: ARQ. JOHNY ALEXANDER HERNANDEZ
C67: RESIDENTE DE OBRA

Sheet INSTALACIONES ELÉCTRICAS 2.3
A1: CONSORCIO JHS - CONSTRUCCIONES AL DIA | C1: MEMORIAS DE CANTIDADES DE OBRA
A3: INFORMACIÓN GENERAL DEL CONTRATO
A4: CONTRATISTA DE OBRA: | B4: CONSORCIO JHS - CONSTRUCCIONES AL DIA | H4: N° CONTRATO DE OBRA | P4: CO1_PCCNTR_5116115 | X4: DE | AA4: 2023 | AF4: pag. | AM4: de
A5: OBJETO: | B5: REALIZAR ADECUACIONES, REPARACIONES Y MEJORAS A LA PLANTA FISICA DEL INMUEBLE UBICADO EN LA DIRECCIÓN KR 30 NO. 12 - 35
A7: NOMBRE . | B7: INSTITUTO COLOMBIANO DE BIENESTAR FAMILIAR
A9: CAPÍTULO | B9: =+'CORTE No. 2'!C100 -> INSTALACIONES ELÉCTRICAS
A10: ITEM No. | B10: UNIDAD | C10: DESCRIPCIÓN | M10: ZONA O ÁREA DE UBICACIÓN | AB10: CORTE No. | AJ10: FECHA
A11: =+'CORTE No. 2'!B110 -> 2.3 | B11: =+'CORTE No. 2'!F110 -> UN | C11: =+'CORTE No. 2'!C110:E110 -> SUMINISTRO E INSTALACIÓN PANEL TIPO LED 60X60 CM DE 48W, 120 VOLTIOS INCLUYE ACCESORIOS, HERRAMIENTAS Y EQUIPOS NECESARIOS PARA SU CORRECTA INSTALACION. | M11: GENERAL | AB11: 2
A13: ÁREA O LUGAR ESPECIFICO | C13: DIMENSIONES | G13: MEDIDA TOTAL | H13: PLANO O REGISTRO GRÁFICO O ESQUEMA
C14: LARGO | D14: ANCHO | E14: ALTO | F14: CANT.
A15: PANEL CUARTO DE VIGILANCIA | F15: 1 | G15: =+F15 -> 1
A16: PANEL LED PASILLO CESPA SEGUNDO PISO | F16: 3 | G16: =+F16 -> 3
A17: PANEL LED ARCHIVO FISCALIA | F17: 1 | G17: =+F17 -> 1
A18: OFICINA SEGUNDO PISO | F18: 1 | G18: =+F18 -> 1
A19: PANEL LED ACCESO EDIFICIO | F19: 2 | G19: =+F19 -> 2
A20: PANEL LED BAJO ESCALERA PRINCIPAL | F20: 1 | G20: =+F20 -> 1
G60: =SUM(G15:G59) -> 9
A62: OBSERVACIONES
A63: N.A
C66: QUIEN ENTREGA | M66: QUIEN RECIBE:
C70: ING.HECTOR PARDO | H70: ARQ. JOHNY ALEXANDER HERNANDEZ
C71: RESIDENTE DE OBRA

Sheet CARPINTERIA METALICA 1.1
A1: CONSORCIO JHS - CONSTRUCCIONES AL DIA | C1: MEMORIAS DE CANTIDADES DE OBRA
A3: INFORMACIÓN GENERAL DEL CONTRATO
A4: CONTRATISTA DE OBRA: | B4: CONSORCIO JHS - CONSTRUCCIONES AL DIA | H4: N° CONTRATO DE OBRA | P4: CO1_PCCNTR_5116115 | X4: DE | AA4: 2023 | AF4: pag. | AM4: de
A5: OBJETO: | B5: REALIZAR ADECUACIONES, REPARACIONES Y MEJORAS A LA PLANTA FISICA DEL INMUEBLE UBICADO EN LA DIRECCIÓN KR 30 NO. 12 - 35
A7: NOMBRE . | B7: INSTITUTO COLOMBIANO DE BIENESTAR FAMILIAR
A9: CAPÍTULO | B9: =+'CORTE No. 2'!C121 -> CARPINTERÍA METÁLICA
A10: ITEM No. | B10: UNIDAD | C10: DESCRIPCIÓN | M10: ZONA O ÁREA DE UBICACIÓN | AB10: CORTE No. | AJ10: FECHA
A11: =+'CORTE No. 2'!B124 -> 1.1 | B11: =+'CORTE No. 2'!F124 -> UN | C11: =+'CORTE No. 2'!C124:E124 -> DESMONTE DE PUERTA DE DOS HOJAS INCLUYE HERRAMIENTAS Y EQUIPOS NECESARIOS PARA SU CORRECTA INSTALACION. | M11: GENERAL | AB11: 2
A13: ÁREA O LUGAR ESPECIFICO | C13: DIMENSIONES | G13: MEDIDA TOTAL | H13: PLANO O REGISTRO GRÁFICO O ESQUEMA
C14: LARGO | D14: ANCHO | E14: ALTO | F14: CANT.
A15: DESMONTE PUERTA FISCALIA BAÑO MUJERES | F15: 1 | G15: =+F15 -> 1
A16: DESMONTE PUERTA FISCALIA BAÑO HOMBRES | F16: 1 | G16: =+F16 -> 1
A17: DESMONTE PUERTA CUARTO CONSERJE | F17: 1 | G17: =+F17 -> 1
A18: DESMONTE PUERTA COCINETA CUARTO PISO | F18: 1 | G18: =+F18 -> 1
A19: DESMONTE PUERTA COCINETA TERCER PISO | F19: 2 | G19: =+F19 -> 2
A20: DESMONTE PUERTA COCINETA SEGUNDO PISO | F20: 1 | G20: =+F20 -> 1
A21: DESMONTE PUERTA BATERIA DE BAÑOS SEGUNDO PISO | F21: 1 | G21: =+F21 -> 1
A22: DESMONTE PUERTA BAÑO HOMBRES SEGUNDO PISO | F22: 1 | G22: =+F22 -> 1
A23: DESMONTE PUERTA BAÑO MUJERES SEGUNDO PISO | F23: 1 | G23: =+F23 -> 1
G59: =SUM(G15:G58) -> 10
A61: OBSERVACIONES
A62: N.A
C65: QUIEN ENTREGA | M65: QUIEN RECIBE:
C69: ING.HECTOR PARDO | H69: ARQ. JOHNY ALEXANDER HERNANDEZ
C70: RESIDENTE DE OBRA

Sheet CARPINTERIA METALICA 1.2
A1: CONSORCIO JHS - CONSTRUCCIONES AL DIA | C1: MEMORIAS DE CANTIDADES DE OBRA
A3: INFORMACIÓN GENERAL DEL CONTRATO
A4: CONTRATISTA DE OBRA: | B4: CONSORCIO JHS - CONSTRUCCIONES AL DIA | H4: N° CONTRATO DE OBRA | P4: CO1_PCCNTR_5116115 | X4: DE | AA4: 2023 | AF4: pag. | AM4: de
A5: OBJETO: | B5: REALIZAR ADECUACIONES, REPARACIONES Y MEJORAS A LA PLANTA FISICA DEL INMUEBLE UBICADO EN LA DIRECCIÓN KR 30 NO. 12 - 35
A7: NOMBRE . | B7: INSTITUTO COLOMBIANO DE BIENESTAR FAMILIAR
A9: CAPÍTULO | B9: =+'CORTE No. 2'!C121 -> CARPINTERÍA METÁLICA
A10: ITEM No. | B10: UNIDAD | C10: DESCRIPCIÓN | M10: ZONA O ÁREA DE UBICACIÓN | AB10: CORTE No. | AJ10: FECHA
A11: =+'CORTE No. 2'!B125 -> 1.2 | B11: =+'CORTE No. 2'!F125 -> M3 | C11: =+'CORTE No. 2'!C125:E125 -> RETIRO DE ESCOMBROS, INCLUYE CARGUE Y RETIRO A SITIO AUTORIZADO | M11: GENERAL | AB11: 2
A13: ÁREA O LUGAR ESPECIFICO | C13: DIMENSIONES | G13: MEDIDA TOTAL | H13: PLANO O REGISTRO GRÁFICO O ESQUEMA
C14: LARGO | D14: ANCHO | E14: ALTO | F14: CANT.
A15: RETIRO DE ESCOMBROS DE DEMOLICIÓN | F15: 3.5 | G15: =+F15 -> 3.5
G44: =SUM(G15:G43) -> 3.5
A46: OBSERVACIONES
A47: N.A
C50: QUIEN ENTREGA | M50: QUIEN RECIBE:
C54: ING.HECTOR PARDO | H54: ARQ. JOHNY ALEXANDER HERNANDEZ
C55: RESIDENTE DE OBRA

Sheet CARPINTERIA METALICA 3.1
A1: CONSORCIO JHS - CONSTRUCCIONES AL DIA | C1: MEMORIAS DE CANTIDADES DE OBRA
A3: INFORMACIÓN GENERAL DEL CONTRATO
A4: CONTRATISTA DE OBRA: | B4: CONSORCIO JHS - CONSTRUCCIONES AL DIA | H4: N° CONTRATO DE OBRA | P4: CO1_PCCNTR_5116115 | X4: DE | AA4: 2023 | AF4: pag. | AM4: de
A5: OBJETO: | B5: REALIZAR ADECUACIONES, REPARACIONES Y MEJORAS A LA PLANTA FISICA DEL INMUEBLE UBICADO EN LA DIRECCIÓN KR 30 NO. 12 - 35
A7: NOMBRE . | B7: INSTITUTO COLOMBIANO DE BIENESTAR FAMILIAR
A9: CAPÍTULO | B9: =+'CORTE No. 2'!C121 -> CARPINTERÍA METÁLICA
A10: ITEM No. | B10: UNIDAD | C10: DESCRIPCIÓN | M10: ZONA O ÁREA DE UBICACIÓN | AB10: CORTE No. | AJ10: FECHA
A11: =+'CORTE No. 2'!B132 -> 3.1 | B11: =+'CORTE No. 2'!F132 -> M2 | C11: =+'CORTE No. 2'!C132:E132 -> SUMINISTRO E INSTALACIÓN DE MALLA LIVIANA TIPO GALLINERO NO SUPERIOR A 1 CM PARA LA VENTANERIA DE FACHADAS EXTERIORES E INTERIORES Y EN ESPACIOS DE CUBIERTA POR DONDE LOS VECTORES PUEDAN ACCEDER A LA EDIFICACIÓN (INCLUYE PERSONAL CALIFICADO, EQUIPOS Y TODA HERRAMIENTA NECESARIA PARA LA CORRECTA INSTALACIÓN). | M11: GENERAL | AB11: 2
A13: ÁREA O LUGAR ESPECIFICO | C13: DIMENSIONES | G13: MEDIDA TOTAL | H13: PLANO O REGISTRO GRÁFICO O ESQUEMA
C14: LARGO | D14: ANCHO | E14: ALTO | F14: CANT.
A15: MALLA EN ÁREA BAJO ÁREA DE VENTILACIÓN | C15: 35.2 | D15: 0.71 | F15: 2 | G15: =+(C15*D15)*F15 -> 49.984
A16: MALLA EN ÁREA DE CANALES | C16: 48.3 | D16: 0.51 | F16: 2 | G16: =+(C16*D16)*F16 -> 49.266
A17: MALLA EN CULATA ZONA NORTE | F17: 0.4 | G17: =+F17 -> 0.4
F18: 0.59 | G18: =+F18 -> 0.59
F19: 0.79 | G19: =+F19 -> 0.79
F20: 0.98 | G20: =+F20 -> 0.98
F21: 1.19 | G21: =+F21 -> 1.19
F22: 1.38 | G22: =+F22 -> 1.38
F23: 1.58 | G23: =+F23 -> 1.58
F24: 1.77 | G24: =+F24 -> 1.77
F25: 1.97 | G25: =+F25 -> 1.97
F26: 2.18 | G26: =+F26 -> 2.18
F27: 2.37 | G27: =+F27 -> 2.37
F28: 2.57 | G28: =+F28 -> 2.57
F29: 2.62 | G29: =+F29 -> 2.62
... F42: 0.12 | G42: =+F42 -> 0.12
A43: MALLA EN CULATA ZONA SUR | F43: 0.4 | G43: =+F43 -> 0.4
F44: 0.59 | G44: =+F44 -> 0.59
F45: 0.79 | G45: =+F45 -> 0.79
F46: 0.98 | G46: =+F46 -> 0.98
F47: 1.19 | G47: =+F47 -> 1.19
F48: 1.38 | G48: =+F48 -> 1.38
F49: 1.58 | G49: =+F49 -> 1.58
F50: 1.77 | G50: =+F50 -> 1.77
F51: 1.97 | G51: =+F51 -> 1.97
F52: 2.18 | G52: =+F52 -> 2.18
F53: 2.85 | G53: =+F53 -> 2.85
F54: 3.02 | G54: =+F54 -> 3.02
F55: 3.55 | G55: =+F55 -> 3.55
... F68: 0.206 | G68: =+F68 -> 0.206
G117: =SUM(G15:G116) -> 182.446
A119: OBSERVACIONES
A120: N.A
C123: QUIEN ENTREGA | M123: QUIEN RECIBE:
C127: ING.HECTOR PARDO | H127: ARQ. JOHNY ALEXANDER HERNANDEZ
C128: RESIDENTE DE OBRA

Sheet ACTIVIDADES NO PREVISTAS NP1
A1: CONSORCIO JHS - CONSTRUCCIONES AL DIA | C1: MEMORIAS DE CANTIDADES DE OBRA
A3: INFORMACIÓN GENERAL DEL CONTRATO
A4: CONTRATISTA DE OBRA: | B4: CONSORCIO JHS - CONSTRUCCIONES AL DIA | H4: N° CONTRATO DE OBRA | P4: CO1_PCCNTR_5116115 | X4: DE | AA4: 2023 | AF4: pag. | AM4: de
A5: OBJETO: | B5: REALIZAR ADECUACIONES, REPARACIONES Y MEJORAS A LA PLANTA FISICA DEL INMUEBLE UBICADO EN LA DIRECCIÓN KR 30 NO. 12 - 35
A7: NOMBRE . | B7: INSTITUTO COLOMBIANO DE BIENESTAR FAMILIAR
A9: CAPÍTULO | B9: =+'CORTE No. 2'!C141 -> ACTIVIDADES NO PREVISTAS
A10: ITEM No. | B10: UNIDAD | C10: DESCRIPCIÓN | M10: ZONA O ÁREA DE UBICACIÓN | AB10: CORTE No. | AJ10: FECHA
A11: =+'CORTE No. 2'!B143 -> NP1 | B11: =+'CORTE No. 2'!F143 -> M2 | C11: =+'CORTE No. 2'!C143:E143 -> Demolición de piso, espesor promedio 10 cm | M11: GENERAL | AB11: 2
A13: ÁREA O LUGAR ESPECIFICO | C13: DIMENSIONES | G13: MEDIDA TOTAL | H13: PLANO O REGISTRO GRÁFICO O ESQUEMA
C14: LARGO | D14: ANCHO | E14: ALTO | F14: CANT.
A15: DEMOLICIÓN DE PISO PARA TUBERIA DE 2"
A16: BAÑO HOMBRES Y MUJERES SEGUNDO PISO | C16: =0.8+0.74+0.31+0.13+0.27+0.8+0.18+0.28+0.8 -> 4.31 | D16: 0.5 | G16: =+D16*C16 -> 2.155
A17: BATERIA DE BAÑOS MUJERES SEGUNDO PISO | C17: =0.33+0.44+0.25+1.19+1.06+0.12+0.8+0.8+0.8 -> 5.79 | D17: 0.5 | G17: =+D17*C17 -> 2.895
A18: HALL Y COCINETA SEGUNDO PISO | C18: =1.7+1.62+0.8 -> 4.12 | D18: 0.5 | G18: =+D18*C18 -> 2.06
A19: BAÑOS HOMBRES Y MUJERES FISCALIA | C19: =0.39+0.22+0.8+0.8+0.8+0.8+1.68+0.28+0.84+1.2+0.4+0.55 -> 8.76 | D19: 0.5 | G19: =+D19*C19 -> 4.38
A20: COCINETA CUARTO PISO | C20: =1.08+0.8 -> 1.88 | D20: 0.5 | G20: =+D20*C20 -> 0.94
A21: DEMOLICIÓN DE PISO PARA TUBERIA DE 3"
A22: COCINETA CUARTO PISO | C22: 0.8 | D22: 0.5 | G22: =+D22*C22 -> 0.4
C23: 0.33 | D23: 0.5 | G23: =+D23*C23 -> 0.165
C24: 1.78 | D24: 0.5 | G24: =+D24*C24 -> 0.89
A25: BAÑO MUJRES FISCALIA | C25: 0.89 | D25: 0.5 | G25: =+D25*C25 -> 0.445
C26: 1.37 | D26: 0.5 | G26: =+D26*C26 -> 0.685
A27: BAÑO HOMBRES FISCALIA | C27: 0.93 | D27: 0.5 | G27: =+D27*C27 -> 0.465
C28: 1.14 | D28: 0.5 | G28: =+D28*C28 -> 0.57
A29: BAÑO HOMBRES SEGUNDO PISO | C29: 0.9 | D29: 0.5 | G29: =+D29*C29 -> 0.45
A30: BAÑO MUJRES SEGUNDO PISO | C30: 0.94 | D30: 0.5 | G30: =+D30*C30 -> 0.47
A31: BATERIA DE BAÑOS MUJRES SEGUNDO PISO | C31: 0.83 | D31: 0.5 | G31: =+D31*C31 -> 0.415
A32: COCINETA SEGUNDO PISO | C32: =0.99+0.38+0.31+1.69+0.9 -> 4.27 | D32: 0.5 | G32: =+D32*C32 -> 2.135
A33: DEMOLICIÓN DE PISO PARA TUBERIA DE 4"
A34: BAÑO HOMBRES Y MUJERES SEGUNDO PISO | C34: =2.66+0.4+0.4 -> 3.46 | D34: 0.5 | G34: =+D34*C34 -> 1.73
A35: BATERIA DE BAÑOS SEGUNDO PISO | C35: =2.21+0.43+0.03+2.43+1.2 -> 6.3 | D35: 0.5 | G35: =+D35*C35 -> 3.15
A36: BATERIA DE BAÑOS MUJERES Y HOMBRES FISCALIA | C36: =2.32+0.54+0.98+1.6+0.86+1.01+0.29+1.63+0.3+1.77+0.5+1+0.93+2.34+1.2 -> 17.27 | D36: 0.5 | G36: =+D36*C36 -> 8.635
A37: CUARTO CONSERJE | C37: =0.91+1.71+1 -> 3.62 | D37: 0.5 | G37: =+D37*C37 -> 1.81
A38: CODO REVENTILADO FISCALIA | C38: 2 | D38: 0.5 | G38: =+D38*C38 -> 1
A39: DEMOLICIÓN DE PISO PARA TUBERIA DE 1"
A40: BAÑO FISCALIA MUJERES | C40: 7.78 | D40: 0.3 | G40: =+D40*C40 -> 2.334
A41: BAÑO FISCALIA HOMBRES | C41: 6.76 | D41: 0.3 | G41: =+D41*C41 -> 2.028
A42: CUARTO CONSERJE 4 PISO | C42: 2.1 | D42: 0.3 | G42: =+D42*C42 -> 0.63
G77: =SUM(G15:G76) -> 40.837
A79: OBSERVACIONES
A80: N.A
C83: QUIEN ENTREGA | M83: QUIEN RECIBE:
C87: ING.HECTOR PARDO | H87: ARQ. JOHNY ALEXANDER HERNANDEZ
C88: RESIDENTE DE OBRA

Sheet ACTIVIDADES NO PREVISTAS NP 2
A1: CONSORCIO JHS - CONSTRUCCIONES AL DIA | C1: MEMORIAS DE CANTIDADES DE OBRA
A3: INFORMACIÓN GENERAL DEL CONTRATO
A4: CONTRATISTA DE OBRA: | B4: CONSORCIO JHS - CONSTRUCCIONES AL DIA | H4: N° CONTRATO DE OBRA | P4: CO1_PCCNTR_5116115 | X4: DE | AA4: 2023 | AF4: pag. | AM4: de
A5: OBJETO: | B5: REALIZAR ADECUACIONES, REPARACIONES Y MEJORAS A LA PLANTA FISICA DEL INMUEBLE UBICADO EN LA DIRECCIÓN KR 30 NO. 12 - 35
A7: NOMBRE . | B7: INSTITUTO COLOMBIANO DE BIENESTAR FAMILIAR
A9: CAPÍTULO | B9: =+'CORTE No. 2'!C141 -> ACTIVIDADES NO PREVISTAS
A10: ITEM No. | B10: UNIDAD | C10: DESCRIPCIÓN | M10: ZONA O ÁREA DE UBICACIÓN | AB10: CORTE No. | AJ10: FECHA
A11: =+'CORTE No. 2'!B144 -> NP2 | B11: =+'CORTE No. 2'!F144 -> M2 | C11: =+'CORTE No. 2'!C144 -> Suministro y aplicación de estuco, dos (02) manos, sobre muros y placas de entrepisos | M11: GENERAL | AB11: 2
A13: ÁREA O LUGAR ESPECIFICO | C13: DIMENSIONES | G13: MEDIDA TOTAL | H13: PLANO O REGISTRO GRÁFICO O ESQUEMA
C14: LARGO | D14: ANCHO | E14: ALTO | F14: CANT.
A15: ESTUCO EN TECHO DE PUNTO FIJO DE ESCALERAS | F15: 3.79 | G15: =+F15 -> 3.79
F16: 2.79 | G16: =+F16 -> 2.79
F17: 11.05 | G17: =+F17 -> 11.05
F18: 2.6 | G18: =+F18 -> 2.6
F19: 10.79 | G19: =+F19 -> 10.79
F20: 4.29 | G20: =+F20 -> 4.29
F21: 11.7 | G21: =+F21 -> 11.7
C22: 14.05 | E22: 0.65 | G22: =+C22*E22 -> 9.1325
C23: 22.37 | E23: 0.3 | G23: =+C23*E23 -> 6.711
A24: ÁREA DE BARANDA | F24: 39.63 | G24: =+F24 -> 39.63
F25: 33.76 | G25: =+F25 -> 33.76
F26: 4.4 | G26: =+F26 -> 4.4
A27: TECHO DORMITORIO IPSICOL | F27: 26 | G27: =+F27 -> 26
A28: MUROS ARCHIVO FISCALIA | C28: 9.84 | E28: 2.4 | G28: =+E28*C28 -> 23.616
A29: MUROS CUARTO FISCALIA | C29: 6.5 | E29: 2.4 | G29: =+E29*C29 -> 15.6
A30: MUROS CUARTO CONSERJE | C30: 5.9 | E30: 2.4 | G30: =+E30*C30 -> 14.16
G76: =SUM(G15:G75) -> 220.0195
A78: OBSERVACIONES
A79: N.A
C82: QUIEN ENTREGA | M82: QUIEN RECIBE:
C86: ING.HECTOR PARDO | H86: ARQ. JOHNY ALEXANDER HERNANDEZ
C87: RESIDENTE DE OBRA

Sheet ACTIVIDADES NO PREVISTAS NP 3
A1: CONSORCIO JHS - CONSTRUCCIONES AL DIA | C1: MEMORIAS DE CANTIDADES DE OBRA
A3: INFORMACIÓN GENERAL DEL CONTRATO
A4: CONTRATISTA DE OBRA: | B4: CONSORCIO JHS - CONSTRUCCIONES AL DIA | H4: N° CONTRATO DE OBRA | P4: CO1_PCCNTR_5116115 | X4: DE | AA4: 2023 | AF4: pag. | AM4: de
A5: OBJETO: | B5: REALIZAR ADECUACIONES, REPARACIONES Y MEJORAS A LA PLANTA FISICA DEL INMUEBLE UBICADO EN LA DIRECCIÓN KR 30 NO. 12 - 35
A7: NOMBRE . | B7: INSTITUTO COLOMBIANO DE BIENESTAR FAMILIAR
A9: CAPÍTULO | B9: =+'CORTE No. 2'!C141 -> ACTIVIDADES NO PREVISTAS
A10: ITEM No. | B10: UNIDAD | C10: DESCRIPCIÓN | M10: ZONA O ÁREA DE UBICACIÓN | AB10: CORTE No. | AJ10: FECHA
A11: =+'CORTE No. 2'!B145 -> NP3 | B11: =+'CORTE No. 2'!F145 -> M2 | C11: =+'CORTE No. 2'!C145:E145 -> Suministro e instalación de alistado de piso mortero 1:3, espesor promedio 3 cm | M11: GENERAL | AB11: 2
A13: ÁREA O LUGAR ESPECIFICO | C13: DIMENSIONES | G13: MEDIDA TOTAL | H13: PLANO O REGISTRO GRÁFICO O ESQUEMA
C14: LARGO | D14: ANCHO | E14: ALTO | F14: CANT.
A15: PISO BAÑO MUJERES FISCALIA | F15: 18.15 | G15: =+F15 -> 18.15
A16: PISO BAÑO HOMBRES FISCALIA | F16: 14.48 | G16: =+F16 -> 14.48
A17: PISO CUARTO INSUMOS COCINETA TERCER PISO | F17: 1.1 | G17: =+F17 -> 1.1
A18: PISO POYO COCINETA TERCER PISO | F18: 1.16 | G18: =+F18 -> 1.16
A19: PISO COCINETA CUARTO PISO | C19: 2.65 | D19: 1.8 | G19: =+C19*D19 -> 4.77
A20: PISO CUARTO CONSERJE | C20: 2.15 | D20: 1.2 | G20: =+C20*D20 -> 2.58
A21: BAÑO HOMBRES SEGUNDO PISO | F21: 2.34 | G21: =+F21 -> 2.34
A22: BAÑO MUJERES SEGUNDO PISO | F22: 2.1 | G22: =+F22 -> 2.1
A23: BATERIA DE BAÑOS MUJERES SEGUNDO PISO | F23: 11.66 | G23: =+F23 -> 11.66
A24: HALL INGRESO COCINETA SEGUNDO PISO | F24: 2.89 | G24: =+F24 -> 2.89
A25: COCINETA SEGUNDO PISO | F25: 7.2 | G25: =+F25 -> 7.2
G46: =SUM(G15:G45) -> 68.43
A48: OBSERVACIONES
A49: N.A
C52: QUIEN ENTREGA | M52: QUIEN RECIBE:
C56: ING.HECTOR PARDO | H56: ARQ. JOHNY ALEXANDER HERNANDEZ
C57: RESIDENTE DE OBRA

Sheet ACTIVIDADES NO PREVISTAS NP 4
A1: CONSORCIO JHS - CONSTRUCCIONES AL DIA | C1: MEMORIAS DE CANTIDADES DE OBRA
A3: INFORMACIÓN GENERAL DEL CONTRATO
A4: CONTRATISTA DE OBRA: | B4: CONSORCIO JHS - CONSTRUCCIONES AL DIA | H4: N° CONTRATO DE OBRA | P4: CO1_PCCNTR_5116115 | X4: DE | AA4: 2023 | AF4: pag. | AM4: de
A5: OBJETO: | B5: REALIZAR ADECUACIONES, REPARACIONES Y MEJORAS A LA PLANTA FISICA DEL INMUEBLE UBICADO EN LA DIRECCIÓN KR 30 NO. 12 - 35
A7: NOMBRE . | B7: INSTITUTO COLOMBIANO DE BIENESTAR FAMILIAR
A9: CAPÍTULO | B9: =+'CORTE No. 2'!C141 -> ACTIVIDADES NO PREVISTAS
A10: ITEM No. | B10: UNIDAD | C10: DESCRIPCIÓN | M10: ZONA O ÁREA DE UBICACIÓN | AB10: CORTE No. | AJ10: FECHA
A11: =+'CORTE No. 2'!B146 -> NP4 | B11: =+'CORTE No. 2'!F146 -> ML | C11: =+'CORTE No. 2'!C146:E146 -> Suministro e instalación de tubería sanitaria en PVC 2" (Incluye todos los accesorios para su correcta instalación) | M11: GENERAL | AB11: 2
A13: ÁREA O LUGAR ESPECIFICO | C13: DIMENSIONES | G13: MEDIDA TOTAL | H13: PLANO O REGISTRO GRÁFICO O ESQUEMA
C14: LARGO | D14: ANCHO | E14: ALTO | F14: CANT.
A15: BAÑO HOMBRES Y MUJERES SEGUNDO PISO | C15: =0.8+0.74+0.31+0.13+0.27+0.8+0.18+0.28+0.8 -> 4.31 | G15: =+C15 -> 4.31
A16: BATERIA DE BAÑOS MUJERES SEGUNDO PISO | C16: =0.33+0.44+0.25+1.19+1.06+0.12+0.8+0.8+0.8 -> 5.79 | G16: =+C16 -> 5.79
A17: HALL Y COCINETA SEGUNDO PISO | C17: =1.7+1.62+0.8 -> 4.12 | G17: =+C17 -> 4.12
A18: BAÑOS HOMBRES Y MUJERES FISCALIA | C18: =0.39+0.22+0.8+0.8+0.8+0.8+1.68+0.28+0.84+1.2+0.4+0.55 -> 8.76 | G18: =+C18 -> 8.76
A19: COCINETA CUARTO PISO | C19: =1.08+0.8 -> 1.88 | G19: =+C19 -> 1.88
G77: =SUM(G15:G76) -> 24.86
A79: OBSERVACIONES
A80: N.A
C83: QUIEN ENTREGA | M83: QUIEN RECIBE:
C87: ING.HECTOR PARDO | H87: ARQ. JOHNY ALEXANDER HERNANDEZ
C88: RESIDENTE DE OBRA

Sheet ACTIVIDADES NO PREVISTAS NP 5
A1: CONSORCIO JHS - CONSTRUCCIONES AL DIA | C1: MEMORIAS DE CANTIDADES DE OBRA
A3: INFORMACIÓN GENERAL DEL CONTRATO
A4: CONTRATISTA DE OBRA: | B4: CONSORCIO JHS - CONSTRUCCIONES AL DIA | H4: N° CONTRATO DE OBRA | P4: CO1_PCCNTR_5116115 | X4: DE | AA4: 2023 | AF4: pag. | AM4: de
A5: OBJETO: | B5: REALIZAR ADECUACIONES, REPARACIONES Y MEJORAS A LA PLANTA FISICA DEL INMUEBLE UBICADO EN LA DIRECCIÓN KR 30 NO. 12 - 35
A7: NOMBRE . | B7: INSTITUTO COLOMBIANO DE BIENESTAR FAMILIAR
A9: CAPÍTULO | B9: =+'CORTE No. 2'!C141 -> ACTIVIDADES NO PREVISTAS
A10: ITEM No. | B10: UNIDAD | C10: DESCRIPCIÓN | M10: ZONA O ÁREA DE UBICACIÓN | AB10: CORTE No. | AJ10: FECHA
A11: =+'CORTE No. 2'!B147 -> NP5 | B11: =+'CORTE No. 2'!F147 -> ML | C11: =+'CORTE No. 2'!C147 -> Suministro e instalación de tubería sanitaria en PVC 4" (Incluye todos los accesorios para su correcta instalación) | M11: GENERAL | AB11: 2
A13: ÁREA O LUGAR ESPECIFICO | C13: DIMENSIONES | G13: MEDIDA TOTAL | H13: PLANO O REGISTRO GRÁFICO O ESQUEMA
C14: LARGO | D14: ANCHO | E14: ALTO | F14: CANT.
A15: BAÑO HOMBRES Y MUJERES SEGUNDO PISO | C15: =2.66+0.4+0.4 -> 3.46 | G15: =+C15 -> 3.46
A16: BATERIA DE BAÑOS SEGUNDO PISO | C16: =2.21+0.43+0.03+2.43+1.2 -> 6.3 | G16: =+C16 -> 6.3
A17: BATERIA DE BAÑOS MUJERES Y HOMBRES FISCALIA | C17: =2.32+0.54+0.98+1.6+0.86+1.01+0.29+1.63+0.3+1.77+0.5+1+0.93+2.34+1.2 -> 17.27 | G17: =+C17 -> 17.27
A18: CUARTO CONSERJE | C18: =0.91+1.71+1 -> 3.62 | G18: =+C18 -> 3.62
A19: CODO REVENTILADO FISCALIA | C19: 2 | G19: =+C19 -> 2
A20: DESAGUE SIFON COCINETA CUARTO PISO HACIA BAJANTE CAJA AGUAS NEGRAS | C20: 4.2 | G20: =+C20 -> 4.2
G72: =SUM(G15:G71) -> 36.85
A74: OBSERVACIONES
A75: N.A
C78: QUIEN ENTREGA | M78: QUIEN RECIBE:
C82: ING.HECTOR PARDO | H82: ARQ. JOHNY ALEXANDER HERNANDEZ
C83: RESIDENTE DE OBRA

Sheet ACTIVIDADES NO PREVISTAS NP7
A1: CONSORCIO JHS - CONSTRUCCIONES AL DIA | C1: MEMORIAS DE CANTIDADES DE OBRA
A3: INFORMACIÓN GENERAL DEL CONTRATO
A4: CONTRATISTA DE OBRA: | B4: CONSORCIO JHS - CONSTRUCCIONES AL DIA | H4: N° CONTRATO DE OBRA | P4: CO1_PCCNTR_5116115 | X4: DE | AA4: 2023 | AF4: pag. | AM4: de
A5: OBJETO: | B5: REALIZAR ADECUACIONES, REPARACIONES Y MEJORAS A LA PLANTA FISICA DEL INMUEBLE UBICADO EN LA DIRECCIÓN KR 30 NO. 12 - 35
A7: NOMBRE . | B7: INSTITUTO COLOMBIANO DE BIENESTAR FAMILIAR
A9: CAPÍTULO | B9: =+'CORTE No. 2'!C141 -> ACTIVIDADES NO PREVISTAS
A10: ITEM No. | B10: UNIDAD | C10: DESCRIPCIÓN | M10: ZONA O ÁREA DE UBICACIÓN | AB10: CORTE No. | AJ10: FECHA
A11: =+'CORTE No. 2'!B149 -> NP7 | B11: =+'CORTE No. 2'!F149 -> UND | C11: =+'CORTE No. 2'!C149 -> Suministro e instalación de Panel led 24 w | M11: GENERAL | AB11: 2
A13: ÁREA O LUGAR ESPECIFICO | C13: DIMENSIONES | G13: MEDIDA TOTAL | H13: PLANO O REGISTRO GRÁFICO O ESQUEMA
C14: LARGO | D14: ANCHO | E14: ALTO | F14: CANT.
A15: PANEL LED COCINETA SEGUNDO PISO | F15: 1 | G15: =+F15 -> 1
A16: PANEL LED BATERIA DE BAÑO SEGUNDO PISO | F16: 1 | G16: =+F16 -> 1
A17: PANEL LED BAÑO MUJERES SEGUNDO PISO | F17: 1 | G17: =+F17 -> 1
A18: PANEL LED BAÑO HOMBRES SEGUNDO PISO | F18: 1 | G18: =+F18 -> 1
A19: PANEL LED CUARTO DE VIGILANCIA | F19: 1 | G19: =+F19 -> 1
A20: PANEL LED CUARTO FISCALIA | F20: 1 | G20: =+F20 -> 1
A21: PANEL LED HALL TERCER PISO | F21: 2 | G21: =+F21 -> 2
G83: =SUM(G15:G82) -> 8
A85: OBSERVACIONES
A86: N.A
C89: QUIEN ENTREGA | M89: QUIEN RECIBE:
C93: ING.HECTOR PARDO | H93: ARQ. JOHNY ALEXANDER HERNANDEZ
C94: RESIDENTE DE OBRA

Sheet ACTIVIDADES NO PREVISTAS NP9
A1: CONSORCIO JHS - CONSTRUCCIONES AL DIA | C1: MEMORIAS DE CANTIDADES DE OBRA
A3: INFORMACIÓN GENERAL DEL CONTRATO
A4: CONTRATISTA DE OBRA: | B4: CONSORCIO JHS - CONSTRUCCIONES AL DIA | H4: N° CONTRATO DE OBRA | P4: CO1_PCCNTR_5116115 | X4: DE | AA4: 2023 | AF4: pag. | AM4: de
A5: OBJETO: | B5: REALIZAR ADECUACIONES, REPARACIONES Y MEJORAS A LA PLANTA FISICA DEL INMUEBLE UBICADO EN LA DIRECCIÓN KR 30 NO. 12 - 35
A7: NOMBRE . | B7: INSTITUTO COLOMBIANO DE BIENESTAR FAMILIAR
A9: CAPÍTULO | B9: =+'CORTE No. 2'!C141 -> ACTIVIDADES NO PREVISTAS
A10: ITEM No. | B10: UNIDAD | C10: DESCRIPCIÓN | M10: ZONA O ÁREA DE UBICACIÓN | AB10: CORTE No. | AJ10: FECHA
A11: =+'CORTE No. 2'!B151 -> NP9 | B11: =+'CORTE No. 2'!F151 -> UND | C11: =+'CORTE No. 2'!C151 -> Suministro e instalación de punto hidraulico en 1/2" para entrada o salida de agua | M11: GENERAL | AB11: 2
A13: ÁREA O LUGAR ESPECIFICO | C13: DIMENSIONES | G13: MEDIDA TOTAL | H13: PLANO O REGISTRO GRÁFICO O ESQUEMA
C14: LARGO | D14: ANCHO | E14: ALTO | F14: CANT.
A15: PUNTOS HIDRAULICOS SEGUNDO PISO | F15: 16 | G15: =+F15 -> 16
A16: PUNTOS HIDRAULICOS BAÑOS FISCALIA | F16: 15 | G16: =+F16 -> 15
A17: PUNTO HIDRAULICO CUARTO CONSERJE | F17: 1 | G17: =+F17 -> 1
A18: PUNTO HIDRAULICO COCINETA CUARTO PISO | F18: 2 | G18: =+F18 -> 2
A19: PUNTO HIDRAULICO COCINETA SEGUNDO PISO | F19: 2 | G19: =+F19 -> 2
A20: PUNTO HIDRAULICO CUARTO DE BASURAS | F20: 1 | G20: =+F20 -> 1
A21: PUNTO HIDRAULICO TERRAZA TERCER PISO | F21: 1 | G21: =+F21 -> 1
A22: PUNTO HIDRAULICO COCINETA TERCER PISO | F22: 2 | G22: =+F22 -> 2
A23: PUNTO HIDRAULICO ACCESO ICBF | F23: 2 | G23: =+F23 -> 2
G137: =SUM(G15:G136) -> 42
A139: OBSERVACIONES
A140: N.A
C143: QUIEN ENTREGA | M143: QUIEN RECIBE:
C147: ING.HECTOR PARDO | H147: ARQ. JOHNY ALEXANDER HERNANDEZ
C148: RESIDENTE DE OBRA

Sheet ACTIVIDADES NO PREVISTAS NP10
A1: CONSORCIO JHS - CONSTRUCCIONES AL DIA | C1: MEMORIAS DE CANTIDADES DE OBRA
A3: INFORMACIÓN GENERAL DEL CONTRATO
A4: CONTRATISTA DE OBRA: | B4: CONSORCIO JHS - CONSTRUCCIONES AL DIA | H4: N° CONTRATO DE OBRA | P4: CO1_PCCNTR_5116115 | X4: DE | AA4: 2023 | AF4: pag. | AM4: de
A5: OBJETO: | B5: REALIZAR ADECUACIONES, REPARACIONES Y MEJORAS A LA PLANTA FISICA DEL INMUEBLE UBICADO EN LA DIRECCIÓN KR 30 NO. 12 - 35
A7: NOMBRE . | B7: INSTITUTO COLOMBIANO DE BIENESTAR FAMILIAR
A9: CAPÍTULO | B9: =+'CORTE No. 2'!C141 -> ACTIVIDADES NO PREVISTAS
A10: ITEM No. | B10: UNIDAD | C10: DESCRIPCIÓN | M10: ZONA O ÁREA DE UBICACIÓN | AB10: CORTE No. | AJ10: FECHA
A11: =+'CORTE No. 2'!B152 -> NP10 | B11: =+'CORTE No. 2'!F152 -> ML | C11: =+'CORTE No. 2'!C152 -> Suministro e instalación barra en acero inoxidable ancho 0.4 | M11: GENERAL | AB11: 2
A13: ÁREA O LUGAR ESPECIFICO | C13: DIMENSIONES | G13: MEDIDA TOTAL | H13: PLANO O REGISTRO GRÁFICO O ESQUEMA
C14: LARGO | D14: ANCHO | E14: ALTO | F14: CANT.
A15: BARRA EN ACERO INOXIDABLE | F15: 1.6 | G15: =+F15 -> 1.6
A16: COMPLEMENTO MESON | F16: 0.4 | G16: =+F16 -> 0.4
G41: =SUM(G15:G40) -> 2
A43: OBSERVACIONES
A44: N.A
C47: QUIEN ENTREGA | M47: QUIEN RECIBE:
C51: ING.HECTOR PARDO | H51: ARQ. JOHNY ALEXANDER HERNANDEZ
C52: RESIDENTE DE OBRA

Sheet ACTIVIDADES NO PREVISTAS NP11
A1: CONSORCIO JHS - CONSTRUCCIONES AL DIA | C1: MEMORIAS DE CANTIDADES DE OBRA
A3: INFORMACIÓN GENERAL DEL CONTRATO
A4: CONTRATISTA DE OBRA: | B4: CONSORCIO JHS - CONSTRUCCIONES AL DIA | H4: N° CONTRATO DE OBRA | P4: CO1_PCCNTR_5116115 | X4: DE | AA4: 2023 | AF4: pag. | AM4: de
A5: OBJETO: | B5: REALIZAR ADECUACIONES, REPARACIONES Y MEJORAS A LA PLANTA FISICA DEL INMUEBLE UBICADO EN LA DIRECCIÓN KR 30 NO. 12 - 35
A7: NOMBRE . | B7: INSTITUTO COLOMBIANO DE BIENESTAR FAMILIAR
A9: CAPÍTULO | B9: =+'CORTE No. 2'!C141 -> ACTIVIDADES NO PREVISTAS
A10: ITEM No. | B10: UNIDAD | C10: DESCRIPCIÓN | M10: ZONA O ÁREA DE UBICACIÓN | AB10: CORTE No. | AJ10: FECHA
A11: =+'CORTE No. 2'!B153 -> NP 11 | B11: =+'CORTE No. 2'!F153 -> UND | C11: =+'CORTE No. 2'!C153 -> Suministro e instalación de puntos electricos (incluye todo los necesario para su correcta instalación) | M11: GENERAL | AB11: 2
A13: ÁREA O LUGAR ESPECIFICO | C13: DIMENSIONES | G13: MEDIDA TOTAL | H13: PLANO O REGISTRO GRÁFICO O ESQUEMA
C14: LARGO | D14: ANCHO | E14: ALTO | F14: CANT.
A15: PUNTO ELECTRICO COCINETA SEGUNDO PISO TOMACORRIENTE | F15: 1 | G15: =+F15 -> 1
A16: PUNTO ELECTRICO BAÑO HOMBRES SEGUNDO PISO INTERRUPTOR | F16: 1 | G16: =+F16 -> 1
A17: PUNTO ELECTRICO BAÑO MUJERES SEGUNDO PISO INTERRUPTOR | F17: 1 | G17: =+F17 -> 1
A18: PUNTO ELECTRICO COCINETA TERCER PISO | F18: 3 | G18: =+F18 -> 3
A19: PUNTO ELECTRICO COCINETA CUARTO PISO | F19: 2 | G19: =+F19 -> 2
G66: =SUM(G15:G65) -> 8
A68: OBSERVACIONES
A69: N.A
C72: QUIEN ENTREGA | M72: QUIEN RECIBE:
C76: ING.HECTOR PARDO | H76: ARQ. JOHNY ALEXANDER HERNANDEZ
C77: RESIDENTE DE OBRA

Sheet ACTIVIDADES NO PREVISTAS NP14
A1: CONSORCIO JHS - CONSTRUCCIONES AL DIA | C1: MEMORIAS DE CANTIDADES DE OBRA
A3: INFORMACIÓN GENERAL DEL CONTRATO
A4: CONTRATISTA DE OBRA: | B4: CONSORCIO JHS - CONSTRUCCIONES AL DIA | H4: N° CONTRATO DE OBRA | P4: CO1_PCCNTR_5116115 | X4: DE | AA4: 2023 | AF4: pag. | AM4: de
A5: OBJETO: | B5: REALIZAR ADECUACIONES, REPARACIONES Y MEJORAS A LA PLANTA FISICA DEL INMUEBLE UBICADO EN LA DIRECCIÓN KR 30 NO. 12 - 35
A7: NOMBRE . | B7: INSTITUTO COLOMBIANO DE BIENESTAR FAMILIAR
A9: CAPÍTULO | B9: =+'CORTE No. 2'!C141 -> ACTIVIDADES NO PREVISTAS
A10: ITEM No. | B10: UNIDAD | C10: DESCRIPCIÓN | M10: ZONA O ÁREA DE UBICACIÓN | AB10: CORTE No. | AJ10: FECHA
A11: =+'CORTE No. 2'!B156 -> NP 14 | B11: =+'CORTE No. 2'!F156 -> M2 | C11: =+'CORTE No. 2'!C156 -> Suministro e instalación de enchape para piso o pared formato a elegir (incluye todos los accesorios para su correcta instalacion) | M11: GENERAL | AB11: 2
A13: ÁREA O LUGAR ESPECIFICO | C13: DIMENSIONES | G13: MEDIDA TOTAL | H13: PLANO O REGISTRO GRÁFICO O ESQUEMA
C14: LARGO | D14: ANCHO | E14: ALTO | F14: CANT.
A15: PISO BAÑO MUJERES FISCALIA | F15: 17.8 | G15: =+F15 -> 17.8
A16: MURO BAÑO MUJERES FISCALIA | F16: 3.2 | G16: =+F16 -> 3.2
A17: MURO BAÑO MUJERES FISCALIA | F17: 1.43 | G17: =+F17 -> 1.43
A18: PISO BAÑO HOMBRES FISCALIA | F18: 14.48 | G18: =+F18 -> 14.48
A19: PISO CUARTO INSUMOS COCINETA TERCER PISO | F19: 1.1 | G19: =+F19 -> 1.1
A20: PISO POYO COCINETA TERCER PISO | F20: 1.16 | G20: =+F20 -> 1.16
A21: MURO COCINETA TERCER PISO | F21: 1 | G21: =+F21 -> 1
A22: PISO COCINETA CUARTO PISO | C22: 2.62 | D22: 1.78 | G22: =+C22*D22 -> 4.6636
A23: PISO CUARTO CONSERJE | C23: 2.15 | D23: 1.21 | G23: =+C23*D23 -> 2.6015
A24: BAÑO HOMBRES SEGUNDO PISO | F24: 2.34 | G24: =+F24 -> 2.34
A25: BAÑO MUJERES SEGUNDO PISO | F25: 2.1 | G25: =+F25 -> 2.1
A26: BATERIA DE BAÑOS MUJERES SEGUNDO PISO | F26: 10.28 | G26: =+F26 -> 10.28
A27: HALL INGRESO COCINETA SEGUNDO PISO | F27: 2.9 | G27: =+F27 -> 2.9
A28: COCINETA SEGUNDO PISO | F28: 7.3 | G28: =+F28 -> 7.3
G106: =SUM(G15:G105) -> 72.3551
A108: OBSERVACIONES
A109: N.A
C112: QUIEN ENTREGA | M112: QUIEN RECIBE:
C116: ING.HECTOR PARDO | H116: ARQ. JOHNY ALEXANDER HERNANDEZ
C117: RESIDENTE DE OBRA

Sheet ACTIVIDADES NO PREVISTAS NP15
A1: CONSORCIO JHS - CONSTRUCCIONES AL DIA | C1: MEMORIAS DE CANTIDADES DE OBRA
A3: INFORMACIÓN GENERAL DEL CONTRATO
A4: CONTRATISTA DE OBRA: | B4: CONSORCIO JHS - CONSTRUCCIONES AL DIA | H4: N° CONTRATO DE OBRA | P4: CO1_PCCNTR_5116115 | X4: DE | AA4: 2023 | AF4: pag. | AM4: de
A5: OBJETO: | B5: REALIZAR ADECUACIONES, REPARACIONES Y MEJORAS A LA PLANTA FISICA DEL INMUEBLE UBICADO EN LA DIRECCIÓN KR 30 NO. 12 - 35
A7: NOMBRE . | B7: INSTITUTO COLOMBIANO DE BIENESTAR FAMILIAR
A9: CAPÍTULO | B9: =+'CORTE No. 2'!C141 -> ACTIVIDADES NO PREVISTAS
A10: ITEM No. | B10: UNIDAD | C10: DESCRIPCIÓN | M10: ZONA O ÁREA DE UBICACIÓN | AB10: CORTE No. | AJ10: FECHA
A11: =+'CORTE No. 2'!B157 -> NP 15 | B11: =+'CORTE No. 2'!F157 -> M2 | C11: =+'CORTE No. 2'!C157 -> Mantenimiento de cubiertas y tanques expuestos a agentes contaminantes y que generan deterioro en las estructuras (incluye todo lo necesario para su correcto mantenimiento) | M11: GENERAL | AB11: 2
A13: ÁREA O LUGAR ESPECIFICO | C13: DIMENSIONES | G13: MEDIDA TOTAL | H13: PLANO O REGISTRO GRÁFICO O ESQUEMA
C14: LARGO | D14: ANCHO | E14: ALTO | F14: CANT.
A15: MANTENIMIENTO TANQUE SUBTERRANEO ANTES DE IMPERMEABILIZACIÓN | F15: 86.8 | G15: =+F15 -> 86.8
A16: MANTENIMIENTO TANQUE SUBTERRANEO DESPUES DE IMPERMEABILIZACIÓN | F16: 86.8 | G16: =+F16 -> 86.8
A17: MANTENIMIENTO DE TANQUES PARA USO DE IPSICOL | F17: 12.5 | G17: =+F17 -> 12.5
A18: MANTENIMIENTO DE CUBIERTA CUARTO PISO | C18: 35.2 | D18: 4.3 | F18: 2 | G18: =+(C18*D18)*F18 -> 302.72
G49: =SUM(G15:G48) -> 488.82
A51: OBSERVACIONES
A52: N.A
C55: QUIEN ENTREGA | M55: QUIEN RECIBE:
C59: ING.HECTOR PARDO | H59: ARQ. JOHNY ALEXANDER HERNANDEZ
C60: RESIDENTE DE OBRA

Sheet ACTIVIDADES NO PREVISTAS NP16
A1: CONSORCIO JHS - CONSTRUCCIONES AL DIA | C1: MEMORIAS DE CANTIDADES DE OBRA
A3: INFORMACIÓN GENERAL DEL CONTRATO
A4: CONTRATISTA DE OBRA: | B4: CONSORCIO JHS - CONSTRUCCIONES AL DIA | H4: N° CONTRATO DE OBRA | P4: CO1_PCCNTR_5116115 | X4: DE | AA4: 2023 | AF4: pag. | AM4: de
A5: OBJETO: | B5: REALIZAR ADECUACIONES, REPARACIONES Y MEJORAS A LA PLANTA FISICA DEL INMUEBLE UBICADO EN LA DIRECCIÓN KR 30 NO. 12 - 35
A7: NOMBRE . | B7: INSTITUTO COLOMBIANO DE BIENESTAR FAMILIAR
A9: CAPÍTULO | B9: =+'CORTE No. 2'!C141 -> ACTIVIDADES NO PREVISTAS
A10: ITEM No. | B10: UNIDAD | C10: DESCRIPCIÓN | M10: ZONA O ÁREA DE UBICACIÓN | AB10: CORTE No. | AJ10: FECHA
A11: =+'CORTE No. 2'!B158 -> NP 16 | B11: =+'CORTE No. 2'!F158 -> UND | C11: =+'CORTE No. 2'!C158 -> Trasiego de equipos a punto de acopido destinado dentro de las instalaciones del ICBF | M11: GENERAL | AB11: 2
A13: ÁREA O LUGAR ESPECIFICO | C13: DIMENSIONES | G13: MEDIDA TOTAL | H13: PLANO O REGISTRO GRÁFICO O ESQUEMA
C14: LARGO | D14: ANCHO | E14: ALTO | F14: CANT.
A15: TRASIEGO DE MOTOBOMBAS A PUNTO DESTINADO POR ICBF | F15: 3 | G15: =+F15 -> 3
A16: TARSIEGO DE HIDROFLOW A PUNTO DESTINADO POR ICBF | F16: 3 | G16: =+F16 -> 3
A17: TRASIEGO DE TANQUES A PATIO IPSICOL | F17: 2 | G17: =+F17 -> 2
A18: TRASIEGO TANQUES A LUGAR DE ORIGEN | F18: 2 | G18: =+F18 -> 2
G49: =SUM(G15:G48) -> 10
A51: OBSERVACIONES
A52: N.A
C55: QUIEN ENTREGA | M55: QUIEN RECIBE:
C59: ING.HECTOR PARDO | H59: ARQ. JOHNY ALEXANDER HERNANDEZ
C60: RESIDENTE DE OBRA

Sheet ACTIVIDADES NO PREVISTAS NP 17
A1: CONSORCIO JHS - CONSTRUCCIONES AL DIA | C1: MEMORIAS DE CANTIDADES DE OBRA
A3: INFORMACIÓN GENERAL DEL CONTRATO
A4: CONTRATISTA DE OBRA: | B4: CONSORCIO JHS - CONSTRUCCIONES AL DIA | H4: N° CONTRATO DE OBRA | P4: CO1_PCCNTR_5116115 | X4: DE | AA4: 2023 | AF4: pag. | AM4: de
A5: OBJETO: | B5: REALIZAR ADECUACIONES, REPARACIONES Y MEJORAS A LA PLANTA FISICA DEL INMUEBLE UBICADO EN LA DIRECCIÓN KR 30 NO. 12 - 35
A7: NOMBRE . | B7: INSTITUTO COLOMBIANO DE BIENESTAR FAMILIAR
A9: CAPÍTULO | B9: =+'CORTE No. 2'!C141 -> ACTIVIDADES NO PREVISTAS
A10: ITEM No. | B10: UNIDAD | C10: DESCRIPCIÓN | M10: ZONA O ÁREA DE UBICACIÓN | AB10: CORTE No. | AJ10: FECHA
A11: =+'CORTE No. 2'!B159 -> NP 17 | B11: =+'CORTE No. 2'!F159 -> M2 | C11: =+'CORTE No. 2'!C159 -> Suministro e instalación de vidrio de 4 a 5 mm, tipo a elegir según área para destinación. | M11: GENERAL | AB11: 2
A13: ÁREA O LUGAR ESPECIFICO | C13: DIMENSIONES | G13: MEDIDA TOTAL | H13: PLANO O REGISTRO GRÁFICO O ESQUEMA
C14: LARGO | D14: ANCHO | E14: ALTO | F14: CANT.
A15: VIDRIO PUERTA ÁREA DE OFICINA SEGUNDO PISO | D15: 0.56 | E15: 0.43 | G15: =+D15*E15 -> 0.2408
A16: VIDRIO PUERTA COCINETA CUARTO PISO | D16: 0.76 | E16: 0.59 | G16: =+D16*E16 -> 0.4484
A17: VIDRIO PUERTA CUARTO CONSERJE | D17: 0.56 | E17: 0.44 | G17: =+D17*E17 -> 0.2464
A18: VIDRIOS BAÑOS HOMBRE Y MUJER SEGUNDO PISO | D18: 0.8 | E18: 0.38 | F18: 2 | G18: =+(D18*E18)*F18 -> 0.608
A19: VIDRIOS ÁREA DE POLICIA | D19: 0.8 | E19: 0.85 | G19: =+D19*E19 -> 0.68
D20: 0.8 | E20: 0.74 | G20: =+D20*E20 -> 0.592
D21: 0.77 | E21: 0.22 | G21: =+D21*E21 -> 0.1694
A22: VIDRIO VENTANA TERCER PISO | D22: 0.47 | E22: 0.47 | G22: =+D22*E22 -> 0.2209
A23: VENTANA TERCER PISO OFICINAS | D23: 1.5 | E23: 2 | G23: =+D23*E23 -> 3
G59: =SUM(G15:G58) -> 6.2059
A61: OBSERVACIONES
A62: N.A
C65: QUIEN ENTREGA | M65: QUIEN RECIBE:
C69: ING.HECTOR PARDO | H69: ARQ. JOHNY ALEXANDER HERNANDEZ
C70: RESIDENTE DE OBRA

Sheet ACTIVIDADES NO PREVISTAS NP 18
A1: CONSORCIO JHS - CONSTRUCCIONES AL DIA | C1: MEMORIAS DE CANTIDADES DE OBRA
A3: INFORMACIÓN GENERAL DEL CONTRATO
A4: CONTRATISTA DE OBRA: | B4: CONSORCIO JHS - CONSTRUCCIONES AL DIA | H4: N° CONTRATO DE OBRA | P4: CO1_PCCNTR_5116115 | X4: DE | AA4: 2023 | AF4: pag. | AM4: de
A5: OBJETO: | B5: REALIZAR ADECUACIONES, REPARACIONES Y MEJORAS A LA PLANTA FISICA DEL INMUEBLE UBICADO EN LA DIRECCIÓN KR 30 NO. 12 - 35
A7: NOMBRE . | B7: INSTITUTO COLOMBIANO DE BIENESTAR FAMILIAR
A9: CAPÍTULO | B9: =+'CORTE No. 2'!C141 -> ACTIVIDADES NO PREVISTAS
A10: ITEM No. | B10: UNIDAD | C10: DESCRIPCIÓN | M10: ZONA O ÁREA DE UBICACIÓN | AB10: CORTE No. | AJ10: FECHA
A11: =+'CORTE No. 2'!B160 -> NP 18 | B11: =+'CORTE No. 2'!F160 -> GB | C11: =+'CORTE No. 2'!C160 -> Mantenimiento y reparación de sistema de bombeo de agua potable | M11: GENERAL | AB11: 2
A13: ÁREA O LUGAR ESPECIFICO | C13: DIMENSIONES | G13: MEDIDA TOTAL | H13: PLANO O REGISTRO GRÁFICO O ESQUEMA
C14: LARGO | D14: ANCHO | E14: ALTO | F14: CANT.
A15: MANTENIMIENTO SISTEMA DE BOMBEO | F15: 1 | G15: =+F15 -> 1
G49: =SUM(G15:G48) -> 1
A51: OBSERVACIONES
A52: N.A
C55: QUIEN ENTREGA | M55: QUIEN RECIBE:
C59: ING.HECTOR PARDO | H59: ARQ. JOHNY ALEXANDER HERNANDEZ
C60: RESIDENTE DE OBRA
